Workbook

Sheet 04-25
A1: FPPCA FORMAT for the month of APRIL, 2025 FY 25-26 (APEPDCL) (Annexure-1)
A2: S.No. | B2: Generating station/ Stage/Source | C2: Plant capacity (MW) | D2: Discom's share (%) | E2: Energy (MU) | H2: Cost Components (Rs.Millions) | Z2: 10
H3: Fixed (A) | K3: Variable (B) | N3: Incentive (C) | Q3: Income Tax (D) | T3: Others (E) | W3: Total F=(A+B+C+D+E)
E4: TO (a) | F4: Actual (b) | G4: Variance (c)= (b-a) | H4: TO (d) | I4: Actual (e) | J4: Variance (f)= (e-d) | K4: TO (g) | L4: Actual (h) | M4: Variance (i)= (h-g) | N4: TO (j) | O4: Actual (k) | P4: Variance (l)= (k-j) | Q4: TO (m) | R4: Actual (n) | S4: Variance (o)= (n-m) | T4: TO (p) | U4: Actual (q) | V4: Variance (r)= (q-p) | W4: TO (s) | X4: Actual (t) | Y4: Variance (u)= (t-s) | Z4: Avg as per Tariff Order | AA4: Actual
A5: 1 | B5: Dr. NTTPS | C5: 1260 | D5: 0.3622 | E5: 237.07 | F5: 232.10026 | G5: =F5-E5 -> -4.9697389 | H5: 239.375 | I5: 242.77012 | J5: =I5-H5 -> 3.3951217 | K5: 1002.8061 | L5: 990.39081 | M5: =L5-K5 -> -12.415292 | O5: 0 | P5: =O5-N5 -> 0 | R5: 0 | S5: =R5-Q5 -> 0 | U5: 0 | V5: =U5-T5 -> 0 | W5: =T5+Q5+N5+K5+H5 -> 1242.1811 | X5: =U5+R5+O5+L5+I5 -> 1233.1609 | Y5: =X5-W5 -> -9.0201704 | Z5: =IFERROR(W5/E5,0) -> 5.2397229 | AA5: =IFERROR(X5/F5,0) -> 5.3130527
A6: =A5+1 -> 2 | B6: Dr. NTTPS-IV | C6: 500 | D6: 0.3622 | E6: 100.52 | F6: 99.813497 | G6: =F6-E6 -> -0.7065028 | H6: 86.4 | I6: 87.613442 | J6: =I6-H6 -> 1.2134417 | K6: 396.0488 | L6: 399.41471 | M6: =L6-K6 -> 3.3659102 | O6: 0 | P6: =O6-N6 -> 0 | R6: 0 | S6: =R6-Q6 -> 0 | U6: 0 | V6: =U6-T6 -> 0 | W6: =T6+Q6+N6+K6+H6 -> 482.4488 | X6: =U6+R6+O6+L6+I6 -> 487.02815 | Y6: =X6-W6 -> 4.5793519 | Z6: =IFERROR(W6/E6,0) -> 4.7995304 | AA6: =IFERROR(X6/F6,0) -> 4.8793817
A7: =A6+1 -> 3 | B7: Dr. NTTPS-V | C7: 800 | D7: 0.3622 | E7: 155.36 | F7: 125.88814 | G7: =F7-E7 -> -29.471862 | H7: 324.79167 | I7: 284.99603 | J7: =I7-H7 -> -39.795641 | K7: 518.9024 | L7: 401.05823 | M7: =L7-K7 -> -117.84417 | O7: 0 | P7: =O7-N7 -> 0 | R7: 0 | S7: =R7-Q7 -> 0 | U7: 0 | V7: =U7-T7 -> 0 | W7: =T7+Q7+N7+K7+H7 -> 843.69407 | X7: =U7+R7+O7+L7+I7 -> 686.05425 | Y7: =X7-W7 -> -157.63982 | Z7: =IFERROR(W7/E7,0) -> 5.4305746 | AA7: =IFERROR(X7/F7,0) -> 5.4497132
A8: =A7+1 -> 4 | B8: Dr.M.V.R.RTPP Stage-I | C8: 420 | D8: 0.3622 | E8: 70.12 | F8: 58.475771 | G8: =F8-E8 -> -11.644229 | H8: 79.408333 | I8: 68.634755 | J8: =I8-H8 -> -10.773578 | K8: 308.528 | L8: 272.39858 | M8: =L8-K8 -> -36.129423 | O8: 0 | P8: =O8-N8 -> 0 | R8: 0 | S8: =R8-Q8 -> 0 | U8: 0 | V8: =U8-T8 -> 0 | W8: =T8+Q8+N8+K8+H8 -> 387.93633 | X8: =U8+R8+O8+L8+I8 -> 341.03333 | Y8: =X8-W8 -> -46.903001 | Z8: =IFERROR(W8/E8,0) -> 5.5324634 | AA8: =IFERROR(X8/F8,0) -> 5.8320451
A9: =A8+1 -> 5 | B9: Dr.M.V.R.RTPP Stage-II | C9: 420 | D9: 0.3622 | E9: 74.15 | F9: 76.19688 | G9: =F9-E9 -> 2.0468803 | H9: 87.775 | I9: 83.49155 | J9: =I9-H9 -> -4.28345 | K9: 326.26 | L9: 354.94909 | M9: =L9-K9 -> 28.689091 | O9: 0 | P9: =O9-N9 -> 0 | R9: 0 | S9: =R9-Q9 -> 0 | U9: 0 | V9: =U9-T9 -> 0 | W9: =T9+Q9+N9+K9+H9 -> 414.035 | X9: =U9+R9+O9+L9+I9 -> 438.44064 | Y9: =X9-W9 -> 24.405641 | Z9: =IFERROR(W9/E9,0) -> 5.5837492 | AA9: =IFERROR(X9/F9,0) -> 5.7540498
A10: =A9+1 -> 6 | B10: Dr.M.V.R.RTPP Stage-III | C10: 210 | D10: 0.3622 | E10: 39.89 | F10: 37.466656 | G10: =F10-E10 -> -2.4233436 | H10: 47.258333 | I10: 51.560836 | J10: =I10-H10 -> 4.3025025 | K10: 175.516 | L10: 174.5315 | M10: =L10-K10 -> -0.98450186 | O10: 0 | P10: =O10-N10 -> 0 | R10: 0 | S10: =R10-Q10 -> 0 | U10: 0 | V10: =U10-T10 -> 0 | W10: =T10+Q10+N10+K10+H10 -> 222.77433 | X10: =U10+R10+O10+L10+I10 -> 226.09233 | Y10: =X10-W10 -> 3.3180006 | Z10: =IFERROR(W10/E10,0) -> 5.5847163 | AA10: =IFERROR(X10/F10,0) -> 6.0344946
A11: =A10+1 -> 7 | B11: Dr.M.V.R.RTPP Stage-IV | C11: 600 | D11: 0.3622 | E11: 107.45 | F11: 105.54001 | G11: =F11-E11 -> -1.9099866 | H11: 184.25833 | I11: 211.76603 | J11: =I11-H11 -> 27.507698 | K11: 440.545 | L11: 459.55712 | M11: =L11-K11 -> 19.012125 | O11: 0 | P11: =O11-N11 -> 0 | R11: 0 | S11: =R11-Q11 -> 0 | U11: 0 | V11: =U11-T11 -> 0 | W11: =T11+Q11+N11+K11+H11 -> 624.80333 | X11: =U11+R11+O11+L11+I11 -> 671.32316 | Y11: =X11-W11 -> 46.519823 | Z11: =IFERROR(W11/E11,0) -> 5.8148286 | AA11: =IFERROR(X11/F11,0) -> 6.3608402
A12: =A11+1 -> 8 | B12: GENCO THERMAL TOTAL | C12: =SUM(C5:C11) -> 4210 | D12: 0.3622 | E12: =SUM(E5:E11) -> 784.56 | F12: =SUM(F5:F11) -> 735.48122 | G12: =SUM(G5:G11) -> -49.078783 | H12: =SUM(H5:H11) -> 1049.2667 | I12: =SUM(I5:I11) -> 1030.8328 | J12: =SUM(J5:J11) -> -18.433905 | K12: =SUM(K5:K11) -> 3168.6063 | L12: =SUM(L5:L11) -> 3052.3 | ... Y12: =SUM(Y5:Y11) -> -134.74017 | Z12: =IFERROR(W12/E12,0) -> 5.3760999 | AA12: =IFERROR(X12/F12,0) -> 5.551648
A13: =A12+1 -> 9 | B13: Srisailam RCPH | C13: 770 | D13: 0.3622 | E13: 0 | F13: 0.47476754 | G13: =F13-E13 -> 0.47476754 | H13: 70.591667 | I13: 67.496751 | J13: =I13-H13 -> -3.0949158 | K13: 0 | L13: 0 | M13: =L13-K13 -> 0 | O13: 0 | P13: =O13-N13 -> 0 | R13: 0 | S13: =R13-Q13 -> 0 | U13: 0 | V13: =U13-T13 -> 0 | W13: =T13+Q13+N13+K13+H13 -> 70.591667 | X13: =U13+R13+O13+L13+I13 -> 67.496751 | Y13: =X13-W13 -> -3.0949158 | Z13: =IFERROR(W13/E13,0) -> 0 | AA13: =IFERROR(X13/F13,0) -> 142.168
A14: =A13+1 -> 10 | B14: NSRCPH | C14: 90 | D14: 0.3622 | E14: 0 | F14: -0.014284307 | G14: =F14-E14 -> -0.014284307 | H14: 8.3 | I14: 7.9245692 | J14: =I14-H14 -> -0.37543083 | K14: 0 | L14: 0 | M14: =L14-K14 -> 0 | O14: 0 | P14: =O14-N14 -> 0 | R14: 0 | S14: =R14-Q14 -> 0 | U14: 0 | V14: =U14-T14 -> 0 | W14: =T14+Q14+N14+K14+H14 -> 8.3 | X14: =U14+R14+O14+L14+I14 -> 7.9245692 | Y14: =X14-W14 -> -0.37543083 | Z14: =IFERROR(W14/E14,0) -> 0 | AA14: =IFERROR(X14/F14,0) -> -554.77449
A15: =A14+1 -> 11 | B15: NSTPDC PH | C15: 50 | D15: 0.3622 | E15: 0.38 | F15: -0.03477265 | G15: =F15-E15 -> -0.41477265 | H15: 16.233333 | I15: 15.492734 | J15: =I15-H15 -> -0.74059917 | K15: 0 | L15: 0 | M15: =L15-K15 -> 0 | O15: 0 | P15: =O15-N15 -> 0 | R15: 0 | S15: =R15-Q15 -> 0 | U15: 0 | V15: =U15-T15 -> 0 | W15: =T15+Q15+N15+K15+H15 -> 16.233333 | X15: =U15+R15+O15+L15+I15 -> 15.492734 | Y15: =X15-W15 -> -0.74059917 | Z15: =IFERROR(W15/E15,0) -> 42.719298 | AA15: =IFERROR(X15/F15,0) -> -445.54367
A16: =A15+1 -> 12 | B16: Upper Sileru | C16: 725 | D16: 0.3622 | E16: 19.99 | F16: 19.589856 | G16: =F16-E16 -> -0.4001437 | H16: 27.856408 | I16: 26.611625 | J16: =I16-H16 -> -1.2447832 | K16: 0 | L16: 0 | M16: =L16-K16 -> 0 | O16: 0 | P16: =O16-N16 -> 0 | R16: 0 | S16: =R16-Q16 -> 0 | U16: 0 | V16: =U16-T16 -> 0 | W16: =T16+Q16+N16+K16+H16 -> 27.856408 | X16: =U16+R16+O16+L16+I16 -> 26.611625 | Y16: =X16-W16 -> -1.2447832 | Z16: =IFERROR(W16/E16,0) -> 1.3935172 | AA16: =IFERROR(X16/F16,0) -> 1.358439
A17: =A16+1 -> 13 | B17: Lower Sileru | D17: 0.3622 | E17: 38.08 | F17: 38.914919 | G17: =F17-E17 -> 0.83491943 | H17: 53.398463 | I17: 51.005615 | J17: =I17-H17 -> -2.3928477 | K17: 0 | L17: 0 | M17: =L17-K17 -> 0 | O17: 0 | P17: =O17-N17 -> 0 | R17: 0 | S17: =R17-Q17 -> 0 | U17: 0 | V17: =U17-T17 -> 0 | W17: =T17+Q17+N17+K17+H17 -> 53.398463 | X17: =U17+R17+O17+L17+I17 -> 51.005615 | Y17: =X17-W17 -> -2.3928477 | Z17: =IFERROR(W17/E17,0) -> 1.4022705 | AA17: =IFERROR(X17/F17,0) -> 1.3106956
A18: =A17+1 -> 14 | B18: Donkarayi | D18: 0.3622 | E18: 3.81 | F18: 4.8963778 | G18: =F18-E18 -> 1.0863778 | H18: 2.9034625 | I18: 2.7720443 | J18: =I18-H18 -> -0.13141822 | K18: 0 | L18: 0 | M18: =L18-K18 -> 0 | O18: 0 | P18: =O18-N18 -> 0 | R18: 0 | S18: =R18-Q18 -> 0 | U18: 0 | V18: =U18-T18 -> 0 | W18: =T18+Q18+N18+K18+H18 -> 2.9034625 | X18: =U18+R18+O18+L18+I18 -> 2.7720443 | Y18: =X18-W18 -> -0.13141822 | Z18: =IFERROR(W18/E18,0) -> 0.76206365 | AA18: =IFERROR(X18/F18,0) -> 0.56614183
A19: =A18+1 -> 15 | B19: PABRHES | C19: 20 | D19: 0.3622 | E19: 0 | F19: -0.010060639 | G19: =F19-E19 -> -0.010060639 | H19: 4.575 | I19: 4.3791225 | J19: =I19-H19 -> -0.1958775 | K19: 0 | L19: 0 | M19: =L19-K19 -> 0 | O19: 0 | P19: =O19-N19 -> 0 | R19: 0 | S19: =R19-Q19 -> 0 | U19: 0 | V19: =U19-T19 -> 0 | W19: =T19+Q19+N19+K19+H19 -> 4.575 | X19: =U19+R19+O19+L19+I19 -> 4.3791225 | Y19: =X19-W19 -> -0.1958775 | Z19: =IFERROR(W19/E19,0) -> 0 | AA19: =IFERROR(X19/F19,0) -> -435.27281
A20: =A19+1 -> 16 | B20: Minihydel(Chettipet) | C20: 1 | D20: 0.3622 | E20: 0.06 | F20: 0.10111217 | G20: =F20-E20 -> 0.041112172 | H20: 0.81666667 | I20: 0.7716925 | J20: =I20-H20 -> -0.044974167 | K20: 0 | L20: 0 | M20: =L20-K20 -> 0 | O20: 0 | P20: =O20-N20 -> 0 | R20: 0 | S20: =R20-Q20 -> 0 | U20: 0 | V20: =U20-T20 -> 0 | W20: =T20+Q20+N20+K20+H20 -> 0.81666667 | X20: =U20+R20+O20+L20+I20 -> 0.7716925 | Y20: =X20-W20 -> -0.044974167 | Z20: =IFERROR(W20/E20,0) -> 13.611111 | AA20: =IFERROR(X20/F20,0) -> 7.6320435
A21: =A20+1 -> 17 | B21: Machkund HES (AP Share) | C21: 117.6 | D21: 0.3622 | E21: 7.08 | F21: 8.4552209 | G21: =F21-E21 -> 1.3752209 | H21: 12.342687 | I21: 11.778414 | J21: =I21-H21 -> -0.56427291 | K21: 0 | L21: 0 | M21: =L21-K21 -> 0 | O21: 0 | P21: =O21-N21 -> 0 | R21: 0 | S21: =R21-Q21 -> 0 | U21: 0 | V21: =U21-T21 -> 0 | W21: =T21+Q21+N21+K21+H21 -> 12.342687 | X21: =U21+R21+O21+L21+I21 -> 11.778414 | Y21: =X21-W21 -> -0.56427291 | Z21: =IFERROR(W21/E21,0) -> 1.7433174 | AA21: =IFERROR(X21/F21,0) -> 1.3930345
A22: =A21+1 -> 18 | B22: Tungabhadra HES (AP Share) | D22: 0.3622 | E22: 0 | F22: 1.2888194 | G22: =F22-E22 -> 1.2888194 | H22: 11.84898 | I22: 11.307278 | J22: =I22-H22 -> -0.54170163 | K22: 0 | L22: 0 | M22: =L22-K22 -> 0 | O22: 0 | P22: =O22-N22 -> 0 | R22: 0 | S22: =R22-Q22 -> 0 | U22: 0 | V22: =U22-T22 -> 0 | W22: =T22+Q22+N22+K22+H22 -> 11.84898 | X22: =U22+R22+O22+L22+I22 -> 11.307278 | Y22: =X22-W22 -> -0.54170163 | Z22: =IFERROR(W22/E22,0) -> 0 | AA22: =IFERROR(X22/F22,0) -> 8.7733607
A23: =A22+1 -> 19 | B23: GENCO HYDEL(INCLUDING INTERSTATE)TOTAL | C23: =SUM(C13:C22) -> 1773.6 | D23: 0.3622 | E23: =SUM(E13:E22) -> 69.4 | F23: =SUM(F13:F22) -> 73.661956 | G23: =SUM(G13:G22) -> 4.2619559 | H23: =SUM(H13:H22) -> 208.86667 | I23: =SUM(I13:I22) -> 199.53985 | J23: =SUM(J13:J22) -> -9.3268212 | K23: =SUM(K13:K22) -> 0 | L23: =SUM(L13:L22) -> 0 | ... Y23: =SUM(Y13:Y22) -> -9.3268212 | Z23: =IFERROR(W23/E23,0) -> 3.0096061 | AA23: =IFERROR(X23/F23,0) -> 2.7088589
A24: =A23+1 -> 20 | B24: NTPC(SR) Ramagundam I & II | C24: 2100 | D24: 0.3622 | E24: 65.78 | F24: 61.495424 | G24: =F24-E24 -> -4.2845759 | H24: 48.7 | I24: 38.448634 | J24: =I24-H24 -> -10.251366 | K24: 262.4622 | L24: 222.67493 | M24: =L24-K24 -> -39.787268 | O24: 0 | P24: =O24-N24 -> 0 | R24: 0 | S24: =R24-Q24 -> 0 | U24: 0 | V24: =U24-T24 -> 0 | W24: =T24+Q24+N24+K24+H24 -> 311.1622 | X24: =U24+R24+O24+L24+I24 -> 261.12357 | Y24: =X24-W24 -> -50.038634 | Z24: =IFERROR(W24/E24,0) -> 4.7303466 | AA24: =IFERROR(X24/F24,0) -> 4.2462276
A25: =A24+1 -> 21 | B25: NTPC(SR) Simhadri Stage-I | C25: 1000 | D25: 0.3622 | E25: 107.84 | F25: 114.42309 | G25: =F25-E25 -> 6.5830878 | H25: 96.741667 | I25: 222.61078 | J25: =I25-H25 -> 125.86911 | K25: 392.5376 | L25: 444.96681 | M25: =L25-K25 -> 52.429214 | O25: 0 | P25: =O25-N25 -> 0 | R25: 0 | S25: =R25-Q25 -> 0 | U25: 13.301573 | V25: =U25-T25 -> 13.301573 | W25: =T25+Q25+N25+K25+H25 -> 489.27927 | X25: =U25+R25+O25+L25+I25 -> 680.87917 | Y25: =X25-W25 -> 191.5999 | Z25: =IFERROR(W25/E25,0) -> 4.5370852 | AA25: =IFERROR(X25/F25,0) -> 5.9505401
A26: =A25+1 -> 22 | B26: NTPC(SR) Simhadri Stage-II | C26: 1000 | D26: 0.3622 | E26: 50.46 | F26: 49.321403 | G26: =F26-E26 -> -1.1385967 | H26: 63.708333 | I26: 70.671136 | J26: =I26-H26 -> 6.9628028 | K26: 183.6744 | L26: 189.59782 | M26: =L26-K26 -> 5.9234206 | O26: 0 | P26: =O26-N26 -> 0 | R26: 0 | S26: =R26-Q26 -> 0 | U26: 0 | V26: =U26-T26 -> 0 | W26: =T26+Q26+N26+K26+H26 -> 247.38273 | X26: =U26+R26+O26+L26+I26 -> 260.26896 | Y26: =X26-W26 -> 12.886223 | Z26: =IFERROR(W26/E26,0) -> 4.9025512 | AA26: =IFERROR(X26/F26,0) -> 5.2769982
A27: =A26+1 -> 23 | B27: NTPC(SR) Talcher Stage-II | C27: 2000 | D27: 0.3622 | E27: 42.53 | F27: 43.457563 | G27: =F27-E27 -> 0.92756301 | H27: 32.758333 | I27: 37.393403 | J27: =I27-H27 -> 4.6350692 | K27: 74.4275 | L27: 70.270879 | M27: =L27-K27 -> -4.1566209 | O27: 0 | P27: =O27-N27 -> 0 | R27: 0 | S27: =R27-Q27 -> 0 | U27: 0 | V27: =U27-T27 -> 0 | W27: =T27+Q27+N27+K27+H27 -> 107.18583 | X27: =U27+R27+O27+L27+I27 -> 107.66428 | Y27: =X27-W27 -> 0.47844832 | Z27: =IFERROR(W27/E27,0) -> 2.5202406 | AA27: =IFERROR(X27/F27,0) -> 2.4774579
A28: =A27+1 -> 24 | B28: NTPC(SR) Ramagundam III | C28: 500 | D28: 0.3622 | E28: 16.1 | F28: 16.016182 | G28: =F28-E28 -> -0.083817823 | H28: 13.566667 | I28: 13.693615 | J28: =I28-H28 -> 0.12694869 | K28: 64.239 | L28: 56.96956 | M28: =L28-K28 -> -7.2694397 | O28: 0 | P28: =O28-N28 -> 0 | R28: 0 | S28: =R28-Q28 -> 0 | U28: 0 | V28: =U28-T28 -> 0 | W28: =T28+Q28+N28+K28+H28 -> 77.805667 | X28: =U28+R28+O28+L28+I28 -> 70.663176 | Y28: =X28-W28 -> -7.1424911 | Z28: =IFERROR(W28/E28,0) -> 4.8326501 | AA28: =IFERROR(X28/F28,0) -> 4.4119863
A29: =A28+1 -> 25 | B29: NTPC Kudgi Stage-I | C29: 2400 | D29: 0.3622 | E29: 0 | F29: 34.768799 | G29: =F29-E29 -> 34.768799 | H29: 0 | I29: 125.08228 | J29: =I29-H29 -> 125.08228 | K29: 0 | L29: 158.83357 | M29: =L29-K29 -> 158.83357 | O29: 0 | P29: =O29-N29 -> 0 | R29: 0 | S29: =R29-Q29 -> 0 | U29: 0 | V29: =U29-T29 -> 0 | W29: =T29+Q29+N29+K29+H29 -> 0 | X29: =U29+R29+O29+L29+I29 -> 283.91585 | Y29: =X29-W29 -> 283.91585 | Z29: =IFERROR(W29/E29,0) -> 0 | AA29: =IFERROR(X29/F29,0) -> 8.1658227
A30: 26 | B30: NTPC Telangana STPS - I | D30: 0.3622 | E30: 0 | F30: 0.20575777 | G30: =F30-E30 -> 0.20575777 | H30: 0 | I30: 0.072554343 | J30: =I30-H30 -> 0.072554343 | K30: 0 | L30: 0.73787749 | M30: =L30-K30 -> 0.73787749 | O30: 0 | P30: =O30-N30 -> 0 | R30: 0 | S30: =R30-Q30 -> 0 | U30: 0 | V30: =U30-T30 -> 0 | W30: =T30+Q30+N30+K30+H30 -> 0 | X30: =U30+R30+O30+L30+I30 -> 0.81043184 | Y30: =X30-W30 -> 0.81043184 | Z30: =IFERROR(W30/E30,0) -> 0 | AA30: =IFERROR(X30/F30,0) -> 3.9387667
A31: 27 | B31: NTECL Valluru | C31: 1500 | D31: 0.3622 | E31: 0 | F31: 18.167467 | G31: =F31-E31 -> 18.167467 | H31: 0 | I31: 28.227019 | J31: =I31-H31 -> 28.227019 | K31: 0 | L31: 74.09788 | M31: =L31-K31 -> 74.09788 | O31: 0 | P31: =O31-N31 -> 0 | R31: 0 | S31: =R31-Q31 -> 0 | U31: 1.1134444 | V31: =U31-T31 -> 1.1134444 | W31: =T31+Q31+N31+K31+H31 -> 0 | X31: =U31+R31+O31+L31+I31 -> 103.43834 | Y31: =X31-W31 -> 103.43834 | Z31: =IFERROR(W31/E31,0) -> 0 | AA31: =IFERROR(X31/F31,0) -> 5.6936028
A32: =A31+1 -> 28 | B32: NLC Stage-I | C32: 630 | D32: 0.3622 | E32: 9.71 | F32: 3.3315423 | G32: =F32-E32 -> -6.3784577 | H32: 8.5416667 | I32: 3.1253926 | J32: =I32-H32 -> -5.4162741 | K32: 31.4604 | L32: 10.844933 | M32: =L32-K32 -> -20.615467 | O32: 0 | P32: =O32-N32 -> 0 | R32: 0 | S32: =R32-Q32 -> 0 | U32: 0.81015737 | V32: =U32-T32 -> 0.81015737 | W32: =T32+Q32+N32+K32+H32 -> 40.002067 | X32: =U32+R32+O32+L32+I32 -> 14.780483 | Y32: =X32-W32 -> -25.221584 | Z32: =IFERROR(W32/E32,0) -> 4.1196773 | AA32: =IFERROR(X32/F32,0) -> 4.4365287
A33: =A32+1 -> 29 | B33: NLC Stage-II | C33: 840 | D33: 0.3622 | E33: 17.84 | F33: 7.9166736 | G33: =F33-E33 -> -9.9233264 | H33: 16.225 | I33: 7.5783848 | J33: =I33-H33 -> -8.6466152 | K33: 57.8016 | L33: 25.768723 | M33: =L33-K33 -> -32.032877 | O33: 0 | P33: =O33-N33 -> 0 | R33: 0 | S33: =R33-Q33 -> 0 | U33: 0 | V33: =U33-T33 -> 0 | W33: =T33+Q33+N33+K33+H33 -> 74.0266 | X33: =U33+R33+O33+L33+I33 -> 33.347107 | Y33: =X33-W33 -> -40.679493 | Z33: =IFERROR(W33/E33,0) -> 4.1494731 | AA33: =IFERROR(X33/F33,0) -> 4.2122625
A34: =A33+1 -> 30 | B34: NPC(MAPS) | C34: 440 | D34: 0.3622 | E34: 2.46 | F34: 1.8249643 | G34: =F34-E34 -> -0.63503575 | H34: 0 | I34: 0 | J34: =I34-H34 -> 0 | K34: 6.2976 | L34: 4.7739568 | M34: =L34-K34 -> -1.5236432 | O34: 0 | P34: =O34-N34 -> 0 | R34: 0 | S34: =R34-Q34 -> 0 | U34: 0.048193777 | V34: =U34-T34 -> 0.048193777 | W34: =T34+Q34+N34+K34+H34 -> 6.2976 | X34: =U34+R34+O34+L34+I34 -> 4.8221506 | Y34: =X34-W34 -> -1.4754494 | Z34: =IFERROR(W34/E34,0) -> 2.56 | AA34: =IFERROR(X34/F34,0) -> 2.6423261
A35: =A34+1 -> 31 | B35: NPC(KAIGA unit I,II,III,IV) | C35: 880 | D35: 0.3622 | E35: 17.9 | F35: 21.176768 | G35: =F35-E35 -> 3.2767681 | H35: 0 | I35: 0 | J35: =I35-H35 -> 0 | K35: 63.187 | L35: 75.179018 | M35: =L35-K35 -> 11.992018 | O35: 0 | P35: =O35-N35 -> 0 | R35: 0 | S35: =R35-Q35 -> 0 | U35: 0 | V35: =U35-T35 -> 0 | W35: =T35+Q35+N35+K35+H35 -> 63.187 | X35: =U35+R35+O35+L35+I35 -> 75.179018 | Y35: =X35-W35 -> 11.992018 | Z35: =IFERROR(W35/E35,0) -> 3.53 | AA35: =IFERROR(X35/F35,0) -> 3.5500704
A36: =A35+1 -> 32 | B36: NTPL(NLC TamilNadu) | C36: 1000 | D36: 0.3622 | E36: 0 | F36: 22.4666 | G36: =F36-E36 -> 22.4666 | H36: 0 | I36: 45.647323 | J36: =I36-H36 -> 45.647323 | K36: 0 | L36: 92.746213 | M36: =L36-K36 -> 92.746213 | O36: 0 | P36: =O36-N36 -> 0 | R36: 0 | S36: =R36-Q36 -> 0 | U36: 1.4305881 | V36: =U36-T36 -> 1.4305881 | W36: =T36+Q36+N36+K36+H36 -> 0 | X36: =U36+R36+O36+L36+I36 -> 139.82412 | Y36: =X36-W36 -> 139.82412 | Z36: =IFERROR(W36/E36,0) -> 0 | AA36: =IFERROR(X36/F36,0) -> 6.2236442
A37: =A36+1 -> 33 | B37: NLC NNTPS | C37: 1000 | D37: 0.3622 | E37: 0 | F37: 11.748046 | G37: =F37-E37 -> 11.748046 | H37: 0 | I37: 22.199835 | J37: =I37-H37 -> 22.199835 | K37: 0 | L37: 32.72778 | M37: =L37-K37 -> 32.72778 | O37: 0 | P37: =O37-N37 -> 0 | R37: 0 | S37: =R37-Q37 -> 0 | U37: 0 | V37: =U37-T37 -> 0 | W37: =T37+Q37+N37+K37+H37 -> 0 | X37: =U37+R37+O37+L37+I37 -> 54.927615 | Y37: =X37-W37 -> 54.927615 | Z37: =IFERROR(W37/E37,0) -> 0 | AA37: =IFERROR(X37/F37,0) -> 4.6754682
A38: =A37+1 -> 34 | B38: KKNPP Unit-I | C38: 1000 | D38: 0.3622 | E38: 0 | F38: 0.061588871 | G38: =F38-E38 -> 0.061588871 | H38: 0 | I38: 0 | J38: =I38-H38 -> 0 | K38: 0 | L38: 49.740353 | M38: =L38-K38 -> 49.740353 | O38: 0 | P38: =O38-N38 -> 0 | R38: 0 | S38: =R38-Q38 -> 0 | U38: 0 | V38: =U38-T38 -> 0 | W38: =T38+Q38+N38+K38+H38 -> 0 | X38: =U38+R38+O38+L38+I38 -> 49.740353 | Y38: =X38-W38 -> 49.740353 | Z38: =IFERROR(W38/E38,0) -> 0 | AA38: =IFERROR(X38/F38,0) -> 807.61917
A39: =A38+1 -> 35 | B39: NLC TPS- I Expn. | C39: 630 | D39: 0.3622 | E39: 0 | F39: 0.060017222 | G39: =F39-E39 -> 0.060017222 | H39: 0 | I39: 0.079305816 | J39: =I39-H39 -> 0.079305816 | K39: 0 | L39: 0.17432775 | M39: =L39-K39 -> 0.17432775 | O39: 0 | P39: =O39-N39 -> 0 | R39: 0 | S39: =R39-Q39 -> 0 | U39: 0 | V39: =U39-T39 -> 0 | W39: =T39+Q39+N39+K39+H39 -> 0 | X39: =U39+R39+O39+L39+I39 -> 0.25363357 | Y39: =X39-W39 -> 0.25363357 | Z39: =IFERROR(W39/E39,0) -> 0 | AA39: =IFERROR(X39/F39,0) -> 4.2260131
A40: =A39+1 -> 36 | B40: NLC TPS- II Expn. | C40: 840 | D40: 0.3622 | E40: 0 | F40: 0.003514455 | G40: =F40-E40 -> 0.003514455 | H40: 0 | I40: 0.024172756 | J40: =I40-H40 -> 0.024172756 | K40: 0 | L40: 0.014845876 | M40: =L40-K40 -> 0.014845876 | O40: 0 | P40: =O40-N40 -> 0 | R40: 0 | S40: =R40-Q40 -> 0 | U40: 0 | V40: =U40-T40 -> 0 | W40: =T40+Q40+N40+K40+H40 -> 0 | X40: =U40+R40+O40+L40+I40 -> 0.039018632 | Y40: =X40-W40 -> 0.039018632 | Z40: =IFERROR(W40/E40,0) -> 0 | AA40: =IFERROR(X40/F40,0) -> 11.102328
A41: =A40+1 -> 37 | B41: JNNSM Ph-1 Thermal | D41: 0.3622 | E41: 8.38 | F41: 7.6719091 | G41: =F41-E41 -> -0.70809089 | H41: 9.7916667 | I41: 6.5156397 | J41: =I41-H41 -> -3.276027 | K41: 35.3636 | L41: 28.627834 | M41: =L41-K41 -> -6.7357663 | O41: 0 | P41: =O41-N41 -> 0 | R41: 0 | S41: =R41-Q41 -> 0 | U41: 0 | V41: =U41-T41 -> 0 | W41: =T41+Q41+N41+K41+H41 -> 45.155267 | X41: =U41+R41+O41+L41+I41 -> 35.143473 | Y41: =X41-W41 -> -10.011793 | Z41: =IFERROR(W41/E41,0) -> 5.3884566 | AA41: =IFERROR(X41/F41,0) -> 4.580799
A42: =A41+1 -> 38 | B42: NTPC Aravali | D42: 0.3622 | E42: 0 | F42: 0 | G42: =F42-E42 -> 0 | H42: 0 | I42: 0 | J42: =I42-H42 -> 0 | K42: 0 | L42: 0 | M42: =L42-K42 -> 0 | O42: 0 | P42: =O42-N42 -> 0 | R42: 0 | S42: =R42-Q42 -> 0 | U42: 0 | V42: =U42-T42 -> 0 | W42: =T42+Q42+N42+K42+H42 -> 0 | X42: =U42+R42+O42+L42+I42 -> 0 | Y42: =X42-W42 -> 0 | Z42: =IFERROR(W42/E42,0) -> 0 | AA42: =IFERROR(X42/F42,0) -> 0
A43: =A42+1 -> 39 | B43: NTPC-DADRI | E43: 0 | F43: 0 | G43: =F43-E43 -> 0 | H43: 0 | I43: 0 | J43: =I43-H43 -> 0 | K43: 0 | L43: 0 | M43: =L43-K43 -> 0 | O43: 0 | P43: =O43-N43 -> 0 | R43: 0 | S43: =R43-Q43 -> 0 | U43: 0 | V43: =U43-T43 -> 0 | W43: =T43+Q43+N43+K43+H43 -> 0 | X43: =U43+R43+O43+L43+I43 -> 0 | Y43: =X43-W43 -> 0 | Z43: =IFERROR(W43/E43,0) -> 0 | AA43: =IFERROR(X43/F43,0) -> 0
A44: =A43+1 -> 40 | B44: SCED | E44: 0 | F44: 0 | G44: =F44-E44 -> 0 | H44: 0 | I44: 0 | J44: =I44-H44 -> 0 | K44: 0 | L44: 0 | M44: =L44-K44 -> 0 | O44: 0 | P44: =O44-N44 -> 0 | R44: 0 | S44: =R44-Q44 -> 0 | U44: 0 | V44: =U44-T44 -> 0 | W44: =T44+Q44+N44+K44+H44 -> 0 | X44: =U44+R44+O44+L44+I44 -> 0 | Y44: =X44-W44 -> 0 | Z44: =IFERROR(W44/E44,0) -> 0 | AA44: =IFERROR(X44/F44,0) -> 0
A45: 41 | B45: CGS TOTAL | C45: =SUM(C24:C41) -> 17760 | D45: 0.3622 | E45: =SUM(E24:E44) -> 339 | F45: =SUM(F24:F44) -> 414.11731 | G45: =SUM(G24:G44) -> 75.117308 | H45: =SUM(H24:H44) -> 290.03333 | I45: =SUM(I24:I44) -> 621.36948 | J45: =SUM(J24:J44) -> 331.33615 | K45: =SUM(K24:K44) -> 1171.4509 | L45: =SUM(L24:L44) -> 1538.7473 | ... Y45: =SUM(Y24:Y44) -> 715.33652 | Z45: =IFERROR(W45/E45,0) -> 4.3111629 | AA45: =IFERROR(X45/F45,0) -> 5.2565317
A46: =A45+1 -> 42 | B46: NCE- Others | C46: 152.66 | D46: 0.3622 | E46: 8.85 | F46: 8.3942456 | G46: =F46-E46 -> -0.45575436 | H46: 3.1416667 | I46: 0 | J46: =I46-H46 -> -3.1416667 | K46: 50.622 | L46: 26.704287 | M46: =L46-K46 -> -23.917713 | O46: 0 | P46: =O46-N46 -> 0 | R46: 0 | S46: =R46-Q46 -> 0 | U46: 0 | V46: =U46-T46 -> 0 | W46: =T46+Q46+N46+K46+H46 -> 53.763667 | X46: =U46+R46+O46+L46+I46 -> 26.704287 | Y46: =X46-W46 -> -27.05938 | Z46: =IFERROR(W46/E46,0) -> 6.0749906 | AA46: =IFERROR(X46/F46,0) -> 3.1812611
A47: =A46+1 -> 43 | B47: NCE Solar | C47: 3755.626 | D47: 0.3622 | E47: 266.26 | F47: 294.12928 | G47: =F47-E47 -> 27.869277 | H47: 0 | I47: 0 | J47: =I47-H47 -> 0 | K47: 1142.2554 | L47: 1181.5768 | M47: =L47-K47 -> 39.321435 | O47: 0 | P47: =O47-N47 -> 0 | R47: 0 | S47: =R47-Q47 -> 0 | U47: 2.9999466 | V47: =U47-T47 -> 2.9999466 | W47: =T47+Q47+N47+K47+H47 -> 1142.2554 | X47: =U47+R47+O47+L47+I47 -> 1184.5768 | Y47: =X47-W47 -> 42.321382 | Z47: =IFERROR(W47/E47,0) -> 4.29 | AA47: =IFERROR(X47/F47,0) -> 4.0274018
A48: =A47+1 -> 44 | B48: NCE WIND | C48: 3688 | D48: 0.3622 | E48: 171.39 | F48: 124.81218 | G48: =F48-E48 -> -46.577817 | H48: 0 | I48: 0 | J48: =I48-H48 -> 0 | K48: 791.8218 | L48: 604.92072 | M48: =L48-K48 -> -186.90108 | O48: 0 | P48: =O48-N48 -> 0 | R48: 0 | S48: =R48-Q48 -> 0 | U48: 0 | V48: =U48-T48 -> 0 | W48: =T48+Q48+N48+K48+H48 -> 791.8218 | X48: =U48+R48+O48+L48+I48 -> 604.92072 | Y48: =X48-W48 -> -186.90108 | Z48: =IFERROR(W48/E48,0) -> 4.62 | AA48: =IFERROR(X48/F48,0) -> 4.846648
A49: =A48+1 -> 45 | B49: NCE TOTAL | C49: =SUM(C46:C48) -> 7596.286 | D49: 0.3622 | E49: =SUM(E46:E48) -> 446.5 | F49: =SUM(F46:F48) -> 427.3357 | G49: =SUM(G46:G48) -> -19.164295 | H49: =SUM(H46:H48) -> 3.1416667 | I49: =SUM(I46:I48) -> 0 | J49: =SUM(J46:J48) -> -3.1416667 | K49: =SUM(K46:K48) -> 1984.6992 | L49: =SUM(L46:L48) -> 1813.2018 | ... Y49: =SUM(Y46:Y48) -> -171.63908 | Z49: =IFERROR(W49/E49,0) -> 4.4520512 | AA49: =IFERROR(X49/F49,0) -> 4.2500586
A50: 46 | B50: SECI (APRAPSCOM) | E50: 76.01 | F50: 0 | G50: =F50-E50 -> -76.01 | H50: 0 | I50: 0 | J50: =I50-H50 -> 0 | K50: 189.2649 | L50: 0 | M50: =L50-K50 -> -189.2649 | O50: 0 | P50: =O50-N50 -> 0 | R50: 0 | S50: =R50-Q50 -> 0 | U50: 0 | V50: =U50-T50 -> 0 | W50: =T50+Q50+N50+K50+H50 -> 189.2649 | X50: =U50+R50+O50+L50+I50 -> 0 | Y50: =X50-W50 -> -189.2649 | Z50: =IFERROR(W50/E50,0) -> 2.49 | AA50: =IFERROR(X50/F50,0) -> 0
A51: 47 | B51: NCE Solar | E51: =SUM(E50) -> 76.01 | F51: =SUM(F50) -> 0 | G51: =SUM(G50) -> -76.01 | H51: =SUM(H50) -> 0 | I51: =SUM(I50) -> 0 | J51: =SUM(J50) -> 0 | K51: =SUM(K50) -> 189.2649 | L51: =SUM(L50) -> 0 | ... AA51: =SUM(AA50) -> 0
A52: 48 | B52: APPDCL Stage-I | C52: 1600 | D52: 0.3622 | E52: 264.22 | F52: 243.5071 | G52: =F52-E52 -> -20.712897 | H52: 361.01667 | I52: 353.09061 | J52: =I52-H52 -> -7.9260559 | K52: 1004.036 | L52: 888.80093 | M52: =L52-K52 -> -115.23507 | O52: 0 | P52: =O52-N52 -> 0 | R52: 0 | S52: =R52-Q52 -> 0 | U52: 0 | V52: =U52-T52 -> 0 | W52: =T52+Q52+N52+K52+H52 -> 1365.0527 | X52: =U52+R52+O52+L52+I52 -> 1241.8915 | Y52: =X52-W52 -> -123.16113 | Z52: =IFERROR(W52/E52,0) -> 5.1663487 | AA52: =IFERROR(X52/F52,0) -> 5.1000218
A53: =A52+1 -> 49 | B53: APPDCL Stage-II | C53: 800 | D53: 0.3622 | E53: 155.36 | F53: 136.5866 | G53: =F53-E53 -> -18.773395 | H53: 365.55 | I53: 352.11908 | J53: =I53-H53 -> -13.430924 | K53: 497.152 | L53: 423.41848 | M53: =L53-K53 -> -73.733525 | O53: 0 | P53: =O53-N53 -> 0 | R53: 0 | S53: =R53-Q53 -> 0 | U53: 0 | V53: =U53-T53 -> 0 | W53: =T53+Q53+N53+K53+H53 -> 862.702 | X53: =U53+R53+O53+L53+I53 -> 775.53755 | Y53: =X53-W53 -> -87.164449 | Z53: =IFERROR(W53/E53,0) -> 5.5529222 | AA53: =IFERROR(X53/F53,0) -> 5.6779913
A54: =A53+1 -> 50 | B54: Godavari Gas Power Plant | C54: 216 | D54: 0.3622 | E54: 0 | F54: 0 | G54: =F54-E54 -> 0 | H54: 4.5583333 | I54: 1.8944315 | J54: =I54-H54 -> -2.6639019 | K54: 0 | L54: 0 | M54: =L54-K54 -> 0 | O54: 0 | P54: =O54-N54 -> 0 | R54: 0 | S54: =R54-Q54 -> 0 | U54: 0 | V54: =U54-T54 -> 0 | W54: =T54+Q54+N54+K54+H54 -> 4.5583333 | X54: =U54+R54+O54+L54+I54 -> 1.8944315 | Y54: =X54-W54 -> -2.6639019 | Z54: =IFERROR(W54/E54,0) -> 0 | AA54: =IFERROR(X54/F54,0) -> 0
A55: 51 | B55: TS NPDCL (TSPCC) | D55: 0.3622 | E55: 0 | F55: 0.66502712 | G55: =F55-E55 -> 0.66502712 | H55: 0 | I55: 0 | J55: =I55-H55 -> 0 | K55: 0 | L55: 5.2271133 | M55: =L55-K55 -> 5.2271133 | O55: 0 | P55: =O55-N55 -> 0 | R55: 0 | S55: =R55-Q55 -> 0 | U55: 0 | V55: =U55-T55 -> 0 | W55: =T55+Q55+N55+K55+H55 -> 0 | X55: =U55+R55+O55+L55+I55 -> 5.2271133 | Y55: =X55-W55 -> 5.2271133 | Z55: =IFERROR(W55/E55,0) -> 0 | AA55: =IFERROR(X55/F55,0) -> 7.8600002
A56: 52 | B56: JOINT SECTOR TOTAL | C56: =SUM(C52:C54) -> 2616 | D56: 0.3622 | E56: =SUM(E52:E55) -> 419.58 | F56: =SUM(F52:F55) -> 380.75874 | G56: =SUM(G52:G55) -> -38.821265 | H56: =SUM(H52:H55) -> 731.125 | I56: =SUM(I52:I55) -> 707.10412 | J56: =SUM(J52:J55) -> -24.020881 | K56: =SUM(K52:K55) -> 1501.188 | L56: =SUM(L52:L55) -> 1317.4465 | ... Y56: =SUM(Y52:Y55) -> -207.76237 | Z56: =IFERROR(W56/E56,0) -> 5.3203513 | AA56: =IFERROR(X56/F56,0) -> 5.3171482
A57: 53 | B57: SEIL P1 (230MW) | C57: 230.55 | D57: 0.3622 | E57: 53.75 | F57: 59.876042 | G57: =F57-E57 -> 6.1260423 | H57: 81.216667 | I57: 78.003284 | J57: =I57-H57 -> -3.2133829 | K57: 137.6 | L57: 163.33835 | M57: =L57-K57 -> 25.738348 | O57: 0 | P57: =O57-N57 -> 0 | R57: 0 | S57: =R57-Q57 -> 0 | U57: 0 | V57: =U57-T57 -> 0 | W57: =T57+Q57+N57+K57+H57 -> 218.81667 | X57: =U57+R57+O57+L57+I57 -> 241.34163 | Y57: =X57-W57 -> 22.524965 | Z57: =IFERROR(W57/E57,0) -> 4.0710078 | AA57: =IFERROR(X57/F57,0) -> 4.0306878
A58: 54 | B58: SEIL P2 (500MW Firm) | C58: 500 | D58: 0.3622 | E58: 110.71 | F58: 114.35636 | G58: =F58-E58 -> 3.6463615 | H58: 199.2 | I58: 193.94816 | J58: =I58-H58 -> -5.2518368 | K58: 275.6679 | L58: 259.58894 | M58: =L58-K58 -> -16.078959 | O58: 0 | P58: =O58-N58 -> 0 | R58: 0 | S58: =R58-Q58 -> 0 | U58: 0 | V58: =U58-T58 -> 0 | W58: =T58+Q58+N58+K58+H58 -> 474.8679 | X58: =U58+R58+O58+L58+I58 -> 453.5371 | Y58: =X58-W58 -> -21.330796 | Z58: =IFERROR(W58/E58,0) -> 4.2892955 | AA58: =IFERROR(X58/F58,0) -> 3.965998
A59: 55 | B59: SEMBCORP PROJECT-1 (625MW) | C59: 625 | D59: 0.3622 | E59: 138.39 | F59: 0 | G59: =F59-E59 -> -138.39 | H59: 236.575 | I59: 0 | J59: =I59-H59 -> -236.575 | K59: 354.2784 | L59: 0 | M59: =L59-K59 -> -354.2784 | O59: 0 | P59: =O59-N59 -> 0 | R59: 0 | S59: =R59-Q59 -> 0 | U59: 0 | V59: =U59-T59 -> 0 | W59: =T59+Q59+N59+K59+H59 -> 590.8534 | X59: =U59+R59+O59+L59+I59 -> 0 | Y59: =X59-W59 -> -590.8534 | Z59: =IFERROR(W59/E59,0) -> 4.2694805 | AA59: =IFERROR(X59/F59,0) -> 0
A60: 56 | B60: SEMBCORP PROJECT-2 (125MW) | C60: 125 | D60: 0.3622 | E60: 0 | F60: 26.077094 | G60: =F60-E60 -> 26.077094 | H60: 0 | I60: 45.794436 | J60: =I60-H60 -> 45.794436 | K60: 0 | L60: 59.195004 | M60: =L60-K60 -> 59.195004 | O60: 0 | P60: =O60-N60 -> 0 | R60: 0 | S60: =R60-Q60 -> 0 | U60: 0 | V60: =U60-T60 -> 0 | W60: =T60+Q60+N60+K60+H60 -> 0 | X60: =U60+R60+O60+L60+I60 -> 104.98944 | Y60: =X60-W60 -> 104.98944 | Z60: =IFERROR(W60/E60,0) -> 0 | AA60: =IFERROR(X60/F60,0) -> 4.0261173
A61: 57 | B61: HNPCL | C61: 1040 | D61: 0.3622 | E61: 161.26 | F61: 115.56361 | G61: =F61-E61 -> -45.696389 | H61: 256.86667 | I61: 173.33269 | J61: =I61-H61 -> -83.533979 | K61: 561.1848 | L61: 1357.044 | M61: =L61-K61 -> 795.85919 | O61: 0 | P61: =O61-N61 -> 0 | R61: 0 | S61: =R61-Q61 -> 0 | U61: 0 | V61: =U61-T61 -> 0 | W61: =T61+Q61+N61+K61+H61 -> 818.05147 | X61: =U61+R61+O61+L61+I61 -> 1530.3767 | Y61: =X61-W61 -> 712.32522 | Z61: =IFERROR(W61/E61,0) -> 5.0728728 | AA61: =IFERROR(X61/F61,0) -> 13.242721
A62: 58 | B62: IPPs TOTAL | C62: =SUM(C57:C61) -> 2520.55 | D62: 0.3622 | E62: =SUM(E57:E61) -> 464.11 | F62: =SUM(F57:F61) -> 315.87311 | G62: =SUM(G57:G61) -> -148.23689 | H62: =SUM(H57:H61) -> 773.85833 | I62: =SUM(I57:I61) -> 491.07857 | J62: =SUM(J57:J61) -> -282.77976 | K62: =SUM(K57:K61) -> 1328.7311 | L62: =SUM(L57:L61) -> 1839.1663 | ... Y62: =SUM(Y57:Y61) -> 227.65542 | Z62: =IFERROR(W62/E62,0) -> 4.5303687 | AA62: =IFERROR(X62/F62,0) -> 7.3771549
A63: =A62+1 -> 59 | B63: UI CHARGES | E63: 0 | F63: 5.0068369 | G63: =F63-E63 -> 5.0068369 | H63: 0 | I63: 0 | J63: =I63-H63 -> 0 | K63: 0 | L63: 88.041881 | M63: =L63-K63 -> 88.041881 | O63: 0 | P63: =O63-N63 -> 0 | R63: 0 | S63: =R63-Q63 -> 0 | U63: 0 | V63: =U63-T63 -> 0 | W63: =T63+Q63+N63+K63+H63 -> 0 | X63: =U63+R63+O63+L63+I63 -> 88.041881 | Y63: =X63-W63 -> 88.041881 | Z63: =IFERROR(W63/E63,0) -> 0 | AA63: =IFERROR(X63/F63,0) -> 17.584332
A64: =A63+1 -> 60 | B64: Market Purchases | E64: 185.86 | F64: 166.54444 | G64: =F64-E64 -> -19.31556 | H64: 0 | I64: 0 | J64: =I64-H64 -> 0 | K64: 1081.7052 | L64: 1307.4958 | M64: =L64-K64 -> 225.79057 | O64: 0 | P64: =O64-N64 -> 0 | R64: 0 | S64: =R64-Q64 -> 0 | U64: 0 | V64: =U64-T64 -> 0 | W64: =T64+Q64+N64+K64+H64 -> 1081.7052 | X64: =U64+R64+O64+L64+I64 -> 1307.4958 | Y64: =X64-W64 -> 225.79057 | Z64: =IFERROR(W64/E64,0) -> 5.82 | AA64: =IFERROR(X64/F64,0) -> 7.850732
A65: =A64+1 -> 61 | B65: Short term Sales | E65: 0 | F65: -17.002845 | G65: =F65-E65 -> -17.002845 | H65: 0 | I65: 0 | J65: =I65-H65 -> 0 | K65: 0 | L65: -112.18881 | M65: =L65-K65 -> -112.18881 | P65: =O65-N65 -> 0 | S65: =R65-Q65 -> 0 | V65: =U65-T65 -> 0 | W65: =T65+Q65+N65+K65+H65 -> 0 | X65: =U65+R65+O65+L65+I65 -> -112.18881 | Y65: =X65-W65 -> -112.18881 | Z65: =IFERROR(W65/E65,0) -> 0 | AA65: =IFERROR(X65/F65,0) -> 6.5982376
A66: =A65+1 -> 62 | B66: Purchase from SPDCL | E66: 0 | G66: =F66-E66 -> 0 | H66: 0 | J66: =I66-H66 -> 0 | K66: 0 | M66: =L66-K66 -> 0 | P66: =O66-N66 -> 0 | S66: =R66-Q66 -> 0 | V66: =U66-T66 -> 0 | W66: =T66+Q66+N66+K66+H66 -> 0 | X66: =U66+R66+O66+L66+I66 -> 0 | Y66: =X66-W66 -> 0 | Z66: =IFERROR(W66/E66,0) -> 0 | AA66: =IFERROR(X66/F66,0) -> 0
A67: =A66+1 -> 63 | B67: Purchase from CPDCL | E67: 0 | G67: =F67-E67 -> 0 | H67: 0 | J67: =I67-H67 -> 0 | K67: 0 | M67: =L67-K67 -> 0 | P67: =O67-N67 -> 0 | S67: =R67-Q67 -> 0 | V67: =U67-T67 -> 0 | W67: =T67+Q67+N67+K67+H67 -> 0 | X67: =U67+R67+O67+L67+I67 -> 0 | Y67: =X67-W67 -> 0 | Z67: =IFERROR(W67/E67,0) -> 0 | AA67: =IFERROR(X67/F67,0) -> 0
A68: 64 | B68: Sale to SPDCL | E68: 0 | G68: =F68-E68 -> 0 | H68: 0 | J68: =I68-H68 -> 0 | K68: 0 | M68: =L68-K68 -> 0 | P68: =O68-N68 -> 0 | S68: =R68-Q68 -> 0 | V68: =U68-T68 -> 0 | W68: =T68+Q68+N68+K68+H68 -> 0 | X68: =U68+R68+O68+L68+I68 -> 0 | Y68: =X68-W68 -> 0 | Z68: =IFERROR(W68/E68,0) -> 0 | AA68: =IFERROR(X68/F68,0) -> 0
A69: 65 | B69: Sale to CPDCL | E69: 0 | G69: =F69-E69 -> 0 | H69: 0 | J69: =I69-H69 -> 0 | K69: 0 | M69: =L69-K69 -> 0 | P69: =O69-N69 -> 0 | S69: =R69-Q69 -> 0 | V69: =U69-T69 -> 0 | W69: =T69+Q69+N69+K69+H69 -> 0 | X69: =U69+R69+O69+L69+I69 -> 0 | Y69: =X69-W69 -> 0 | Z69: =IFERROR(W69/E69,0) -> 0 | AA69: =IFERROR(X69/F69,0) -> 0
A70: 66 | B70: Swapping power | E70: 0 | F70: 112.68581 | G70: =F70-E70 -> 112.68581 | H70: 0 | I70: 0 | J70: =I70-H70 -> 0 | K70: 0 | L70: 599.52147 | M70: =L70-K70 -> 599.52147 | P70: =O70-N70 -> 0 | S70: =R70-Q70 -> 0 | V70: =U70-T70 -> 0 | W70: =T70+Q70+N70+K70+H70 -> 0 | X70: =U70+R70+O70+L70+I70 -> 599.52147 | Y70: =X70-W70 -> 599.52147 | Z70: =IFERROR(W70/E70,0) -> 0 | AA70: =IFERROR(X70/F70,0) -> 5.3202927
A71: 67 | B71: TOTAL OTHERS | E71: =SUM(E63:E70) -> 185.86 | F71: =SUM(F63:F70) -> 267.23424 | G71: =SUM(G63:G70) -> 81.374239 | H71: =SUM(H63:H70) -> 0 | I71: =SUM(I63:I70) -> 0 | J71: =SUM(J63:J70) -> 0 | K71: =SUM(K63:K70) -> 1081.7052 | L71: =SUM(L63:L70) -> 1882.8703 | ... Y71: =SUM(Y63:Y70) -> 801.16511 | Z71: =IFERROR(W71/E71,0) -> 5.82 | AA71: =IFERROR(X71/F71,0) -> 7.0457675
A72: 68 | B72: TRANSMISSION COST | E72: 0 | F72: 0 | G72: =F72-E72 -> 0 | H72: 1166.0167 | I72: 1099.8057 | J72: =I72-H72 -> -66.210929 | K72: 0 | L72: 0 | M72: =L72-K72 -> 0 | O72: 0 | P72: =O72-N72 -> 0 | R72: 0 | S72: =R72-Q72 -> 0 | U72: 56.453389 | V72: =U72-T72 -> 56.453389 | W72: =T72+Q72+N72+K72+H72 -> 1166.0167 | X72: =U72+R72+O72+L72+I72 -> 1156.2591 | Y72: =X72-W72 -> -9.7575401 | Z72: =IFERROR(W72/E72,0) -> 0 | AA72: =IFERROR(X72/F72,0) -> 0
A73: =A72+1 -> 69 | B73: SLDC COST | E73: 0 | F73: 0 | G73: =F73-E73 -> 0 | H73: 40.241667 | I73: 109.32063 | J73: =I73-H73 -> 69.078959 | K73: 0 | L73: 0 | M73: =L73-K73 -> 0 | O73: 0 | P73: =O73-N73 -> 0 | R73: 0 | S73: =R73-Q73 -> 0 | U73: 0 | V73: =U73-T73 -> 0 | W73: =T73+Q73+N73+K73+H73 -> 40.241667 | X73: =U73+R73+O73+L73+I73 -> 109.32063 | Y73: =X73-W73 -> 69.078959 | Z73: =IFERROR(W73/E73,0) -> 0 | AA73: =IFERROR(X73/F73,0) -> 0
A74: =A73+1 -> 70 | B74: PGCIL | E74: 0 | F74: 0 | G74: =F74-E74 -> 0 | H74: 544.125 | I74: 372.69449 | J74: =I74-H74 -> -171.43051 | K74: 0 | L74: 0 | M74: =L74-K74 -> 0 | O74: 0 | P74: =O74-N74 -> 0 | R74: 0 | S74: =R74-Q74 -> 0 | U74: 0 | V74: =U74-T74 -> 0 | W74: =T74+Q74+N74+K74+H74 -> 544.125 | X74: =U74+R74+O74+L74+I74 -> 372.69449 | Y74: =X74-W74 -> -171.43051 | Z74: =IFERROR(W74/E74,0) -> 0 | AA74: =IFERROR(X74/F74,0) -> 0
A75: =A74+1 -> 71 | B75: ULDC COST | E75: 0 | F75: 0 | G75: =F75-E75 -> 0 | H75: 1.6416667 | I75: 1.601333 | J75: =I75-H75 -> -0.040333696 | K75: 0 | L75: 0 | M75: =L75-K75 -> 0 | O75: 0 | P75: =O75-N75 -> 0 | R75: 0 | S75: =R75-Q75 -> 0 | U75: 0 | V75: =U75-T75 -> 0 | W75: =T75+Q75+N75+K75+H75 -> 1.6416667 | X75: =U75+R75+O75+L75+I75 -> 1.601333 | Y75: =X75-W75 -> -0.040333696 | Z75: =IFERROR(W75/E75,0) -> 0 | AA75: =IFERROR(X75/F75,0) -> 0
A76: =A75+1 -> 72 | B76: TOTAL TRANSMISSION & ULDC CHARGES | E76: =SUM(E72:E75) -> 0 | F76: =SUM(F72:F75) -> 0 | G76: =SUM(G72:G75) -> 0 | H76: =SUM(H72:H75) -> 1752.025 | I76: =SUM(I72:I75) -> 1583.4222 | J76: =SUM(J72:J75) -> -168.60281 | K76: =SUM(K72:K75) -> 0 | L76: =SUM(L72:L75) -> 0 | ... Y76: =SUM(Y72:Y75) -> -112.14942 | Z76: =IFERROR(W76/E76,0) -> 0 | AA76: =IFERROR(X76/F76,0) -> 0
A77: 73 | B77: TOTAL COST | E77: =E12+E23+E45+E49+E56+E62+E71+E76+E51 -> 2785.02 | F77: =F12+F23+F45+F49+F56+F62+F71+F76+F51 -> 2614.4623 | G77: =G12+G23+G45+G49+G56+G62+G71+G76+G51 -> -170.55773 | H77: =H12+H23+H45+H49+H56+H62+H71+H76+H51 -> 4808.3167 | I77: =I12+I23+I45+I49+I56+I62+I71+I76+I51 -> 4633.347 | J77: =J12+J23+J45+J49+J56+J62+J71+J76+J51 -> -174.9697 | K77: =K12+K23+K45+K49+K56+K62+K71+K76+K51 -> 10425.646 | L77: =L12+L23+L45+L49+L56+L62+L71+L76+L51 -> 11443.732 | ... Y77: =Y12+Y23+Y45+Y49+Y56+Y62+Y71+Y76+Y51 -> 919.27429 | Z77: =IFERROR(W77/E77,0) -> 5.4699651 | AA77: =IFERROR(X77/F77,0) -> 6.1784164
A78: 74 | B78: Past claims/refunds, if any, pertaining to the Month(s) prior to the month for which FPPCA is being filed (Previous FYs) | E78: 0 | F78: 0 | G78: =F78-E78 -> 0 | H78: 0 | I78: 296.42294 | J78: =I78-H78 -> 296.42294 | K78: 0 | L78: 363.67818 | M78: =L78-K78 -> 363.67818 | P78: =O78-N78 -> 0 | S78: =R78-Q78 -> 0 | V78: =U78-T78 -> 0 | W78: =T78+Q78+N78+K78+H78 -> 0 | X78: =U78+R78+O78+L78+I78 -> 660.10111 | Y78: =X78-W78 -> 660.10111 | Z78: =IFERROR(W78/E78,0) -> 0 | AA78: =IFERROR(X78/F78,0) -> 0
A79: 75 | B79: POWER PURCHASE | E79: =SUM(E77:E78) -> 2785.02 | F79: =SUM(F77:F78) -> 2614.4623 | G79: =SUM(G77:G78) -> -170.55773 | H79: =SUM(H77:H78) -> 4808.3167 | I79: =SUM(I77:I78) -> 4929.7699 | J79: =SUM(J77:J78) -> 121.45323 | K79: =SUM(K77:K78) -> 10425.646 | L79: =SUM(L77:L78) -> 11807.41 | ... Y79: =SUM(Y77:Y78) -> 1579.3754 | Z79: =IFERROR(W79/E79,0) -> 5.4699651 | AA79: =IFERROR(X79/F79,0) -> 6.430897 | AB79: =AA79-Z79 -> 0.96093192
M82: 1 | N82: Actual Weighted average Power Purchase Cost per unit of energy (APPC) | X82: = | Y82: =+X79/F79 -> 6.430897
M83: 2 | N83: Base Weighted average Power Purchase Cost per unit of energy (BPPC) | X83: = | Y83: =+W79/E79 -> 5.4699651
M84: 3 | N84: Actual loss % for previous year (FY 2024-25) | X84: = | Y84: 0.0891
M85: 4 | N85: Approved T&D Loss for FY 2025-26 | X85: = | Y85: 0.0839
M86: 5 | N86: Loss % considered (lower of above two rows) | X86: = | Y86: =+MIN(Y84,Y85)*100 -> 8.39
M87: 6 | N87: FPPCA (Rs./Unit) = (APPC - BPPC ) / (1-(Loss in %/100)) (Rs./Unit) | X87: = | Y87: =+(Y82-Y83)/(1-(Y86/100)) -> 1.0489378
M88: 7 | N88: Actual loss % for FY 2025-26 | X88: = | Y88: 0.087
M89: 8 | N89: Sales in MU | X89: = | Y89: 2380.9858
M90: 9 | N90: Recovery through FPPCA (Millions) (6*8) | X90: = | Y90: =+Y89*Y87 -> 2497.506
M91: 10 | N91: Actual Power Purchase Cost variation (Millions) | X91: = | Y91: =+Y79 -> 1579.3754
M92: 11 | N92: Actual Power Purchase quantum (MU) | X92: = | Y92: =+F79 -> 2614.4623
M93: 12 | N93: Actual sales grossed up with actual losses (sales / (1-Actual losses) (MU) (8/(1-7) | X93: = | Y93: =+Y89/(1-Y88) -> 2607.8706
M94: 13 | N94: Actual sales grossed up with approved losses (sales / (1-Apporved losses) (MU) (8/(1-4) | X94: = | Y94: =+Y89/(1-Y85) -> 2599.0458
M95: 14 | N95: Power Purchase quantum as per Clause (G) of Regulation (Lower of the above) (MU) | X95: = | Y95: =+MIN(Y93,Y94,Y92) -> 2599.0458
M96: 15 | N96: Power Purchase Cost as per Clause (G) of Regulation (Millions) (14*1) | X96: = | Y96: =+Y95*Y82 -> 16714.196
M97: 16 | N97: Power Purchase Cost variation (Millions) | X97: = | Y97: =+Y96-W79 -> 1480.2335
M98: 17 | N98: FPPCA adjusted as per Clause (G) of Regulation (16/8) (Rs./Unit) | X98: = | Y98: =+Y97/Y89 -> 0.62168933
M99: 18 | N99: FPPCA Passed through automatically (Rs./Unit) | X99: = | Y99: 0.4

Sheet 05-25
A1: FPPCA FORMAT for the month of MAY, 2025 FY 25-26 (APEPDCL)
A2: S.No. | B2: Generating station/ Stage/Source | C2: Plant capacity (MW) | D2: Discom's share (%) | E2: Energy (MU) | H2: Cost Components (Rs.Millions) | Z2: 10
H3: Fixed (A) | K3: Variable (B) | N3: Incentive (C) | Q3: Income Tax (D) | T3: Others (E) | W3: Total F=(A+B+C+D+E)
E4: TO (a) | F4: Actual (b) | G4: Variance (c)= (b-a) | H4: TO (d) | I4: Actual (e) | J4: Variance (f)= (e-d) | K4: TO (g) | L4: Actual (h) | M4: Variance (i)= (h-g) | N4: TO (j) | O4: Actual (k) | P4: Variance (l)= (k-j) | Q4: TO (m) | R4: Actual (n) | S4: Variance (o)= (n-m) | T4: TO (p) | U4: Actual (q) | V4: Variance (r)= (q-p) | W4: TO (s) | X4: Actual (t) | Y4: Variance (u)= (t-s) | Z4: Avg as per Tariff Order | AA4: Actual
A5: 1 | B5: Dr. NTTPS | C5: 1260 | D5: 0.3622 | E5: 205.55 | F5: 214.28493 | G5: =F5-E5 -> 8.7349332 | H5: 239.375 | I5: 221.22608 | J5: =I5-H5 -> -18.148915 | K5: 869.4765 | L5: 914.90154 | M5: =L5-K5 -> 45.425044 | O5: 0 | P5: =O5-N5 -> 0 | R5: 0 | S5: =R5-Q5 -> 0 | U5: 0 | V5: =U5-T5 -> 0 | W5: =T5+Q5+N5+K5+H5 -> 1108.8515 | X5: =U5+R5+O5+L5+I5 -> 1136.1276 | Y5: =X5-W5 -> 27.276129 | Z5: =IFERROR(W5/E5,0) -> 5.3945585 | AA5: =IFERROR(X5/F5,0) -> 5.3019483
A6: =A5+1 -> 2 | B6: Dr. NTTPS-IV | C6: 500 | D6: 0.3622 | E6: 103.51 | F6: 92.682492 | G6: =F6-E6 -> -10.827508 | H6: 86.4 | I6: 90.558233 | J6: =I6-H6 -> 4.1582333 | K6: 407.8294 | L6: 371.94628 | M6: =L6-K6 -> -35.883122 | O6: 0 | P6: =O6-N6 -> 0 | R6: 0 | S6: =R6-Q6 -> 0 | U6: 0 | V6: =U6-T6 -> 0 | W6: =T6+Q6+N6+K6+H6 -> 494.2294 | X6: =U6+R6+O6+L6+I6 -> 462.50451 | Y6: =X6-W6 -> -31.724889 | Z6: =IFERROR(W6/E6,0) -> 4.774702 | AA6: =IFERROR(X6/F6,0) -> 4.9902037
A7: =A6+1 -> 3 | B7: Dr. NTTPS-V | C7: 800 | D7: 0.3622 | E7: 169.34 | F7: 39.30106 | G7: =F7-E7 -> -130.03894 | H7: 324.79167 | I7: 84.00188 | J7: =I7-H7 -> -240.78979 | K7: 565.5956 | L7: 125.8637 | M7: =L7-K7 -> -439.7319 | O7: 0 | P7: =O7-N7 -> 0 | R7: 0 | S7: =R7-Q7 -> 0 | U7: 0 | V7: =U7-T7 -> 0 | W7: =T7+Q7+N7+K7+H7 -> 890.38727 | X7: =U7+R7+O7+L7+I7 -> 209.86558 | Y7: =X7-W7 -> -680.52169 | Z7: =IFERROR(W7/E7,0) -> 5.2579855 | AA7: =IFERROR(X7/F7,0) -> 5.339947
A8: =A7+1 -> 4 | B8: Dr.M.V.R.RTPP Stage-I | C8: 420 | D8: 0.3622 | E8: 52.67 | F8: 63.544203 | G8: =F8-E8 -> 10.874203 | H8: 79.408333 | I8: 70.593952 | J8: =I8-H8 -> -8.8143809 | K8: 231.748 | L8: 307.33537 | M8: =L8-K8 -> 75.587373 | O8: 0 | P8: =O8-N8 -> 0 | R8: 0 | S8: =R8-Q8 -> 0 | U8: 0 | V8: =U8-T8 -> 0 | W8: =T8+Q8+N8+K8+H8 -> 311.15633 | X8: =U8+R8+O8+L8+I8 -> 377.92933 | Y8: =X8-W8 -> 66.772992 | Z8: =IFERROR(W8/E8,0) -> 5.9076577 | AA8: =IFERROR(X8/F8,0) -> 5.9475028
A9: =A8+1 -> 5 | B9: Dr.M.V.R.RTPP Stage-II | C9: 420 | D9: 0.3622 | E9: 54.35 | F9: 58.217726 | G9: =F9-E9 -> 3.867726 | H9: 87.775 | I9: 82.036846 | J9: =I9-H9 -> -5.7381539 | K9: 239.14 | L9: 281.57355 | M9: =L9-K9 -> 42.433545 | O9: 0 | P9: =O9-N9 -> 0 | R9: 0 | S9: =R9-Q9 -> 0 | U9: 0 | V9: =U9-T9 -> 0 | W9: =T9+Q9+N9+K9+H9 -> 326.915 | X9: =U9+R9+O9+L9+I9 -> 363.61039 | Y9: =X9-W9 -> 36.695392 | Z9: =IFERROR(W9/E9,0) -> 6.0149954 | AA9: =IFERROR(X9/F9,0) -> 6.245699
A10: =A9+1 -> 6 | B10: Dr.M.V.R.RTPP Stage-III | C10: 210 | D10: 0.3622 | E10: 30.86 | F10: 36.73976 | G10: =F10-E10 -> 5.8797604 | H10: 47.258333 | I10: 53.293857 | J10: =I10-H10 -> 6.0355233 | K10: 135.784 | L10: 177.69407 | M10: =L10-K10 -> 41.910068 | O10: 0 | P10: =O10-N10 -> 0 | R10: 0 | S10: =R10-Q10 -> 0 | U10: 0 | V10: =U10-T10 -> 0 | W10: =T10+Q10+N10+K10+H10 -> 183.04233 | X10: =U10+R10+O10+L10+I10 -> 230.98792 | Y10: =X10-W10 -> 47.945592 | Z10: =IFERROR(W10/E10,0) -> 5.9313783 | AA10: =IFERROR(X10/F10,0) -> 6.2871375
A11: =A10+1 -> 7 | B11: Dr.M.V.R.RTPP Stage-IV | C11: 600 | D11: 0.3622 | E11: 105.92 | F11: 96.051181 | G11: =F11-E11 -> -9.8688188 | H11: 184.25833 | I11: 190.88763 | J11: =I11-H11 -> 6.6292979 | K11: 434.272 | L11: 435.15824 | M11: =L11-K11 -> 0.88623907 | O11: 0 | P11: =O11-N11 -> 0 | R11: 0 | S11: =R11-Q11 -> 0 | U11: 0 | V11: =U11-T11 -> 0 | W11: =T11+Q11+N11+K11+H11 -> 618.53033 | X11: =U11+R11+O11+L11+I11 -> 626.04587 | Y11: =X11-W11 -> 7.515537 | Z11: =IFERROR(W11/E11,0) -> 5.8395991 | AA11: =IFERROR(X11/F11,0) -> 6.5178362
A12: =A11+1 -> 8 | B12: GENCO THERMAL TOTAL | C12: =SUM(C5:C11) -> 4210 | D12: 0.3622 | E12: =SUM(E5:E11) -> 722.2 | F12: =SUM(F5:F11) -> 600.82136 | G12: =SUM(G5:G11) -> -121.37864 | H12: =SUM(H5:H11) -> 1049.2667 | I12: =SUM(I5:I11) -> 792.59848 | J12: =SUM(J5:J11) -> -256.66818 | K12: =SUM(K5:K11) -> 2883.8455 | L12: =SUM(L5:L11) -> 2614.4727 | ... Y12: =SUM(Y5:Y11) -> -526.04094 | Z12: =IFERROR(W12/E12,0) -> 5.4460152 | AA12: =IFERROR(X12/F12,0) -> 5.6706893
A13: =A12+1 -> 9 | B13: Srisailam RCPH | C13: 770 | D13: 0.3622 | E13: 0 | F13: 0.02598544 | G13: =F13-E13 -> 0.02598544 | H13: 70.591667 | I13: 69.765397 | J13: =I13-H13 -> -0.82627 | K13: 0 | L13: 0 | M13: =L13-K13 -> 0 | O13: 0 | P13: =O13-N13 -> 0 | R13: 0 | S13: =R13-Q13 -> 0 | U13: 0 | V13: =U13-T13 -> 0 | W13: =T13+Q13+N13+K13+H13 -> 70.591667 | X13: =U13+R13+O13+L13+I13 -> 69.765397 | Y13: =X13-W13 -> -0.82627 | Z13: =IFERROR(W13/E13,0) -> 0 | AA13: =IFERROR(X13/F13,0) -> 2684.788
A14: =A13+1 -> 10 | B14: NSRCPH | C14: 90 | D14: 0.3622 | E14: 0 | F14: -0.014897806 | G14: =F14-E14 -> -0.014897806 | H14: 8.3 | I14: 8.1909233 | J14: =I14-H14 -> -0.10907667 | K14: 0 | L14: 0 | M14: =L14-K14 -> 0 | O14: 0 | P14: =O14-N14 -> 0 | R14: 0 | S14: =R14-Q14 -> 0 | U14: 0 | V14: =U14-T14 -> 0 | W14: =T14+Q14+N14+K14+H14 -> 8.3 | X14: =U14+R14+O14+L14+I14 -> 8.1909233 | Y14: =X14-W14 -> -0.10907667 | Z14: =IFERROR(W14/E14,0) -> 0 | AA14: =IFERROR(X14/F14,0) -> -549.80734
A15: =A14+1 -> 11 | B15: NSTPDC PH | C15: 50 | D15: 0.3622 | E15: 0 | F15: -0.03521104 | G15: =F15-E15 -> -0.03521104 | H15: 16.233333 | I15: 16.013463 | J15: =I15-H15 -> -0.21987 | K15: 0 | L15: 0 | M15: =L15-K15 -> 0 | O15: 0 | P15: =O15-N15 -> 0 | R15: 0 | S15: =R15-Q15 -> 0 | U15: 0 | V15: =U15-T15 -> 0 | W15: =T15+Q15+N15+K15+H15 -> 16.233333 | X15: =U15+R15+O15+L15+I15 -> 16.013463 | Y15: =X15-W15 -> -0.21987 | Z15: =IFERROR(W15/E15,0) -> 0 | AA15: =IFERROR(X15/F15,0) -> -454.7853
A16: =A15+1 -> 12 | B16: Upper Sileru | C16: 725 | D16: 0.3622 | E16: 10.24 | F16: 7.1859255 | G16: =F16-E16 -> -3.0540745 | H16: 27.856408 | I16: 27.506073 | J16: =I16-H16 -> -0.35033495 | K16: 0 | L16: 0 | M16: =L16-K16 -> 0 | O16: 0 | P16: =O16-N16 -> 0 | R16: 0 | S16: =R16-Q16 -> 0 | U16: 0 | V16: =U16-T16 -> 0 | W16: =T16+Q16+N16+K16+H16 -> 27.856408 | X16: =U16+R16+O16+L16+I16 -> 27.506073 | Y16: =X16-W16 -> -0.35033495 | Z16: =IFERROR(W16/E16,0) -> 2.7203524 | AA16: =IFERROR(X16/F16,0) -> 3.8277704
A17: =A16+1 -> 13 | B17: Lower Sileru | D17: 0.3622 | E17: 32.34 | F17: 39.302916 | G17: =F17-E17 -> 6.9629157 | H17: 53.398463 | I17: 52.719974 | J17: =I17-H17 -> -0.67848852 | K17: 0 | L17: 0 | M17: =L17-K17 -> 0 | O17: 0 | P17: =O17-N17 -> 0 | R17: 0 | S17: =R17-Q17 -> 0 | U17: 0 | V17: =U17-T17 -> 0 | W17: =T17+Q17+N17+K17+H17 -> 53.398463 | X17: =U17+R17+O17+L17+I17 -> 52.719974 | Y17: =X17-W17 -> -0.67848852 | Z17: =IFERROR(W17/E17,0) -> 1.6511584 | AA17: =IFERROR(X17/F17,0) -> 1.3413756
A18: =A17+1 -> 14 | B18: Donkarayi | D18: 0.3622 | E18: 3.01 | F18: 4.4244932 | G18: =F18-E18 -> 1.4144932 | H18: 2.9034625 | I18: 2.865216 | J18: =I18-H18 -> -0.038246523 | K18: 0 | L18: 0 | M18: =L18-K18 -> 0 | O18: 0 | P18: =O18-N18 -> 0 | R18: 0 | S18: =R18-Q18 -> 0 | U18: 0 | V18: =U18-T18 -> 0 | W18: =T18+Q18+N18+K18+H18 -> 2.9034625 | X18: =U18+R18+O18+L18+I18 -> 2.865216 | Y18: =X18-W18 -> -0.038246523 | Z18: =IFERROR(W18/E18,0) -> 0.96460548 | AA18: =IFERROR(X18/F18,0) -> 0.6475806
A19: =A18+1 -> 15 | B19: PABRHES | C19: 20 | D19: 0.3622 | E19: 0 | F19: -0.0086935904 | G19: =F19-E19 -> -0.0086935904 | H19: 4.575 | I19: 4.52631 | J19: =I19-H19 -> -0.04869 | K19: 0 | L19: 0 | M19: =L19-K19 -> 0 | O19: 0 | P19: =O19-N19 -> 0 | R19: 0 | S19: =R19-Q19 -> 0 | U19: 0 | V19: =U19-T19 -> 0 | W19: =T19+Q19+N19+K19+H19 -> 4.575 | X19: =U19+R19+O19+L19+I19 -> 4.52631 | Y19: =X19-W19 -> -0.04869 | Z19: =IFERROR(W19/E19,0) -> 0 | AA19: =IFERROR(X19/F19,0) -> -520.6491
A20: =A19+1 -> 16 | B20: Minihydel(Chettipet) | C20: 1 | D20: 0.3622 | E20: 0.04 | F20: -0.00042284 | G20: =F20-E20 -> -0.04042284 | H20: 0.81666667 | I20: 0.79763 | J20: =I20-H20 -> -0.019036667 | K20: 0 | L20: 0 | M20: =L20-K20 -> 0 | O20: 0 | P20: =O20-N20 -> 0 | R20: 0 | S20: =R20-Q20 -> 0 | U20: 0 | V20: =U20-T20 -> 0 | W20: =T20+Q20+N20+K20+H20 -> 0.81666667 | X20: =U20+R20+O20+L20+I20 -> 0.79763 | Y20: =X20-W20 -> -0.019036667 | Z20: =IFERROR(W20/E20,0) -> 20.416667 | AA20: =IFERROR(X20/F20,0) -> -1886.3636
A21: =A20+1 -> 17 | B21: Machkund HES (AP Share) | C21: 117.6 | D21: 0.3622 | E21: 7.93 | F21: 11.627485 | G21: =F21-E21 -> 3.697485 | H21: 12.342687 | I21: 12.174301 | J21: =I21-H21 -> -0.16838644 | K21: 0 | L21: 0 | M21: =L21-K21 -> 0 | O21: 0 | P21: =O21-N21 -> 0 | R21: 0 | S21: =R21-Q21 -> 0 | U21: 0 | V21: =U21-T21 -> 0 | W21: =T21+Q21+N21+K21+H21 -> 12.342687 | X21: =U21+R21+O21+L21+I21 -> 12.174301 | Y21: =X21-W21 -> -0.16838644 | Z21: =IFERROR(W21/E21,0) -> 1.5564549 | AA21: =IFERROR(X21/F21,0) -> 1.0470279
A22: =A21+1 -> 18 | B22: Tungabhadra HES (AP Share) | D22: 0.3622 | E22: 0 | F22: -0.05373912 | G22: =F22-E22 -> -0.05373912 | H22: 11.84898 | I22: 11.687329 | J22: =I22-H22 -> -0.16165061 | K22: 0 | L22: 0 | M22: =L22-K22 -> 0 | O22: 0 | P22: =O22-N22 -> 0 | R22: 0 | S22: =R22-Q22 -> 0 | U22: 0 | V22: =U22-T22 -> 0 | W22: =T22+Q22+N22+K22+H22 -> 11.84898 | X22: =U22+R22+O22+L22+I22 -> 11.687329 | Y22: =X22-W22 -> -0.16165061 | Z22: =IFERROR(W22/E22,0) -> 0 | AA22: =IFERROR(X22/F22,0) -> -217.4827
A23: =A22+1 -> 19 | B23: GENCO HYDEL(INCLUDING INTERSTATE)TOTAL | C23: =SUM(C13:C22) -> 1773.6 | D23: 0.3622 | E23: =SUM(E13:E22) -> 53.56 | F23: =SUM(F13:F22) -> 62.45384 | G23: =SUM(G13:G22) -> 8.8938405 | H23: =SUM(H13:H22) -> 208.86667 | I23: =SUM(I13:I22) -> 206.24662 | J23: =SUM(J13:J22) -> -2.6200504 | K23: =SUM(K13:K22) -> 0 | L23: =SUM(L13:L22) -> 0 | ... Y23: =SUM(Y13:Y22) -> -2.6200504 | Z23: =IFERROR(W23/E23,0) -> 3.8996764 | AA23: =IFERROR(X23/F23,0) -> 3.3023848
A24: =A23+1 -> 20 | B24: NTPC(SR) Ramagundam I & II | C24: 2100 | D24: 0.3622 | E24: 66.91 | F24: 50.669755 | G24: =F24-E24 -> -16.240245 | H24: 48.7 | I24: 50.42893 | J24: =I24-H24 -> 1.7289301 | K24: 266.9709 | L24: 186.66738 | M24: =L24-K24 -> -80.303522 | O24: 0 | P24: =O24-N24 -> 0 | R24: 0 | S24: =R24-Q24 -> 0 | U24: 0 | V24: =U24-T24 -> 0 | W24: =T24+Q24+N24+K24+H24 -> 315.6709 | X24: =U24+R24+O24+L24+I24 -> 237.09631 | Y24: =X24-W24 -> -78.574591 | Z24: =IFERROR(W24/E24,0) -> 4.7178434 | AA24: =IFERROR(X24/F24,0) -> 4.6792472
A25: =A24+1 -> 21 | B25: NTPC(SR) Simhadri Stage-I | C25: 1000 | D25: 0.3622 | E25: 116.65 | F25: 102.23015 | G25: =F25-E25 -> -14.419851 | H25: 96.741667 | I25: 109.71325 | J25: =I25-H25 -> 12.971582 | K25: 424.606 | L25: 375.67416 | M25: =L25-K25 -> -48.931836 | O25: 0 | P25: =O25-N25 -> 0 | R25: 0 | S25: =R25-Q25 -> 0 | U25: 13.909614 | V25: =U25-T25 -> 13.909614 | W25: =T25+Q25+N25+K25+H25 -> 521.34767 | X25: =U25+R25+O25+L25+I25 -> 499.29703 | Y25: =X25-W25 -> -22.05064 | Z25: =IFERROR(W25/E25,0) -> 4.4693328 | AA25: =IFERROR(X25/F25,0) -> 4.8840487
A26: =A25+1 -> 22 | B26: NTPC(SR) Simhadri Stage-II | C26: 1000 | D26: 0.3622 | E26: 54.78 | F26: 43.020474 | G26: =F26-E26 -> -11.759526 | H26: 63.708333 | I26: 72.365449 | J26: =I26-H26 -> 8.6571158 | K26: 199.3992 | L26: 156.29863 | M26: =L26-K26 -> -43.100572 | O26: 0 | P26: =O26-N26 -> 0 | R26: 0 | S26: =R26-Q26 -> 0 | U26: 0 | V26: =U26-T26 -> 0 | W26: =T26+Q26+N26+K26+H26 -> 263.10753 | X26: =U26+R26+O26+L26+I26 -> 228.66408 | Y26: =X26-W26 -> -34.443456 | Z26: =IFERROR(W26/E26,0) -> 4.8029853 | AA26: =IFERROR(X26/F26,0) -> 5.3152384
A27: =A26+1 -> 23 | B27: NTPC(SR) Talcher Stage-II | C27: 2000 | D27: 0.3622 | E27: 46.36 | F27: 42.626248 | G27: =F27-E27 -> -3.7337522 | H27: 32.758333 | I27: 36.074277 | J27: =I27-H27 -> 3.3159438 | K27: 81.13 | L27: 70.034925 | M27: =L27-K27 -> -11.095075 | O27: 0 | P27: =O27-N27 -> 0 | R27: 0 | S27: =R27-Q27 -> 0 | U27: 0 | V27: =U27-T27 -> 0 | W27: =T27+Q27+N27+K27+H27 -> 113.88833 | X27: =U27+R27+O27+L27+I27 -> 106.1092 | Y27: =X27-W27 -> -7.7791309 | Z27: =IFERROR(W27/E27,0) -> 2.4566077 | AA27: =IFERROR(X27/F27,0) -> 2.4892926
A28: =A27+1 -> 24 | B28: NTPC(SR) Ramagundam III | C28: 500 | D28: 0.3622 | E28: 16.5 | F28: 13.871668 | G28: =F28-E28 -> -2.6283321 | H28: 13.566667 | I28: 13.398164 | J28: =I28-H28 -> -0.1685023 | K28: 65.835 | L28: 50.159951 | M28: =L28-K28 -> -15.675049 | O28: 0 | P28: =O28-N28 -> 0 | R28: 0 | S28: =R28-Q28 -> 0 | U28: 0 | V28: =U28-T28 -> 0 | W28: =T28+Q28+N28+K28+H28 -> 79.401667 | X28: =U28+R28+O28+L28+I28 -> 63.558116 | Y28: =X28-W28 -> -15.843551 | Z28: =IFERROR(W28/E28,0) -> 4.8122222 | AA28: =IFERROR(X28/F28,0) -> 4.5818654
A29: =A28+1 -> 25 | B29: NTPC Kudgi Stage-I | C29: 2400 | D29: 0.3622 | E29: 0 | F29: 25.121826 | G29: =F29-E29 -> 25.121826 | H29: 0 | I29: 76.397951 | J29: =I29-H29 -> 76.397951 | K29: 0 | L29: 119.3682 | M29: =L29-K29 -> 119.3682 | O29: 0 | P29: =O29-N29 -> 0 | R29: 0 | S29: =R29-Q29 -> 0 | U29: 0 | V29: =U29-T29 -> 0 | W29: =T29+Q29+N29+K29+H29 -> 0 | X29: =U29+R29+O29+L29+I29 -> 195.76615 | Y29: =X29-W29 -> 195.76615 | Z29: =IFERROR(W29/E29,0) -> 0 | AA29: =IFERROR(X29/F29,0) -> 7.7926721
A30: 26 | B30: NTPC Telangana STPS - I | D30: 0.3622 | E30: 0 | F30: 0.23964572 | G30: =F30-E30 -> 0.23964572 | H30: 0 | I30: 1.1043224 | J30: =I30-H30 -> 1.1043224 | K30: 0 | L30: 0.85593118 | M30: =L30-K30 -> 0.85593118 | O30: 0 | P30: =O30-N30 -> 0 | R30: 0 | S30: =R30-Q30 -> 0 | U30: 0 | V30: =U30-T30 -> 0 | W30: =T30+Q30+N30+K30+H30 -> 0 | X30: =U30+R30+O30+L30+I30 -> 1.9602536 | Y30: =X30-W30 -> 1.9602536 | Z30: =IFERROR(W30/E30,0) -> 0 | AA30: =IFERROR(X30/F30,0) -> 8.1797978
A31: 27 | B31: NTECL Valluru | C31: 1500 | D31: 0.3622 | E31: 0 | F31: 14.145548 | G31: =F31-E31 -> 14.145548 | H31: 0 | I31: 35.207514 | J31: =I31-H31 -> 35.207514 | K31: 0 | L31: 52.964729 | M31: =L31-K31 -> 52.964729 | O31: 0 | P31: =O31-N31 -> 0 | R31: 0 | S31: =R31-Q31 -> 0 | U31: 1.2026874 | V31: =U31-T31 -> 1.2026874 | W31: =T31+Q31+N31+K31+H31 -> 0 | X31: =U31+R31+O31+L31+I31 -> 89.37493 | Y31: =X31-W31 -> 89.37493 | Z31: =IFERROR(W31/E31,0) -> 0 | AA31: =IFERROR(X31/F31,0) -> 6.3182373
A32: =A31+1 -> 28 | B32: NLC Stage-I | C32: 630 | D32: 0.3622 | E32: 10.58 | F32: 2.2381356 | G32: =F32-E32 -> -8.3418644 | H32: 8.5416667 | I32: 2.2606268 | J32: =I32-H32 -> -6.2810399 | K32: 34.2792 | L32: 7.2560355 | M32: =L32-K32 -> -27.023165 | O32: 0 | P32: =O32-N32 -> 0 | R32: 0 | S32: =R32-Q32 -> 0 | U32: 0.7494224 | V32: =U32-T32 -> 0.7494224 | W32: =T32+Q32+N32+K32+H32 -> 42.820867 | X32: =U32+R32+O32+L32+I32 -> 10.266085 | Y32: =X32-W32 -> -32.554782 | Z32: =IFERROR(W32/E32,0) -> 4.0473409 | AA32: =IFERROR(X32/F32,0) -> 4.5868914
A33: =A32+1 -> 29 | B33: NLC Stage-II | C33: 840 | D33: 0.3622 | E33: 19.45 | F33: 5.0956668 | G33: =F33-E33 -> -14.354333 | H33: 16.225 | I33: 5.2090321 | J33: =I33-H33 -> -11.015968 | K33: 63.018 | L33: 16.520152 | M33: =L33-K33 -> -46.497848 | O33: 0 | P33: =O33-N33 -> 0 | R33: 0 | S33: =R33-Q33 -> 0 | U33: 0 | V33: =U33-T33 -> 0 | W33: =T33+Q33+N33+K33+H33 -> 79.243 | X33: =U33+R33+O33+L33+I33 -> 21.729184 | Y33: =X33-W33 -> -57.513816 | Z33: =IFERROR(W33/E33,0) -> 4.0741902 | AA33: =IFERROR(X33/F33,0) -> 4.2642475
A34: =A33+1 -> 30 | B34: NPC(MAPS) | C34: 440 | D34: 0.3622 | E34: 2.69 | F34: 1.961717 | G34: =F34-E34 -> -0.72828302 | H34: 0 | I34: 0 | J34: =I34-H34 -> 0 | K34: 6.8864 | L34: 5.0921787 | M34: =L34-K34 -> -1.7942213 | O34: 0 | P34: =O34-N34 -> 0 | R34: 0 | S34: =R34-Q34 -> 0 | U34: 0 | V34: =U34-T34 -> 0 | W34: =T34+Q34+N34+K34+H34 -> 6.8864 | X34: =U34+R34+O34+L34+I34 -> 5.0921787 | Y34: =X34-W34 -> -1.7942213 | Z34: =IFERROR(W34/E34,0) -> 2.56 | AA34: =IFERROR(X34/F34,0) -> 2.5957764
A35: =A34+1 -> 31 | B35: NPC(KAIGA unit I,II,III,IV) | C35: 880 | D35: 0.3622 | E35: 19.51 | F35: 22.648137 | G35: =F35-E35 -> 3.1381369 | H35: 0 | I35: 0 | J35: =I35-H35 -> 0 | K35: 68.8703 | L35: 80.401309 | M35: =L35-K35 -> 11.531009 | O35: 0 | P35: =O35-N35 -> 0 | R35: 0 | S35: =R35-Q35 -> 0 | U35: 0 | V35: =U35-T35 -> 0 | W35: =T35+Q35+N35+K35+H35 -> 68.8703 | X35: =U35+R35+O35+L35+I35 -> 80.401309 | Y35: =X35-W35 -> 11.531009 | Z35: =IFERROR(W35/E35,0) -> 3.53 | AA35: =IFERROR(X35/F35,0) -> 3.5500187
A36: =A35+1 -> 32 | B36: NTPL(NLC TamilNadu) | C36: 1000 | D36: 0.3622 | E36: 0 | F36: 6.7515382 | G36: =F36-E36 -> 6.7515382 | H36: 0 | I36: 30.578057 | J36: =I36-H36 -> 30.578057 | K36: 0 | L36: -30.436041 | M36: =L36-K36 -> -30.436041 | O36: 0 | P36: =O36-N36 -> 0 | R36: 0 | S36: =R36-Q36 -> 0 | U36: 1.5231616 | V36: =U36-T36 -> 1.5231616 | W36: =T36+Q36+N36+K36+H36 -> 0 | X36: =U36+R36+O36+L36+I36 -> 1.6651774 | Y36: =X36-W36 -> 1.6651774 | Z36: =IFERROR(W36/E36,0) -> 0 | AA36: =IFERROR(X36/F36,0) -> 0.24663674
A37: =A36+1 -> 33 | B37: NLC NNTPS | C37: 1000 | D37: 0.3622 | E37: 0 | F37: 10.017787 | G37: =F37-E37 -> 10.017787 | H37: 0 | I37: 22.49156 | J37: =I37-H37 -> 22.49156 | K37: 0 | L37: 27.582002 | M37: =L37-K37 -> 27.582002 | O37: 0 | P37: =O37-N37 -> 0 | R37: 0 | S37: =R37-Q37 -> 0 | U37: 0 | V37: =U37-T37 -> 0 | W37: =T37+Q37+N37+K37+H37 -> 0 | X37: =U37+R37+O37+L37+I37 -> 50.073562 | Y37: =X37-W37 -> 50.073562 | Z37: =IFERROR(W37/E37,0) -> 0 | AA37: =IFERROR(X37/F37,0) -> 4.9984655
A38: =A37+1 -> 34 | B38: KKNPP Unit-I | C38: 1000 | D38: 0.3622 | E38: 0 | F38: 0.061655454 | G38: =F38-E38 -> 0.061655454 | H38: 0 | I38: 0 | J38: =I38-H38 -> 0 | K38: 0 | L38: 0.28137234 | M38: =L38-K38 -> 0.28137234 | O38: 0 | P38: =O38-N38 -> 0 | R38: 0 | S38: =R38-Q38 -> 0 | U38: 0.04377701 | V38: =U38-T38 -> 0.04377701 | W38: =T38+Q38+N38+K38+H38 -> 0 | X38: =U38+R38+O38+L38+I38 -> 0.32514935 | Y38: =X38-W38 -> 0.32514935 | Z38: =IFERROR(W38/E38,0) -> 0 | AA38: =IFERROR(X38/F38,0) -> 5.2736511
A39: =A38+1 -> 35 | B39: NLC TPS- I Expn. | C39: 630 | D39: 0.3622 | E39: 0 | F39: 0.051342386 | G39: =F39-E39 -> 0.051342386 | H39: 0 | I39: 0.045214281 | J39: =I39-H39 -> 0.045214281 | K39: 0 | L39: 0.15039266 | M39: =L39-K39 -> 0.15039266 | O39: 0 | P39: =O39-N39 -> 0 | R39: 0 | S39: =R39-Q39 -> 0 | U39: 0 | V39: =U39-T39 -> 0 | W39: =T39+Q39+N39+K39+H39 -> 0 | X39: =U39+R39+O39+L39+I39 -> 0.19560694 | Y39: =X39-W39 -> 0.19560694 | Z39: =IFERROR(W39/E39,0) -> 0 | AA39: =IFERROR(X39/F39,0) -> 3.8098529
A40: =A39+1 -> 36 | B40: NLC TPS- II Expn. | C40: 840 | D40: 0.3622 | E40: 0 | F40: 0.024450915 | G40: =F40-E40 -> 0.024450915 | H40: 0 | I40: 0.061620858 | J40: =I40-H40 -> 0.061620858 | K40: 0 | L40: 0.078995353 | M40: =L40-K40 -> 0.078995353 | O40: 0 | P40: =O40-N40 -> 0 | R40: 0 | S40: =R40-Q40 -> 0 | U40: 0 | V40: =U40-T40 -> 0 | W40: =T40+Q40+N40+K40+H40 -> 0 | X40: =U40+R40+O40+L40+I40 -> 0.14061621 | Y40: =X40-W40 -> 0.14061621 | Z40: =IFERROR(W40/E40,0) -> 0 | AA40: =IFERROR(X40/F40,0) -> 5.750959
A41: =A40+1 -> 37 | B41: JNNSM Ph-1 Thermal | D41: 0.3622 | E41: 8.04 | F41: 8.2243895 | G41: =F41-E41 -> 0.18438945 | H41: 9.7916667 | I41: 10.305829 | J41: =I41-H41 -> 0.51416268 | K41: 33.9288 | L41: 24.927451 | M41: =L41-K41 -> -9.0013487 | O41: 0 | P41: =O41-N41 -> 0 | R41: 0 | S41: =R41-Q41 -> 0 | U41: 0 | V41: =U41-T41 -> 0 | W41: =T41+Q41+N41+K41+H41 -> 43.720467 | X41: =U41+R41+O41+L41+I41 -> 35.233281 | Y41: =X41-W41 -> -8.4871861 | Z41: =IFERROR(W41/E41,0) -> 5.437869 | AA41: =IFERROR(X41/F41,0) -> 4.2839995
A42: =A41+1 -> 38 | B42: NTPC Aravali | D42: 0.3622 | E42: 0 | F42: 0 | G42: =F42-E42 -> 0 | H42: 0 | I42: 0 | J42: =I42-H42 -> 0 | K42: 0 | L42: 0 | M42: =L42-K42 -> 0 | O42: 0 | P42: =O42-N42 -> 0 | R42: 0 | S42: =R42-Q42 -> 0 | U42: 0 | V42: =U42-T42 -> 0 | W42: =T42+Q42+N42+K42+H42 -> 0 | X42: =U42+R42+O42+L42+I42 -> 0 | Y42: =X42-W42 -> 0 | Z42: =IFERROR(W42/E42,0) -> 0 | AA42: =IFERROR(X42/F42,0) -> 0
A43: =A42+1 -> 39 | B43: NTPC-DADRI | E43: 0 | F43: 0 | G43: =F43-E43 -> 0 | I43: 0 | J43: =I43-H43 -> 0 | K43: 0 | L43: 0 | M43: =L43-K43 -> 0 | O43: 0 | P43: =O43-N43 -> 0 | R43: 0 | S43: =R43-Q43 -> 0 | U43: 0 | V43: =U43-T43 -> 0 | W43: =T43+Q43+N43+K43+H43 -> 0 | X43: =U43+R43+O43+L43+I43 -> 0 | Y43: =X43-W43 -> 0 | Z43: =IFERROR(W43/E43,0) -> 0 | AA43: =IFERROR(X43/F43,0) -> 0
A44: =A43+1 -> 40 | B44: SCED | E44: 0 | F44: 0 | G44: =F44-E44 -> 0 | I44: 0 | J44: =I44-H44 -> 0 | K44: 0 | L44: 0 | M44: =L44-K44 -> 0 | O44: 0 | P44: =O44-N44 -> 0 | R44: 0 | S44: =R44-Q44 -> 0 | U44: 0 | V44: =U44-T44 -> 0 | W44: =T44+Q44+N44+K44+H44 -> 0 | X44: =U44+R44+O44+L44+I44 -> 0 | Y44: =X44-W44 -> 0 | Z44: =IFERROR(W44/E44,0) -> 0 | AA44: =IFERROR(X44/F44,0) -> 0
A45: 41 | B45: CGS TOTAL | C45: =SUM(C24:C41) -> 17760 | D45: 0.3622 | E45: =SUM(E24:E44) -> 361.47 | F45: =SUM(F24:F44) -> 349.00013 | G45: =SUM(G24:G44) -> -12.469867 | H45: =SUM(H24:H44) -> 290.03333 | I45: =SUM(I24:I44) -> 465.6418 | J45: =SUM(J24:J44) -> 175.60846 | K45: =SUM(K24:K44) -> 1244.9238 | L45: =SUM(L24:L44) -> 1143.8778 | ... Y45: =SUM(Y24:Y44) -> 91.99108 | Z45: =IFERROR(W45/E45,0) -> 4.2464302 | AA45: =IFERROR(X45/F45,0) -> 4.6617409
A46: =A45+1 -> 42 | B46: NCE- Others | C46: 152.66 | D46: 0.3622 | E46: 8.41 | F46: 8.2664707 | G46: =F46-E46 -> -0.14352926 | H46: 3.1416667 | I46: 0 | J46: =I46-H46 -> -3.1416667 | K46: 48.1052 | L46: 74.935871 | M46: =L46-K46 -> 26.830671 | O46: 0 | P46: =O46-N46 -> 0 | R46: 0 | S46: =R46-Q46 -> 0 | U46: 0 | V46: =U46-T46 -> 0 | W46: =T46+Q46+N46+K46+H46 -> 51.246867 | X46: =U46+R46+O46+L46+I46 -> 74.935871 | Y46: =X46-W46 -> 23.689005 | Z46: =IFERROR(W46/E46,0) -> 6.0935632 | AA46: =IFERROR(X46/F46,0) -> 9.065038
A47: =A46+1 -> 43 | B47: NCE Solar | C47: 3755.626 | D47: 0.3622 | E47: 283.02 | F47: 255.68019 | G47: =F47-E47 -> -27.339811 | H47: 0 | I47: 0 | J47: =I47-H47 -> 0 | K47: 1214.1558 | L47: 1110.3663 | M47: =L47-K47 -> -103.78948 | O47: 0 | P47: =O47-N47 -> 0 | R47: 0 | S47: =R47-Q47 -> 0 | U47: 6.8745308 | V47: =U47-T47 -> 6.8745308 | W47: =T47+Q47+N47+K47+H47 -> 1214.1558 | X47: =U47+R47+O47+L47+I47 -> 1117.2409 | Y47: =X47-W47 -> -96.914946 | Z47: =IFERROR(W47/E47,0) -> 4.29 | AA47: =IFERROR(X47/F47,0) -> 4.369681
A48: =A47+1 -> 44 | B48: NCE WIND | C48: 3688 | D48: 0.3622 | E48: 255.24 | F48: 295.38127 | G48: =F48-E48 -> 40.141273 | H48: 0 | I48: 0 | J48: =I48-H48 -> 0 | K48: 1179.2088 | L48: 1402.2925 | M48: =L48-K48 -> 223.0837 | O48: 0 | P48: =O48-N48 -> 0 | R48: 0 | S48: =R48-Q48 -> 0 | U48: 0 | V48: =U48-T48 -> 0 | W48: =T48+Q48+N48+K48+H48 -> 1179.2088 | X48: =U48+R48+O48+L48+I48 -> 1402.2925 | Y48: =X48-W48 -> 223.0837 | Z48: =IFERROR(W48/E48,0) -> 4.62 | AA48: =IFERROR(X48/F48,0) -> 4.7473981
A49: =A48+1 -> 45 | B49: NCE TOTAL | C49: =SUM(C46:C48) -> 7596.286 | D49: 0.3622 | E49: =SUM(E46:E48) -> 546.67 | F49: =SUM(F46:F48) -> 559.32793 | G49: =SUM(G46:G48) -> 12.657934 | H49: =SUM(H46:H48) -> 3.1416667 | I49: =SUM(I46:I48) -> 0 | J49: =SUM(J46:J48) -> -3.1416667 | K49: =SUM(K46:K48) -> 2441.4698 | L49: =SUM(L46:L48) -> 2587.5947 | ... Y49: =SUM(Y46:Y48) -> 149.85776 | Z49: =IFERROR(W49/E49,0) -> 4.471823 | AA49: =IFERROR(X49/F49,0) -> 4.6385476
A50: 46 | B50: SECI (APRAPSCOM) | E50: 82.85 | F50: 0 | G50: =F50-E50 -> -82.85 | H50: 0 | I50: 0 | J50: =I50-H50 -> 0 | K50: 206.2965 | L50: 0 | M50: =L50-K50 -> -206.2965 | O50: 0 | P50: =O50-N50 -> 0 | R50: 0 | S50: =R50-Q50 -> 0 | U50: 0 | V50: =U50-T50 -> 0 | W50: =T50+Q50+N50+K50+H50 -> 206.2965 | X50: =U50+R50+O50+L50+I50 -> 0 | Y50: =X50-W50 -> -206.2965 | Z50: =IFERROR(W50/E50,0) -> 2.49 | AA50: =IFERROR(X50/F50,0) -> 0
A51: 47 | B51: NCE Solar | E51: =SUM(E50) -> 82.85 | F51: =SUM(F50) -> 0 | G51: =SUM(G50) -> -82.85 | H51: =SUM(H50) -> 0 | I51: =SUM(I50) -> 0 | J51: =SUM(J50) -> 0 | K51: =SUM(K50) -> 206.2965 | L51: =SUM(L50) -> 0 | ... AA51: =SUM(AA50) -> 0
A52: 48 | B52: APPDCL Stage-I | C52: 1600 | D52: 0.3622 | E52: 279.84 | F52: 241.26597 | G52: =F52-E52 -> -38.574031 | H52: 361.01667 | I52: 352.27209 | J52: =I52-H52 -> -8.7445761 | K52: 1063.392 | L52: 880.62079 | M52: =L52-K52 -> -182.77121 | O52: 0 | P52: =O52-N52 -> 0 | R52: 0 | S52: =R52-Q52 -> 0 | U52: 0 | V52: =U52-T52 -> 0 | W52: =T52+Q52+N52+K52+H52 -> 1424.4087 | X52: =U52+R52+O52+L52+I52 -> 1232.8929 | Y52: =X52-W52 -> -191.51579 | Z52: =IFERROR(W52/E52,0) -> 5.0900824 | AA52: =IFERROR(X52/F52,0) -> 5.1100985
A53: =A52+1 -> 49 | B53: APPDCL Stage-II | C53: 800 | D53: 0.3622 | E53: 169.34 | F53: 166.52612 | G53: =F53-E53 -> -2.8138838 | H53: 365.55 | I53: 429.59963 | J53: =I53-H53 -> 64.049631 | K53: 541.888 | L53: 524.55727 | M53: =L53-K53 -> -17.330734 | O53: 0 | P53: =O53-N53 -> 0 | R53: 0 | S53: =R53-Q53 -> 0 | U53: 0 | V53: =U53-T53 -> 0 | W53: =T53+Q53+N53+K53+H53 -> 907.438 | X53: =U53+R53+O53+L53+I53 -> 954.1569 | Y53: =X53-W53 -> 46.718897 | Z53: =IFERROR(W53/E53,0) -> 5.3586749 | AA53: =IFERROR(X53/F53,0) -> 5.7297733
A54: =A53+1 -> 50 | B54: Godavari Gas Power Plant | C54: 216 | D54: 0.3622 | E54: 0 | F54: 0 | G54: =F54-E54 -> 0 | H54: 4.5583333 | I54: 3.6863356 | J54: =I54-H54 -> -0.87199768 | K54: 0 | L54: 0 | M54: =L54-K54 -> 0 | O54: 0 | P54: =O54-N54 -> 0 | R54: 0 | S54: =R54-Q54 -> 0 | U54: 0 | V54: =U54-T54 -> 0 | W54: =T54+Q54+N54+K54+H54 -> 4.5583333 | X54: =U54+R54+O54+L54+I54 -> 3.6863356 | Y54: =X54-W54 -> -0.87199768 | Z54: =IFERROR(W54/E54,0) -> 0 | AA54: =IFERROR(X54/F54,0) -> 0
A55: 51 | B55: TS NPDCL (TSPCC) | D55: 0.3622 | E55: 0 | F55: 0.65529937 | G55: =F55-E55 -> 0.65529937 | H55: 0 | I55: 0 | J55: =I55-H55 -> 0 | K55: 0 | L55: 5.0982292 | M55: =L55-K55 -> 5.0982292 | O55: 0 | P55: =O55-N55 -> 0 | R55: 0 | S55: =R55-Q55 -> 0 | U55: 0 | V55: =U55-T55 -> 0 | W55: =T55+Q55+N55+K55+H55 -> 0 | X55: =U55+R55+O55+L55+I55 -> 5.0982292 | Y55: =X55-W55 -> 5.0982292 | Z55: =IFERROR(W55/E55,0) -> 0 | AA55: =IFERROR(X55/F55,0) -> 7.7800002
A56: 52 | B56: JOINT SECTOR TOTAL | C56: =SUM(C52:C54) -> 2616 | D56: 0.3622 | E56: =SUM(E52:E55) -> 449.18 | F56: =SUM(F52:F55) -> 408.44738 | G56: =SUM(G52:G55) -> -40.732615 | H56: =SUM(H52:H55) -> 731.125 | I56: =SUM(I52:I55) -> 785.55806 | J56: =SUM(J52:J55) -> 54.433057 | K56: =SUM(K52:K55) -> 1605.28 | L56: =SUM(L52:L55) -> 1410.2763 | ... Y56: =SUM(Y52:Y55) -> -140.57066 | Z56: =IFERROR(W56/E56,0) -> 5.2014894 | AA56: =IFERROR(X56/F56,0) -> 5.3760519
A57: 53 | B57: SEIL P1 (230MW) | C57: 230.55 | D57: 0.3622 | E57: 58.58 | F57: 58.931494 | G57: =F57-E57 -> 0.35149429 | H57: 81.216667 | I57: 83.380381 | J57: =I57-H57 -> 2.1637145 | K57: 149.9648 | L57: 167.70204 | M57: =L57-K57 -> 17.737242 | O57: 0 | P57: =O57-N57 -> 0 | R57: 0 | S57: =R57-Q57 -> 0 | U57: 0 | V57: =U57-T57 -> 0 | W57: =T57+Q57+N57+K57+H57 -> 231.18147 | X57: =U57+R57+O57+L57+I57 -> 251.08242 | Y57: =X57-W57 -> 19.900956 | Z57: =IFERROR(W57/E57,0) -> 3.9464231 | AA57: =IFERROR(X57/F57,0) -> 4.2605813
A58: 54 | B58: SEIL P2 (500MW Firm) | C58: 500 | D58: 0.3622 | E58: 120.66 | F58: 121.22662 | G58: =F58-E58 -> 0.56661621 | H58: 199.2 | I58: 212.69156 | J58: =I58-H58 -> 13.491564 | K58: 300.4434 | L58: 278.82122 | M58: =L58-K58 -> -21.622183 | O58: 0 | P58: =O58-N58 -> 0 | R58: 0 | S58: =R58-Q58 -> 0 | U58: 7.8958432 | V58: =U58-T58 -> 7.8958432 | W58: =T58+Q58+N58+K58+H58 -> 499.6434 | X58: =U58+R58+O58+L58+I58 -> 499.40862 | Y58: =X58-W58 -> -0.23477592 | Z58: =IFERROR(W58/E58,0) -> 4.1409199 | AA58: =IFERROR(X58/F58,0) -> 4.1196285
A59: 55 | B59: SEMBCORP PROJECT-1 (625MW) | C59: 625 | D59: 0.3622 | E59: 150.83 | F59: 82.072634 | G59: =F59-E59 -> -68.757366 | H59: 236.575 | I59: 149.63583 | J59: =I59-H59 -> -86.939175 | K59: 386.1248 | L59: 211.7474 | M59: =L59-K59 -> -174.3774 | O59: 0 | P59: =O59-N59 -> 0 | R59: 0 | S59: =R59-Q59 -> 0 | U59: 0 | V59: =U59-T59 -> 0 | W59: =T59+Q59+N59+K59+H59 -> 622.6998 | X59: =U59+R59+O59+L59+I59 -> 361.38322 | Y59: =X59-W59 -> -261.31658 | Z59: =IFERROR(W59/E59,0) -> 4.1284877 | AA59: =IFERROR(X59/F59,0) -> 4.4032122
A60: 56 | B60: SEMBCORP PROJECT-2 (125MW) | C60: 125 | D60: 0.3622 | E60: 0 | F60: 24.483269 | G60: =F60-E60 -> 24.483269 | H60: 0 | I60: 50.412901 | J60: =I60-H60 -> 50.412901 | K60: 0 | L60: 56.311519 | M60: =L60-K60 -> 56.311519 | O60: 0 | P60: =O60-N60 -> 0 | R60: 0 | S60: =R60-Q60 -> 0 | U60: 0 | V60: =U60-T60 -> 0 | W60: =T60+Q60+N60+K60+H60 -> 0 | X60: =U60+R60+O60+L60+I60 -> 106.72442 | Y60: =X60-W60 -> 106.72442 | Z60: =IFERROR(W60/E60,0) -> 0 | AA60: =IFERROR(X60/F60,0) -> 4.3590755
A61: 57 | B61: HNPCL | C61: 1040 | D61: 0.3622 | E61: 175.54 | F61: 114.94025 | G61: =F61-E61 -> -60.599749 | H61: 256.86667 | I61: 179.98404 | J61: =I61-H61 -> -76.882627 | K61: 610.8792 | L61: 393.46347 | M61: =L61-K61 -> -217.41573 | O61: 0 | P61: =O61-N61 -> 0 | R61: 0 | S61: =R61-Q61 -> 0 | U61: 0 | V61: =U61-T61 -> 0 | W61: =T61+Q61+N61+K61+H61 -> 867.74587 | X61: =U61+R61+O61+L61+I61 -> 573.44751 | Y61: =X61-W61 -> -294.29836 | Z61: =IFERROR(W61/E61,0) -> 4.9432942 | AA61: =IFERROR(X61/F61,0) -> 4.9890922
A62: 58 | B62: IPPs TOTAL | C62: =SUM(C57:C61) -> 2520.55 | D62: 0.3622 | E62: =SUM(E57:E61) -> 505.61 | F62: =SUM(F57:F61) -> 401.65427 | G62: =SUM(G57:G61) -> -103.95573 | H62: =SUM(H57:H61) -> 773.85833 | I62: =SUM(I57:I61) -> 676.10471 | J62: =SUM(J57:J61) -> -97.753622 | K62: =SUM(K57:K61) -> 1447.4122 | L62: =SUM(L57:L61) -> 1108.0456 | ... Y62: =SUM(Y57:Y61) -> -429.22434 | Z62: =IFERROR(W62/E62,0) -> 4.3932488 | AA62: =IFERROR(X62/F62,0) -> 4.4616636
A63: =A62+1 -> 59 | B63: UI CHARGES | E63: 0 | F63: -13.102661 | G63: =F63-E63 -> -13.102661 | H63: 0 | I63: 0 | J63: =I63-H63 -> 0 | K63: 0 | L63: -9.4637854 | M63: =L63-K63 -> -9.4637854 | O63: 0 | P63: =O63-N63 -> 0 | R63: 0 | S63: =R63-Q63 -> 0 | U63: 0 | V63: =U63-T63 -> 0 | W63: =T63+Q63+N63+K63+H63 -> 0 | X63: =U63+R63+O63+L63+I63 -> -9.4637854 | Y63: =X63-W63 -> -9.4637854 | Z63: =IFERROR(W63/E63,0) -> 0 | AA63: =IFERROR(X63/F63,0) -> 0.72227964
A64: =A63+1 -> 60 | B64: Market Purchases | E64: 150.88 | F64: 165.27188 | G64: =F64-E64 -> 14.391881 | H64: 0 | I64: 0 | J64: =I64-H64 -> 0 | K64: 878.1216 | L64: 1169.787 | M64: =L64-K64 -> 291.66538 | O64: 0 | P64: =O64-N64 -> 0 | R64: 0 | S64: =R64-Q64 -> 0 | U64: 0 | V64: =U64-T64 -> 0 | W64: =T64+Q64+N64+K64+H64 -> 878.1216 | X64: =U64+R64+O64+L64+I64 -> 1169.787 | Y64: =X64-W64 -> 291.66538 | Z64: =IFERROR(W64/E64,0) -> 5.82 | AA64: =IFERROR(X64/F64,0) -> 7.0779553
A65: =A64+1 -> 61 | B65: Short term Sales | E65: 0 | F65: -24.862383 | G65: =F65-E65 -> -24.862383 | H65: 0 | I65: 0 | J65: =I65-H65 -> 0 | K65: 0 | L65: -69.659775 | M65: =L65-K65 -> -69.659775 | P65: =O65-N65 -> 0 | S65: =R65-Q65 -> 0 | V65: =U65-T65 -> 0 | W65: =T65+Q65+N65+K65+H65 -> 0 | X65: =U65+R65+O65+L65+I65 -> -69.659775 | Y65: =X65-W65 -> -69.659775 | Z65: =IFERROR(W65/E65,0) -> 0 | AA65: =IFERROR(X65/F65,0) -> 2.8018141
A66: =A65+1 -> 62 | B66: Purchase from SPDCL | E66: 0 | G66: =F66-E66 -> 0 | H66: 0 | J66: =I66-H66 -> 0 | K66: 0 | M66: =L66-K66 -> 0 | P66: =O66-N66 -> 0 | S66: =R66-Q66 -> 0 | V66: =U66-T66 -> 0 | W66: =T66+Q66+N66+K66+H66 -> 0 | X66: =U66+R66+O66+L66+I66 -> 0 | Y66: =X66-W66 -> 0 | Z66: =IFERROR(W66/E66,0) -> 0 | AA66: =IFERROR(X66/F66,0) -> 0
A67: =A66+1 -> 63 | B67: Purchase from CPDCL | E67: 0 | G67: =F67-E67 -> 0 | H67: 0 | J67: =I67-H67 -> 0 | K67: 0 | M67: =L67-K67 -> 0 | P67: =O67-N67 -> 0 | S67: =R67-Q67 -> 0 | V67: =U67-T67 -> 0 | W67: =T67+Q67+N67+K67+H67 -> 0 | X67: =U67+R67+O67+L67+I67 -> 0 | Y67: =X67-W67 -> 0 | Z67: =IFERROR(W67/E67,0) -> 0 | AA67: =IFERROR(X67/F67,0) -> 0
A68: 64 | B68: Sale to SPDCL | E68: 0 | G68: =F68-E68 -> 0 | H68: 0 | J68: =I68-H68 -> 0 | K68: 0 | M68: =L68-K68 -> 0 | P68: =O68-N68 -> 0 | S68: =R68-Q68 -> 0 | V68: =U68-T68 -> 0 | W68: =T68+Q68+N68+K68+H68 -> 0 | X68: =U68+R68+O68+L68+I68 -> 0 | Y68: =X68-W68 -> 0 | Z68: =IFERROR(W68/E68,0) -> 0 | AA68: =IFERROR(X68/F68,0) -> 0
A69: 65 | B69: Sale to CPDCL | E69: 0 | G69: =F69-E69 -> 0 | H69: 0 | J69: =I69-H69 -> 0 | K69: 0 | M69: =L69-K69 -> 0 | P69: =O69-N69 -> 0 | S69: =R69-Q69 -> 0 | V69: =U69-T69 -> 0 | W69: =T69+Q69+N69+K69+H69 -> 0 | X69: =U69+R69+O69+L69+I69 -> 0 | Y69: =X69-W69 -> 0 | Z69: =IFERROR(W69/E69,0) -> 0 | AA69: =IFERROR(X69/F69,0) -> 0
A70: 66 | B70: Swapping power | E70: 0 | F70: 0 | G70: =F70-E70 -> 0 | H70: 0 | I70: 0 | J70: =I70-H70 -> 0 | K70: 0 | L70: 0 | M70: =L70-K70 -> 0 | P70: =O70-N70 -> 0 | S70: =R70-Q70 -> 0 | V70: =U70-T70 -> 0 | W70: =T70+Q70+N70+K70+H70 -> 0 | X70: =U70+R70+O70+L70+I70 -> 0 | Y70: =X70-W70 -> 0 | Z70: =IFERROR(W70/E70,0) -> 0 | AA70: =IFERROR(X70/F70,0) -> 0
A71: 67 | B71: TOTAL OTHERS | E71: =SUM(E63:E70) -> 150.88 | F71: =SUM(F63:F70) -> 127.30684 | G71: =SUM(G63:G70) -> -23.573163 | H71: =SUM(H63:H70) -> 0 | I71: =SUM(I63:I70) -> 0 | J71: =SUM(J63:J70) -> 0 | K71: =SUM(K63:K70) -> 878.1216 | L71: =SUM(L63:L70) -> 1090.6634 | ... Y71: =SUM(Y63:Y70) -> 212.54182 | Z71: =IFERROR(W71/E71,0) -> 5.82 | AA71: =IFERROR(X71/F71,0) -> 8.5672023
A72: 68 | B72: TRANSMISSION COST | E72: 0 | F72: 0 | G72: =F72-E72 -> 0 | H72: 1166.0167 | I72: 1003.2743 | J72: =I72-H72 -> -162.74239 | K72: 0 | L72: 0 | M72: =L72-K72 -> 0 | O72: 0 | P72: =O72-N72 -> 0 | R72: 0 | S72: =R72-Q72 -> 0 | U72: 18.331905 | V72: =U72-T72 -> 18.331905 | W72: =T72+Q72+N72+K72+H72 -> 1166.0167 | X72: =U72+R72+O72+L72+I72 -> 1021.6062 | Y72: =X72-W72 -> -144.41048 | Z72: =IFERROR(W72/E72,0) -> 0 | AA72: =IFERROR(X72/F72,0) -> 0
A73: =A72+1 -> 69 | B73: SLDC COST | E73: 0 | F73: 0 | G73: =F73-E73 -> 0 | H73: 40.241667 | I73: 24.318797 | J73: =I73-H73 -> -15.92287 | K73: 0 | L73: 0 | M73: =L73-K73 -> 0 | O73: 0 | P73: =O73-N73 -> 0 | R73: 0 | S73: =R73-Q73 -> 0 | U73: 0 | V73: =U73-T73 -> 0 | W73: =T73+Q73+N73+K73+H73 -> 40.241667 | X73: =U73+R73+O73+L73+I73 -> 24.318797 | Y73: =X73-W73 -> -15.92287 | Z73: =IFERROR(W73/E73,0) -> 0 | AA73: =IFERROR(X73/F73,0) -> 0
A74: =A73+1 -> 70 | B74: PGCIL | E74: 0 | F74: 0 | G74: =F74-E74 -> 0 | H74: 544.125 | I74: 446.85986 | J74: =I74-H74 -> -97.26514 | K74: 0 | L74: 0 | M74: =L74-K74 -> 0 | O74: 0 | P74: =O74-N74 -> 0 | R74: 0 | S74: =R74-Q74 -> 0 | U74: 0 | V74: =U74-T74 -> 0 | W74: =T74+Q74+N74+K74+H74 -> 544.125 | X74: =U74+R74+O74+L74+I74 -> 446.85986 | Y74: =X74-W74 -> -97.26514 | Z74: =IFERROR(W74/E74,0) -> 0 | AA74: =IFERROR(X74/F74,0) -> 0
A75: =A74+1 -> 71 | B75: ULDC COST | E75: 0 | F75: 0 | G75: =F75-E75 -> 0 | H75: 1.6416667 | I75: 1.6543492 | J75: =I75-H75 -> 0.012682533 | K75: 0 | L75: 0 | M75: =L75-K75 -> 0 | O75: 0 | P75: =O75-N75 -> 0 | R75: 0 | S75: =R75-Q75 -> 0 | U75: 0 | V75: =U75-T75 -> 0 | W75: =T75+Q75+N75+K75+H75 -> 1.6416667 | X75: =U75+R75+O75+L75+I75 -> 1.6543492 | Y75: =X75-W75 -> 0.012682533 | Z75: =IFERROR(W75/E75,0) -> 0 | AA75: =IFERROR(X75/F75,0) -> 0
A76: =A75+1 -> 72 | B76: TOTAL TRANSMISSION & ULDC CHARGES | E76: =SUM(E72:E75) -> 0 | F76: =SUM(F72:F75) -> 0 | G76: =SUM(G72:G75) -> 0 | H76: =SUM(H72:H75) -> 1752.025 | I76: =SUM(I72:I75) -> 1476.1073 | J76: =SUM(J72:J75) -> -275.91771 | K76: =SUM(K72:K75) -> 0 | L76: =SUM(L72:L75) -> 0 | ... Y76: =SUM(Y72:Y75) -> -257.58581 | Z76: =IFERROR(W76/E76,0) -> 0 | AA76: =IFERROR(X76/F76,0) -> 0
A77: 73 | B77: TOTAL COST | E77: =E12+E23+E45+E49+E56+E62+E71+E76+E51 -> 2872.42 | F77: =F12+F23+F45+F49+F56+F62+F71+F76+F51 -> 2509.0117 | G77: =G12+G23+G45+G49+G56+G62+G71+G76+G51 -> -363.40825 | H77: =H12+H23+H45+H49+H56+H62+H71+H76+H51 -> 4808.3167 | I77: =I12+I23+I45+I49+I56+I62+I71+I76+I51 -> 4402.257 | J77: =J12+J23+J45+J49+J56+J62+J71+J76+J51 -> -406.05972 | K77: =K12+K23+K45+K49+K56+K62+K71+K76+K51 -> 10707.349 | L77: =L12+L23+L45+L49+L56+L62+L71+L76+L51 -> 9954.9305 | ... Y77: =Y12+Y23+Y45+Y49+Y56+Y62+Y71+Y76+Y51 -> -1107.9476 | Z77: =IFERROR(W77/E77,0) -> 5.4016008 | AA77: =IFERROR(X77/F77,0) -> 5.7423878
A78: 74 | B78: Past claims/refunds, if any, pertaining to the Month(s) prior to the month for which FPPCA is being filed (Previous FYs) | E78: 0 | F78: 0 | G78: =F78-E78 -> 0 | I78: 309.71146 | J78: =I78-H78 -> 309.71146 | K78: 0 | L78: 363.67818 | M78: =L78-K78 -> 363.67818 | P78: =O78-N78 -> 0 | S78: =R78-Q78 -> 0 | V78: =U78-T78 -> 0 | W78: =T78+Q78+N78+K78+H78 -> 0 | X78: =U78+R78+O78+L78+I78 -> 673.38963 | Y78: =X78-W78 -> 673.38963 | Z78: =IFERROR(W78/E78,0) -> 0 | AA78: =IFERROR(X78/F78,0) -> 0
A79: 75 | B79: POWER PURCHASE | E79: =SUM(E77:E78) -> 2872.42 | F79: =SUM(F77:F78) -> 2509.0117 | G79: =SUM(G77:G78) -> -363.40825 | H79: =SUM(H77:H78) -> 4808.3167 | I79: =SUM(I77:I78) -> 4711.9684 | J79: =SUM(J77:J78) -> -96.348257 | K79: =SUM(K77:K78) -> 10707.349 | L79: =SUM(L77:L78) -> 10318.609 | ... Y79: =SUM(Y77:Y78) -> -434.55799 | Z79: =IFERROR(W79/E79,0) -> 5.4016008 | AA79: =IFERROR(X79/F79,0) -> 6.0107762 | AB79: =AA79-Z79 -> 0.60917542
M82: 1 | N82: Actual Weighted average Power Purchase Cost per unit of energy (APPC) | X82: = | Y82: =+X79/F79 -> 6.0107762
M83: 2 | N83: Base Weighted average Power Purchase Cost per unit of energy (BPPC) | X83: = | Y83: =+W79/E79 -> 5.4016008
M84: 3 | N84: Actual loss % for previous year (FY 2024-25) | X84: = | Y84: 0.0891
M85: 4 | N85: Approved T&D Loss for FY 2025-26 | X85: = | Y85: 0.0839
M86: 5 | N86: Loss % considered (lower of above two rows) | X86: = | Y86: =+MIN(Y84,Y85)*100 -> 8.39
M87: 6 | N87: FPPCA (Rs./Unit) = (APPC - BPPC ) / (1-(Loss in %/100)) (Rs./Unit) | X87: = | Y87: =+(Y82-Y83)/(1-(Y86/100)) -> 0.66496607
M88: 7 | N88: Actual loss % for FY 2025-26 | X88: = | Y88: 0.087
M89: 8 | N89: Sales in MU | X89: = | Y89: 2305.0933
M90: 9 | N90: Recovery through FPPCA (Millions) (6*8) | X90: = | Y90: =+Y89*Y87 -> 1532.8089
M91: 10 | N91: Actual Power Purchase Cost variation (Millions) | X91: = | Y91: =+Y79 -> -434.55799
M92: 11 | N92: Actual Power Purchase quantum (MU) | X92: = | Y92: =+F79 -> 2509.0117
M93: 12 | N93: Actual sales grossed up with actual losses (sales / (1-Actual losses) (MU) (8/(1-7) | X93: = | Y93: =+Y89/(1-Y88) -> 2524.7462
M94: 13 | N94: Actual sales grossed up with approved losses (sales / (1-Apporved losses) (MU) (8/(1-4) | X94: = | Y94: =+Y89/(1-Y85) -> 2516.2027
M95: 14 | N95: Power Purchase quantum as per Clause (G) of Regulation (Lower of the above) (MU) | X95: = | Y95: =+MIN(Y93,Y94,Y92) -> 2509.0117
M96: 15 | N96: Power Purchase Cost as per Clause (G) of Regulation (Millions) (14*1) | X96: = | Y96: =+Y95*Y82 -> 15081.108
M97: 16 | N97: Power Purchase Cost variation (Millions) | X97: = | Y97: =+Y96-W79 -> -434.55799
M98: 17 | N98: FPPCA adjusted as per Clause (G) of Regulation (16/8) (Rs./Unit) | X98: = | Y98: =+Y97/Y89 -> -0.18852078
M99: 18 | N99: FPPCA Passed through automatically (Rs./Unit) | X99: = | Y99: 0.4

Sheet 06-25
A1: FPPCA FORMAT for the month of JUNE, 2025 FY 25-26 (APEPDCL)
A2: S.No. | B2: Generating station/ Stage/Source | C2: Plant capacity (MW) | D2: Discom's share (%) | E2: Energy (MU) | H2: Cost Components (Rs.Millions) | Z2: 10
H3: Fixed (A) | K3: Variable (B) | N3: Incentive (C) | Q3: Income Tax (D) | T3: Others (E) | W3: Total F=(A+B+C+D+E)
E4: TO (a) | F4: Actual (b) | G4: Variance (c)= (b-a) | H4: TO (d) | I4: Actual (e) | J4: Variance (f)= (e-d) | K4: TO (g) | L4: Actual (h) | M4: Variance (i)= (h-g) | N4: TO (j) | O4: Actual (k) | P4: Variance (l)= (k-j) | Q4: TO (m) | R4: Actual (n) | S4: Variance (o)= (n-m) | T4: TO (p) | U4: Actual (q) | V4: Variance (r)= (q-p) | W4: TO (s) | X4: Actual (t) | Y4: Variance (u)= (t-s) | Z4: Avg as per Tariff Order | AA4: Actual
A5: 1 | B5: Dr. NTTPS | C5: 1260 | D5: 0.3622 | E5: 187.19 | F5: 189.48538 | G5: =F5-E5 -> 2.2953832 | H5: 239.375 | I5: 203.46088 | J5: =I5-H5 -> -35.91412 | K5: 791.8137 | L5: 808.8277 | M5: =L5-K5 -> 17.014002 | O5: 0 | P5: =O5-N5 -> 0 | R5: 0 | S5: =R5-Q5 -> 0 | U5: 0 | V5: =U5-T5 -> 0 | W5: =T5+Q5+N5+K5+H5 -> 1031.1887 | X5: =U5+R5+O5+L5+I5 -> 1012.2886 | Y5: =X5-W5 -> -18.900118 | Z5: =IFERROR(W5/E5,0) -> 5.5087809 | AA5: =IFERROR(X5/F5,0) -> 5.3423043
A6: =A5+1 -> 2 | B6: Dr. NTTPS-IV | C6: 500 | D6: 0.3622 | E6: 92.05 | F6: 91.267305 | G6: =F6-E6 -> -0.7826952 | H6: 86.4 | I6: 86.883133 | J6: =I6-H6 -> 0.48313333 | K6: 362.677 | L6: 365.16902 | M6: =L6-K6 -> 2.4920231 | O6: 0 | P6: =O6-N6 -> 0 | R6: 0 | S6: =R6-Q6 -> 0 | U6: 0 | V6: =U6-T6 -> 0 | W6: =T6+Q6+N6+K6+H6 -> 449.077 | X6: =U6+R6+O6+L6+I6 -> 452.05216 | Y6: =X6-W6 -> 2.9751565 | Z6: =IFERROR(W6/E6,0) -> 4.8786203 | AA6: =IFERROR(X6/F6,0) -> 4.9530569
A7: =A6+1 -> 3 | B7: Dr. NTTPS-V | C7: 800 | D7: 0.3622 | E7: 175.66 | F7: 126.18617 | G7: =F7-E7 -> -49.473835 | H7: 324.79167 | I7: 300.51055 | J7: =I7-H7 -> -24.281116 | K7: 586.7044 | L7: 401.41482 | M7: =L7-K7 -> -185.28958 | O7: 0 | P7: =O7-N7 -> 0 | R7: 0 | S7: =R7-Q7 -> 0 | U7: 0 | V7: =U7-T7 -> 0 | W7: =T7+Q7+N7+K7+H7 -> 911.49607 | X7: =U7+R7+O7+L7+I7 -> 701.92537 | Y7: =X7-W7 -> -209.5707 | Z7: =IFERROR(W7/E7,0) -> 5.1889791 | AA7: =IFERROR(X7/F7,0) -> 5.5626175
A8: =A7+1 -> 4 | B8: Dr.M.V.R.RTPP Stage-I | C8: 420 | D8: 0.3622 | E8: 23.48 | F8: 56.326529 | G8: =F8-E8 -> 32.846529 | H8: 79.408333 | I8: 69.612214 | J8: =I8-H8 -> -9.7961198 | K8: 103.312 | L8: 272.51418 | M8: =L8-K8 -> 169.20218 | O8: 0 | P8: =O8-N8 -> 0 | R8: 0 | S8: =R8-Q8 -> 0 | U8: 0 | V8: =U8-T8 -> 0 | W8: =T8+Q8+N8+K8+H8 -> 182.72033 | X8: =U8+R8+O8+L8+I8 -> 342.12639 | Y8: =X8-W8 -> 159.40606 | Z8: =IFERROR(W8/E8,0) -> 7.7819563 | AA8: =IFERROR(X8/F8,0) -> 6.0739832
A9: =A8+1 -> 5 | B9: Dr.M.V.R.RTPP Stage-II | C9: 420 | D9: 0.3622 | E9: 49.64 | F9: 68.715922 | G9: =F9-E9 -> 19.075922 | H9: 87.775 | I9: 82.7956 | J9: =I9-H9 -> -4.9794 | K9: 218.416 | L9: 332.45548 | M9: =L9-K9 -> 114.03948 | O9: 0 | P9: =O9-N9 -> 0 | R9: 0 | S9: =R9-Q9 -> 0 | U9: 0 | V9: =U9-T9 -> 0 | W9: =T9+Q9+N9+K9+H9 -> 306.191 | X9: =U9+R9+O9+L9+I9 -> 415.25108 | Y9: =X9-W9 -> 109.06008 | Z9: =IFERROR(W9/E9,0) -> 6.1682313 | AA9: =IFERROR(X9/F9,0) -> 6.043011
A10: =A9+1 -> 6 | B10: Dr.M.V.R.RTPP Stage-III | C10: 210 | D10: 0.3622 | E10: 27.75 | F10: 35.711383 | G10: =F10-E10 -> 7.9613834 | H10: 47.258333 | I10: 51.131047 | J10: =I10-H10 -> 3.8727133 | K10: 122.1 | L10: 172.77575 | M10: =L10-K10 -> 50.67575 | O10: 0 | P10: =O10-N10 -> 0 | R10: 0 | S10: =R10-Q10 -> 0 | U10: 0 | V10: =U10-T10 -> 0 | W10: =T10+Q10+N10+K10+H10 -> 169.35833 | X10: =U10+R10+O10+L10+I10 -> 223.9068 | Y10: =X10-W10 -> 54.548463 | Z10: =IFERROR(W10/E10,0) -> 6.103003 | AA10: =IFERROR(X10/F10,0) -> 6.2698998
A11: =A10+1 -> 7 | B11: Dr.M.V.R.RTPP Stage-IV | C11: 600 | D11: 0.3622 | E11: 93.31 | F11: 95.104669 | G11: =F11-E11 -> 1.7946688 | H11: 184.25833 | I11: 180.48706 | J11: =I11-H11 -> -3.7712699 | K11: 382.571 | L11: 420.15889 | M11: =L11-K11 -> 37.58789 | O11: 0 | P11: =O11-N11 -> 0 | R11: 0 | S11: =R11-Q11 -> 0 | U11: 0 | V11: =U11-T11 -> 0 | W11: =T11+Q11+N11+K11+H11 -> 566.82933 | X11: =U11+R11+O11+L11+I11 -> 600.64595 | Y11: =X11-W11 -> 33.81662 | Z11: =IFERROR(W11/E11,0) -> 6.0746901 | AA11: =IFERROR(X11/F11,0) -> 6.3156306
A12: =A11+1 -> 8 | B12: GENCO THERMAL TOTAL | C12: =SUM(C5:C11) -> 4210 | D12: 0.3622 | E12: =SUM(E5:E11) -> 649.08 | F12: =SUM(F5:F11) -> 662.79736 | G12: =SUM(G5:G11) -> 13.717357 | H12: =SUM(H5:H11) -> 1049.2667 | I12: =SUM(I5:I11) -> 974.88049 | J12: =SUM(J5:J11) -> -74.386179 | K12: =SUM(K5:K11) -> 2567.5941 | L12: =SUM(L5:L11) -> 2773.3158 | ... Y12: =SUM(Y5:Y11) -> 131.33556 | Z12: =IFERROR(W12/E12,0) -> 5.5722881 | AA12: =IFERROR(X12/F12,0) -> 5.6551166
A13: =A12+1 -> 9 | B13: Srisailam RCPH | C13: 770 | D13: 0.3622 | E13: 0.43 | F13: 4.9906385 | G13: =F13-E13 -> 4.5606385 | H13: 70.591667 | I13: 66.934127 | J13: =I13-H13 -> -3.65754 | K13: 0 | L13: 0 | M13: =L13-K13 -> 0 | O13: 0 | P13: =O13-N13 -> 0 | R13: 0 | S13: =R13-Q13 -> 0 | U13: 0 | V13: =U13-T13 -> 0 | W13: =T13+Q13+N13+K13+H13 -> 70.591667 | X13: =U13+R13+O13+L13+I13 -> 66.934127 | Y13: =X13-W13 -> -3.65754 | Z13: =IFERROR(W13/E13,0) -> 164.16667 | AA13: =IFERROR(X13/F13,0) -> 13.411937
A14: =A13+1 -> 10 | B14: NSRCPH | C14: 90 | D14: 0.3622 | E14: 0 | F14: -0.014524819 | G14: =F14-E14 -> -0.014524819 | H14: 8.3 | I14: 7.8585133 | J14: =I14-H14 -> -0.44148667 | K14: 0 | L14: 0 | M14: =L14-K14 -> 0 | O14: 0 | P14: =O14-N14 -> 0 | R14: 0 | S14: =R14-Q14 -> 0 | U14: 0 | V14: =U14-T14 -> 0 | W14: =T14+Q14+N14+K14+H14 -> 8.3 | X14: =U14+R14+O14+L14+I14 -> 7.8585133 | Y14: =X14-W14 -> -0.44148667 | Z14: =IFERROR(W14/E14,0) -> 0 | AA14: =IFERROR(X14/F14,0) -> -541.04035
A15: =A14+1 -> 11 | B15: NSTPDC PH | C15: 50 | D15: 0.3622 | E15: 0 | F15: -0.01508392 | G15: =F15-E15 -> -0.01508392 | H15: 16.233333 | I15: 15.363593 | J15: =I15-H15 -> -0.86974 | K15: 0 | L15: 0 | M15: =L15-K15 -> 0 | O15: 0 | P15: =O15-N15 -> 0 | R15: 0 | S15: =R15-Q15 -> 0 | U15: 0 | V15: =U15-T15 -> 0 | W15: =T15+Q15+N15+K15+H15 -> 16.233333 | X15: =U15+R15+O15+L15+I15 -> 15.363593 | Y15: =X15-W15 -> -0.86974 | Z15: =IFERROR(W15/E15,0) -> 0 | AA15: =IFERROR(X15/F15,0) -> -1018.5412
A16: =A15+1 -> 12 | B16: Upper Sileru | C16: 725 | D16: 0.3622 | E16: 11.47 | F16: 10.151083 | G16: =F16-E16 -> -1.3189168 | H16: 27.856408 | I16: 26.389802 | J16: =I16-H16 -> -1.4666064 | K16: 0 | L16: 0 | M16: =L16-K16 -> 0 | O16: 0 | P16: =O16-N16 -> 0 | R16: 0 | S16: =R16-Q16 -> 0 | U16: 0 | V16: =U16-T16 -> 0 | W16: =T16+Q16+N16+K16+H16 -> 27.856408 | X16: =U16+R16+O16+L16+I16 -> 26.389802 | Y16: =X16-W16 -> -1.4666064 | Z16: =IFERROR(W16/E16,0) -> 2.4286319 | AA16: =IFERROR(X16/F16,0) -> 2.5997031
A17: =A16+1 -> 13 | B17: Lower Sileru | D17: 0.3622 | E17: 24.45 | F17: 37.479044 | G17: =F17-E17 -> 13.029044 | H17: 53.398463 | I17: 50.580454 | J17: =I17-H17 -> -2.8180088 | K17: 0 | L17: 0 | M17: =L17-K17 -> 0 | O17: 0 | P17: =O17-N17 -> 0 | R17: 0 | S17: =R17-Q17 -> 0 | U17: 0 | V17: =U17-T17 -> 0 | W17: =T17+Q17+N17+K17+H17 -> 53.398463 | X17: =U17+R17+O17+L17+I17 -> 50.580454 | Y17: =X17-W17 -> -2.8180088 | Z17: =IFERROR(W17/E17,0) -> 2.1839862 | AA17: =IFERROR(X17/F17,0) -> 1.3495663
A18: =A17+1 -> 14 | B18: Donkarayi | D18: 0.3622 | E18: 2.6 | F18: 2.0605026 | G18: =F18-E18 -> -0.53949744 | H18: 2.9034625 | I18: 2.7489377 | J18: =I18-H18 -> -0.1545248 | K18: 0 | L18: 0 | M18: =L18-K18 -> 0 | O18: 0 | P18: =O18-N18 -> 0 | R18: 0 | S18: =R18-Q18 -> 0 | U18: 0 | V18: =U18-T18 -> 0 | W18: =T18+Q18+N18+K18+H18 -> 2.9034625 | X18: =U18+R18+O18+L18+I18 -> 2.7489377 | Y18: =X18-W18 -> -0.1545248 | Z18: =IFERROR(W18/E18,0) -> 1.1167163 | AA18: =IFERROR(X18/F18,0) -> 1.3341103
A19: =A18+1 -> 15 | B19: PABRHES | C19: 20 | D19: 0.3622 | E19: 0 | F19: -0.008596728 | G19: =F19-E19 -> -0.008596728 | H19: 4.575 | I19: 4.34262 | J19: =I19-H19 -> -0.23238 | K19: 0 | L19: 0 | M19: =L19-K19 -> 0 | O19: 0 | P19: =O19-N19 -> 0 | R19: 0 | S19: =R19-Q19 -> 0 | U19: 0 | V19: =U19-T19 -> 0 | W19: =T19+Q19+N19+K19+H19 -> 4.575 | X19: =U19+R19+O19+L19+I19 -> 4.34262 | Y19: =X19-W19 -> -0.23238 | Z19: =IFERROR(W19/E19,0) -> 0 | AA19: =IFERROR(X19/F19,0) -> -505.14801
A20: =A19+1 -> 16 | B20: Minihydel(Chettipet) | C20: 1 | D20: 0.3622 | E20: 0.13 | F20: 0 | G20: =F20-E20 -> -0.13 | H20: 0.81666667 | I20: 0.60023393 | J20: =I20-H20 -> -0.21643273 | K20: 0 | L20: 0 | M20: =L20-K20 -> 0 | O20: 0 | P20: =O20-N20 -> 0 | R20: 0 | S20: =R20-Q20 -> 0 | U20: 0 | V20: =U20-T20 -> 0 | W20: =T20+Q20+N20+K20+H20 -> 0.81666667 | X20: =U20+R20+O20+L20+I20 -> 0.60023393 | Y20: =X20-W20 -> -0.21643273 | Z20: =IFERROR(W20/E20,0) -> 6.2820513 | AA20: =IFERROR(X20/F20,0) -> 0
A21: =A20+1 -> 17 | B21: Machkund HES (AP Share) | C21: 117.6 | D21: 0.3622 | E21: 9.46 | F21: 12.441911 | G21: =F21-E21 -> 2.9819106 | H21: 12.342687 | I21: 11.680234 | J21: =I21-H21 -> -0.66245275 | K21: 0 | L21: 0 | M21: =L21-K21 -> 0 | O21: 0 | P21: =O21-N21 -> 0 | R21: 0 | S21: =R21-Q21 -> 0 | U21: 0 | V21: =U21-T21 -> 0 | W21: =T21+Q21+N21+K21+H21 -> 12.342687 | X21: =U21+R21+O21+L21+I21 -> 11.680234 | Y21: =X21-W21 -> -0.66245275 | Z21: =IFERROR(W21/E21,0) -> 1.3047238 | AA21: =IFERROR(X21/F21,0) -> 0.93878141
A22: =A21+1 -> 18 | B22: Tungabhadra HES (AP Share) | D22: 0.3622 | E22: 0 | F22: -0.0556888 | G22: =F22-E22 -> -0.0556888 | H22: 11.84898 | I22: 11.213025 | J22: =I22-H22 -> -0.63595429 | K22: 0 | L22: 0 | M22: =L22-K22 -> 0 | O22: 0 | P22: =O22-N22 -> 0 | R22: 0 | S22: =R22-Q22 -> 0 | U22: 0 | V22: =U22-T22 -> 0 | W22: =T22+Q22+N22+K22+H22 -> 11.84898 | X22: =U22+R22+O22+L22+I22 -> 11.213025 | Y22: =X22-W22 -> -0.63595429 | Z22: =IFERROR(W22/E22,0) -> 0 | AA22: =IFERROR(X22/F22,0) -> -201.35153
A23: =A22+1 -> 19 | B23: GENCO HYDEL(INCLUDING INTERSTATE)TOTAL | C23: =SUM(C13:C22) -> 1773.6 | D23: 0.3622 | E23: =SUM(E13:E22) -> 48.54 | F23: =SUM(F13:F22) -> 67.029285 | G23: =SUM(G13:G22) -> 18.489285 | H23: =SUM(H13:H22) -> 208.86667 | I23: =SUM(I13:I22) -> 197.71154 | J23: =SUM(J13:J22) -> -11.155126 | K23: =SUM(K13:K22) -> 0 | L23: =SUM(L13:L22) -> 0 | ... Y23: =SUM(Y13:Y22) -> -11.155126 | Z23: =IFERROR(W23/E23,0) -> 4.3029804 | AA23: =IFERROR(X23/F23,0) -> 2.9496293
A24: =A23+1 -> 20 | B24: NTPC(SR) Ramagundam I & II | C24: 2100 | D24: 0.3622 | E24: 46.89 | F24: 40.825672 | G24: =F24-E24 -> -6.0643276 | H24: 48.7 | I24: 52.39095 | J24: =I24-H24 -> 3.6909502 | K24: 187.0911 | L24: 155.99489 | M24: =L24-K24 -> -31.096205 | O24: 0 | P24: =O24-N24 -> 0 | R24: 0 | S24: =R24-Q24 -> 0 | U24: 0 | V24: =U24-T24 -> 0 | W24: =T24+Q24+N24+K24+H24 -> 235.7911 | X24: =U24+R24+O24+L24+I24 -> 208.38584 | Y24: =X24-W24 -> -27.405255 | Z24: =IFERROR(W24/E24,0) -> 5.028601 | AA24: =IFERROR(X24/F24,0) -> 5.1042844
A25: =A24+1 -> 21 | B25: NTPC(SR) Simhadri Stage-I | C25: 1000 | D25: 0.3622 | E25: 115.79 | F25: 84.959957 | G25: =F25-E25 -> -30.830043 | H25: 96.741667 | I25: 108.38412 | J25: =I25-H25 -> 11.64245 | K25: 421.4756 | L25: 296.385 | M25: =L25-K25 -> -125.0906 | O25: 0 | P25: =O25-N25 -> 0 | R25: 0 | S25: =R25-Q25 -> 0 | U25: 17.549546 | V25: =U25-T25 -> 17.549546 | W25: =T25+Q25+N25+K25+H25 -> 518.21727 | X25: =U25+R25+O25+L25+I25 -> 422.31866 | Y25: =X25-W25 -> -95.898604 | Z25: =IFERROR(W25/E25,0) -> 4.4754924 | AA25: =IFERROR(X25/F25,0) -> 4.9707966
A26: =A25+1 -> 22 | B26: NTPC(SR) Simhadri Stage-II | C26: 1000 | D26: 0.3622 | E26: 39.58 | F26: 27.55655 | G26: =F26-E26 -> -12.02345 | H26: 63.708333 | I26: 71.052323 | J26: =I26-H26 -> 7.3439894 | K26: 144.0712 | L26: 96.212604 | M26: =L26-K26 -> -47.858596 | O26: 0 | P26: =O26-N26 -> 0 | R26: 0 | S26: =R26-Q26 -> 0 | U26: 0 | V26: =U26-T26 -> 0 | W26: =T26+Q26+N26+K26+H26 -> 207.77953 | X26: =U26+R26+O26+L26+I26 -> 167.26493 | Y26: =X26-W26 -> -40.514607 | Z26: =IFERROR(W26/E26,0) -> 5.2496092 | AA26: =IFERROR(X26/F26,0) -> 6.069879
A27: =A26+1 -> 23 | B27: NTPC(SR) Talcher Stage-II | C27: 2000 | D27: 0.3622 | E27: 41.62 | F27: 34.417369 | G27: =F27-E27 -> -7.2026307 | H27: 32.758333 | I27: 28.842976 | J27: =I27-H27 -> -3.9153572 | K27: 72.835 | L27: 62.613769 | M27: =L27-K27 -> -10.221231 | O27: 0 | P27: =O27-N27 -> 0 | R27: 0 | S27: =R27-Q27 -> 0 | U27: 0 | V27: =U27-T27 -> 0 | W27: =T27+Q27+N27+K27+H27 -> 105.59333 | X27: =U27+R27+O27+L27+I27 -> 91.456745 | Y27: =X27-W27 -> -14.136588 | Z27: =IFERROR(W27/E27,0) -> 2.5370815 | AA27: =IFERROR(X27/F27,0) -> 2.6572846
A28: =A27+1 -> 24 | B28: NTPC(SR) Ramagundam III | C28: 500 | D28: 0.3622 | E28: 18.57 | F28: 12.094375 | G28: =F28-E28 -> -6.4756252 | H28: 13.566667 | I28: 13.367041 | J28: =I28-H28 -> -0.19962536 | K28: 74.0943 | L28: 45.353906 | M28: =L28-K28 -> -28.740394 | O28: 0 | P28: =O28-N28 -> 0 | R28: 0 | S28: =R28-Q28 -> 0 | U28: 0 | V28: =U28-T28 -> 0 | W28: =T28+Q28+N28+K28+H28 -> 87.660967 | X28: =U28+R28+O28+L28+I28 -> 58.720947 | Y28: =X28-W28 -> -28.940019 | Z28: =IFERROR(W28/E28,0) -> 4.720569 | AA28: =IFERROR(X28/F28,0) -> 4.855228
A29: =A28+1 -> 25 | B29: NTPC Kudgi Stage-I | C29: 2400 | D29: 0.3622 | E29: 0 | F29: 22.307767 | G29: =F29-E29 -> 22.307767 | H29: 0 | I29: 74.460784 | J29: =I29-H29 -> 74.460784 | K29: 0 | L29: 103.50804 | M29: =L29-K29 -> 103.50804 | O29: 0 | P29: =O29-N29 -> 0 | R29: 0 | S29: =R29-Q29 -> 0 | U29: 0 | V29: =U29-T29 -> 0 | W29: =T29+Q29+N29+K29+H29 -> 0 | X29: =U29+R29+O29+L29+I29 -> 177.96882 | Y29: =X29-W29 -> 177.96882 | Z29: =IFERROR(W29/E29,0) -> 0 | AA29: =IFERROR(X29/F29,0) -> 7.977886
A30: 26 | B30: NTPC Telangana STPS - I | D30: 0.3622 | E30: 0 | F30: 0.16598803 | G30: =F30-E30 -> 0.16598803 | H30: 0 | I30: -0.81734968 | J30: =I30-H30 -> -0.81734968 | K30: 0 | L30: 0.60038022 | M30: =L30-K30 -> 0.60038022 | O30: 0 | P30: =O30-N30 -> 0 | R30: 0 | S30: =R30-Q30 -> 0 | U30: 0 | V30: =U30-T30 -> 0 | W30: =T30+Q30+N30+K30+H30 -> 0 | X30: =U30+R30+O30+L30+I30 -> -0.21696947 | Y30: =X30-W30 -> -0.21696947 | Z30: =IFERROR(W30/E30,0) -> 0 | AA30: =IFERROR(X30/F30,0) -> -1.3071392
A31: 27 | B31: NTECL Valluru | C31: 1500 | D31: 0.3622 | E31: 0 | F31: 11.479559 | G31: =F31-E31 -> 11.479559 | H31: 0 | I31: 32.342586 | J31: =I31-H31 -> 32.342586 | K31: 0 | L31: 44.250485 | M31: =L31-K31 -> 44.250485 | O31: 0 | P31: =O31-N31 -> 0 | R31: 0 | S31: =R31-Q31 -> 0 | U31: 1.1210709 | V31: =U31-T31 -> 1.1210709 | W31: =T31+Q31+N31+K31+H31 -> 0 | X31: =U31+R31+O31+L31+I31 -> 77.714143 | Y31: =X31-W31 -> 77.714143 | Z31: =IFERROR(W31/E31,0) -> 0 | AA31: =IFERROR(X31/F31,0) -> 6.7697844
A32: =A31+1 -> 28 | B32: NLC Stage-I | C32: 630 | D32: 0.3622 | E32: 11.04 | F32: 6.1271208 | G32: =F32-E32 -> -4.9128792 | H32: 8.5416667 | I32: 6.7324049 | J32: =I32-H32 -> -1.8092618 | K32: 35.7696 | L32: 19.855851 | M32: =L32-K32 -> -15.913749 | O32: 0 | P32: =O32-N32 -> 0 | R32: 0 | S32: =R32-Q32 -> 0 | U32: 0.76616024 | V32: =U32-T32 -> 0.76616024 | W32: =T32+Q32+N32+K32+H32 -> 44.311267 | X32: =U32+R32+O32+L32+I32 -> 27.354416 | Y32: =X32-W32 -> -16.956851 | Z32: =IFERROR(W32/E32,0) -> 4.0137017 | AA32: =IFERROR(X32/F32,0) -> 4.4644813
A33: =A32+1 -> 29 | B33: NLC Stage-II | C33: 840 | D33: 0.3622 | E33: 20.27 | F33: 5.1261725 | G33: =F33-E33 -> -15.143828 | H33: 16.225 | I33: 6.0176591 | J33: =I33-H33 -> -10.207341 | K33: 65.6748 | L33: 16.609036 | M33: =L33-K33 -> -49.065764 | O33: 0 | P33: =O33-N33 -> 0 | R33: 0 | S33: =R33-Q33 -> 0 | U33: 0 | V33: =U33-T33 -> 0 | W33: =T33+Q33+N33+K33+H33 -> 81.8998 | X33: =U33+R33+O33+L33+I33 -> 22.626695 | Y33: =X33-W33 -> -59.273105 | Z33: =IFERROR(W33/E33,0) -> 4.040444 | AA33: =IFERROR(X33/F33,0) -> 4.4139551
A34: =A33+1 -> 30 | B34: NPC(MAPS) | C34: 440 | D34: 0.3622 | E34: 0 | F34: 1.2612588 | G34: =F34-E34 -> 1.2612588 | H34: 0 | I34: 0 | J34: =I34-H34 -> 0 | K34: 0 | L34: 3.2832903 | M34: =L34-K34 -> 3.2832903 | O34: 0 | P34: =O34-N34 -> 0 | R34: 0 | S34: =R34-Q34 -> 0 | U34: 0.040664994 | V34: =U34-T34 -> 0.040664994 | W34: =T34+Q34+N34+K34+H34 -> 0 | X34: =U34+R34+O34+L34+I34 -> 3.3239553 | Y34: =X34-W34 -> 3.3239553 | Z34: =IFERROR(W34/E34,0) -> 0 | AA34: =IFERROR(X34/F34,0) -> 2.635427
A35: =A34+1 -> 31 | B35: NPC(KAIGA unit I,II,III,IV) | C35: 880 | D35: 0.3622 | E35: 13.41 | F35: 16.386743 | G35: =F35-E35 -> 2.9767429 | H35: 0 | I35: 0 | J35: =I35-H35 -> 0 | K35: 47.3373 | L35: 56.40799 | M35: =L35-K35 -> 9.0706899 | O35: 0 | P35: =O35-N35 -> 0 | R35: 0 | S35: =R35-Q35 -> 0 | U35: 0 | V35: =U35-T35 -> 0 | W35: =T35+Q35+N35+K35+H35 -> 47.3373 | X35: =U35+R35+O35+L35+I35 -> 56.40799 | Y35: =X35-W35 -> 9.0706899 | Z35: =IFERROR(W35/E35,0) -> 3.53 | AA35: =IFERROR(X35/F35,0) -> 3.4422942
A36: =A35+1 -> 32 | B36: NTPL(NLC TamilNadu) | C36: 1000 | D36: 0.3622 | E36: 0 | F36: 17.701466 | G36: =F36-E36 -> 17.701466 | H36: 0 | I36: 55.45915 | J36: =I36-H36 -> 55.45915 | K36: 0 | L36: 72.165977 | M36: =L36-K36 -> 72.165977 | O36: 0 | P36: =O36-N36 -> 0 | R36: 0 | S36: =R36-Q36 -> 0 | U36: 1.7479261 | V36: =U36-T36 -> 1.7479261 | W36: =T36+Q36+N36+K36+H36 -> 0 | X36: =U36+R36+O36+L36+I36 -> 129.37305 | Y36: =X36-W36 -> 129.37305 | Z36: =IFERROR(W36/E36,0) -> 0 | AA36: =IFERROR(X36/F36,0) -> 7.3086067
A37: =A36+1 -> 33 | B37: NLC NNTPS | C37: 1000 | D37: 0.3622 | E37: 0 | F37: 8.5724204 | G37: =F37-E37 -> 8.5724204 | H37: 0 | I37: 21.489036 | J37: =I37-H37 -> 21.489036 | K37: 0 | L37: 25.649433 | M37: =L37-K37 -> 25.649433 | O37: 0 | P37: =O37-N37 -> 0 | R37: 0 | S37: =R37-Q37 -> 0 | U37: 0 | V37: =U37-T37 -> 0 | W37: =T37+Q37+N37+K37+H37 -> 0 | X37: =U37+R37+O37+L37+I37 -> 47.138469 | Y37: =X37-W37 -> 47.138469 | Z37: =IFERROR(W37/E37,0) -> 0 | AA37: =IFERROR(X37/F37,0) -> 5.4988517
A38: =A37+1 -> 34 | B38: KKNPP Unit-I | C38: 1000 | D38: 0.3622 | E38: 0 | F38: 0.14233984 | G38: =F38-E38 -> 0.14233984 | H38: 0 | I38: 0 | J38: =I38-H38 -> 0 | K38: 0 | L38: 0.64957371 | M38: =L38-K38 -> 0.64957371 | O38: 0 | P38: =O38-N38 -> 0 | R38: 0 | S38: =R38-Q38 -> 0 | U38: 0 | V38: =U38-T38 -> 0 | W38: =T38+Q38+N38+K38+H38 -> 0 | X38: =U38+R38+O38+L38+I38 -> 0.64957371 | Y38: =X38-W38 -> 0.64957371 | Z38: =IFERROR(W38/E38,0) -> 0 | AA38: =IFERROR(X38/F38,0) -> 4.5635413
A39: =A38+1 -> 35 | B39: NLC TPS- I Expn. | C39: 630 | D39: 0.3622 | E39: 0 | F39: 0.10926032 | G39: =F39-E39 -> 0.10926032 | H39: 0 | I39: 0.11598797 | J39: =I39-H39 -> 0.11598797 | K39: 0 | L39: 0.32958291 | M39: =L39-K39 -> 0.32958291 | O39: 0 | P39: =O39-N39 -> 0 | R39: 0 | S39: =R39-Q39 -> 0 | U39: 0 | V39: =U39-T39 -> 0 | W39: =T39+Q39+N39+K39+H39 -> 0 | X39: =U39+R39+O39+L39+I39 -> 0.44557088 | Y39: =X39-W39 -> 0.44557088 | Z39: =IFERROR(W39/E39,0) -> 0 | AA39: =IFERROR(X39/F39,0) -> 4.0780668
A40: =A39+1 -> 36 | B40: NLC TPS- II Expn. | C40: 840 | D40: 0.3622 | E40: 0 | F40: 0.042184819 | G40: =F40-E40 -> 0.042184819 | H40: 0 | I40: 0.12726624 | J40: =I40-H40 -> 0.12726624 | K40: 0 | L40: 0.13393783 | M40: =L40-K40 -> 0.13393783 | O40: 0 | P40: =O40-N40 -> 0 | R40: 0 | S40: =R40-Q40 -> 0 | U40: 0 | V40: =U40-T40 -> 0 | W40: =T40+Q40+N40+K40+H40 -> 0 | X40: =U40+R40+O40+L40+I40 -> 0.26120408 | Y40: =X40-W40 -> 0.26120408 | Z40: =IFERROR(W40/E40,0) -> 0 | AA40: =IFERROR(X40/F40,0) -> 6.1918975
A41: =A40+1 -> 37 | B41: JNNSM Ph-1 Thermal | D41: 0.3622 | E41: 7.02 | F41: 1.2638278 | G41: =F41-E41 -> -5.7561722 | H41: 9.7916667 | I41: -4.3685739 | J41: =I41-H41 -> -14.160241 | K41: 29.6244 | L41: 4.0998626 | M41: =L41-K41 -> -25.524537 | O41: 0 | P41: =O41-N41 -> 0 | R41: 0 | S41: =R41-Q41 -> 0 | U41: 0 | V41: =U41-T41 -> 0 | W41: =T41+Q41+N41+K41+H41 -> 39.416067 | X41: =U41+R41+O41+L41+I41 -> -0.26871137 | Y41: =X41-W41 -> -39.684778 | Z41: =IFERROR(W41/E41,0) -> 5.6148243 | AA41: =IFERROR(X41/F41,0) -> -0.21261707
A42: =A41+1 -> 38 | B42: NTPC Aravali | D42: 0.3622 | E42: 0 | F42: 0 | G42: =F42-E42 -> 0 | H42: 0 | I42: 0 | J42: =I42-H42 -> 0 | K42: 0 | L42: 0 | M42: =L42-K42 -> 0 | O42: 0 | P42: =O42-N42 -> 0 | R42: 0 | S42: =R42-Q42 -> 0 | U42: 0 | V42: =U42-T42 -> 0 | W42: =T42+Q42+N42+K42+H42 -> 0 | X42: =U42+R42+O42+L42+I42 -> 0 | Y42: =X42-W42 -> 0 | Z42: =IFERROR(W42/E42,0) -> 0 | AA42: =IFERROR(X42/F42,0) -> 0
A43: =A42+1 -> 39 | B43: NTPC-DADRI | E43: 0 | F43: 0 | G43: =F43-E43 -> 0 | H43: 0 | I43: 0 | J43: =I43-H43 -> 0 | K43: 0 | L43: 0 | M43: =L43-K43 -> 0 | O43: 0 | P43: =O43-N43 -> 0 | R43: 0 | S43: =R43-Q43 -> 0 | U43: 0 | V43: =U43-T43 -> 0 | W43: =T43+Q43+N43+K43+H43 -> 0 | X43: =U43+R43+O43+L43+I43 -> 0 | Y43: =X43-W43 -> 0 | Z43: =IFERROR(W43/E43,0) -> 0 | AA43: =IFERROR(X43/F43,0) -> 0
A44: =A43+1 -> 40 | B44: SCED | E44: 0 | F44: 0 | G44: =F44-E44 -> 0 | H44: 0 | I44: 0 | J44: =I44-H44 -> 0 | K44: 0 | L44: 0 | M44: =L44-K44 -> 0 | O44: 0 | P44: =O44-N44 -> 0 | R44: 0 | S44: =R44-Q44 -> 0 | U44: 0 | V44: =U44-T44 -> 0 | W44: =T44+Q44+N44+K44+H44 -> 0 | X44: =U44+R44+O44+L44+I44 -> 0 | Y44: =X44-W44 -> 0 | Z44: =IFERROR(W44/E44,0) -> 0 | AA44: =IFERROR(X44/F44,0) -> 0
A45: 41 | B45: CGS TOTAL | C45: =SUM(C24:C41) -> 17760 | D45: 0.3622 | E45: =SUM(E24:E44) -> 314.19 | F45: =SUM(F24:F44) -> 290.54003 | G45: =SUM(G24:G44) -> -23.649967 | H45: =SUM(H24:H44) -> 290.03333 | I45: =SUM(I24:I44) -> 465.59636 | J45: =SUM(J24:J44) -> 175.56302 | K45: =SUM(K24:K44) -> 1077.9733 | L45: =SUM(L24:L44) -> 1004.1036 | ... Y45: =SUM(Y24:Y44) -> 122.91871 | Z45: =IFERROR(W45/E45,0) -> 4.3540744 | AA45: =IFERROR(X45/F45,0) -> 5.1315659
A46: =A45+1 -> 42 | B46: NCE- Others | C46: 152.66 | D46: 0.3622 | E46: 8.93 | F46: 6.8762416 | G46: =F46-E46 -> -2.0537584 | H46: 3.1416667 | I46: 0 | J46: =I46-H46 -> -3.1416667 | K46: 51.0796 | L46: 48.373064 | M46: =L46-K46 -> -2.7065364 | O46: 0 | P46: =O46-N46 -> 0 | R46: 0 | S46: =R46-Q46 -> 0 | U46: 0 | V46: =U46-T46 -> 0 | W46: =T46+Q46+N46+K46+H46 -> 54.221267 | X46: =U46+R46+O46+L46+I46 -> 48.373064 | Y46: =X46-W46 -> -5.8482031 | Z46: =IFERROR(W46/E46,0) -> 6.0718104 | AA46: =IFERROR(X46/F46,0) -> 7.0348115
A47: =A46+1 -> 43 | B47: NCE Solar | C47: 3755.626 | D47: 0.3622 | E47: 327.54 | F47: 207.46402 | G47: =F47-E47 -> -120.07598 | H47: 0 | I47: 0 | J47: =I47-H47 -> 0 | K47: 1405.1466 | L47: 895.4097 | M47: =L47-K47 -> -509.7369 | O47: 0 | P47: =O47-N47 -> 0 | R47: 0 | S47: =R47-Q47 -> 0 | U47: 6.6265099 | V47: =U47-T47 -> 6.6265099 | W47: =T47+Q47+N47+K47+H47 -> 1405.1466 | X47: =U47+R47+O47+L47+I47 -> 902.03621 | Y47: =X47-W47 -> -503.11039 | Z47: =IFERROR(W47/E47,0) -> 4.29 | AA47: =IFERROR(X47/F47,0) -> 4.3479163
A48: =A47+1 -> 44 | B48: NCE WIND | C48: 3688 | D48: 0.3622 | E48: 458.09 | F48: 500.56665 | G48: =F48-E48 -> 42.476654 | H48: 0 | I48: 0 | J48: =I48-H48 -> 0 | K48: 2116.3758 | L48: 2349.1894 | M48: =L48-K48 -> 232.81365 | O48: 0 | P48: =O48-N48 -> 0 | R48: 0 | S48: =R48-Q48 -> 0 | U48: 0 | V48: =U48-T48 -> 0 | W48: =T48+Q48+N48+K48+H48 -> 2116.3758 | X48: =U48+R48+O48+L48+I48 -> 2349.1894 | Y48: =X48-W48 -> 232.81365 | Z48: =IFERROR(W48/E48,0) -> 4.62 | AA48: =IFERROR(X48/F48,0) -> 4.6930602
A49: =A48+1 -> 45 | B49: NCE TOTAL | C49: =SUM(C46:C48) -> 7596.286 | D49: 0.3622 | E49: =SUM(E46:E48) -> 794.56 | F49: =SUM(F46:F48) -> 714.90692 | G49: =SUM(G46:G48) -> -79.653083 | H49: =SUM(H46:H48) -> 3.1416667 | I49: =SUM(I46:I48) -> 0 | J49: =SUM(J46:J48) -> -3.1416667 | K49: =SUM(K46:K48) -> 3572.602 | L49: =SUM(L46:L48) -> 3292.9722 | ... Y49: =SUM(Y46:Y48) -> -276.14495 | Z49: =IFERROR(W49/E49,0) -> 4.5002815 | AA49: =IFERROR(X49/F49,0) -> 4.6154242
A50: 46 | B50: SECI (APRAPSCOM) | E50: 86.37 | F50: 0 | G50: =F50-E50 -> -86.37 | H50: 0 | I50: 0 | J50: =I50-H50 -> 0 | K50: 215.0613 | L50: 0 | M50: =L50-K50 -> -215.0613 | O50: 0 | P50: =O50-N50 -> 0 | R50: 0 | S50: =R50-Q50 -> 0 | U50: 0 | V50: =U50-T50 -> 0 | W50: =T50+Q50+N50+K50+H50 -> 215.0613 | X50: =U50+R50+O50+L50+I50 -> 0 | Y50: =X50-W50 -> -215.0613 | Z50: =IFERROR(W50/E50,0) -> 2.49 | AA50: =IFERROR(X50/F50,0) -> 0
A51: 47 | B51: NCE Solar | E51: =SUM(E50) -> 86.37 | F51: =SUM(F50) -> 0 | G51: =SUM(G50) -> -86.37 | H51: =SUM(H50) -> 0 | I51: =SUM(I50) -> 0 | J51: =SUM(J50) -> 0 | K51: =SUM(K50) -> 215.0613 | L51: =SUM(L50) -> 0 | ... AA51: =SUM(AA50) -> 0
A52: 48 | B52: APPDCL Stage-I | C52: 1600 | D52: 0.3622 | E52: 157 | F52: 237.72332 | G52: =F52-E52 -> 80.723317 | H52: 361.01667 | I52: 360.75059 | J52: =I52-H52 -> -0.26607998 | K52: 596.6 | L52: 867.6901 | M52: =L52-K52 -> 271.0901 | O52: 0 | P52: =O52-N52 -> 0 | R52: 0 | S52: =R52-Q52 -> 0 | U52: 0 | V52: =U52-T52 -> 0 | W52: =T52+Q52+N52+K52+H52 -> 957.61667 | X52: =U52+R52+O52+L52+I52 -> 1228.4407 | Y52: =X52-W52 -> 270.82402 | Z52: =IFERROR(W52/E52,0) -> 6.0994692 | AA52: =IFERROR(X52/F52,0) -> 5.1675229
A53: =A52+1 -> 49 | B53: APPDCL Stage-II | C53: 800 | D53: 0.3622 | E53: 176.55 | F53: 13.245083 | G53: =F53-E53 -> -163.30492 | H53: 365.55 | I53: 35.904791 | J53: =I53-H53 -> -329.64521 | K53: 564.96 | L53: 40.397505 | M53: =L53-K53 -> -524.5625 | O53: 0 | P53: =O53-N53 -> 0 | R53: 0 | S53: =R53-Q53 -> 0 | U53: 0 | V53: =U53-T53 -> 0 | W53: =T53+Q53+N53+K53+H53 -> 930.51 | X53: =U53+R53+O53+L53+I53 -> 76.302296 | Y53: =X53-W53 -> -854.2077 | Z53: =IFERROR(W53/E53,0) -> 5.2705183 | AA53: =IFERROR(X53/F53,0) -> 5.7608016
A54: =A53+1 -> 50 | B54: Godavari Gas Power Plant | C54: 216 | D54: 0.3622 | E54: 0 | F54: 0 | G54: =F54-E54 -> 0 | H54: 4.5583333 | I54: 2.7217237 | J54: =I54-H54 -> -1.8366096 | K54: 0 | L54: 0 | M54: =L54-K54 -> 0 | O54: 0 | P54: =O54-N54 -> 0 | R54: 0 | S54: =R54-Q54 -> 0 | U54: 0 | V54: =U54-T54 -> 0 | W54: =T54+Q54+N54+K54+H54 -> 4.5583333 | X54: =U54+R54+O54+L54+I54 -> 2.7217237 | Y54: =X54-W54 -> -1.8366096 | Z54: =IFERROR(W54/E54,0) -> 0 | AA54: =IFERROR(X54/F54,0) -> 0
A55: 51 | B55: TS NPDCL (TSPCC) | D55: 0.3622 | E55: 0 | F55: 0.70366302 | G55: =F55-E55 -> 0.70366302 | H55: 0 | I55: 0 | J55: =I55-H55 -> 0 | K55: 0 | L55: 5.4744982 | M55: =L55-K55 -> 5.4744982 | O55: 0 | P55: =O55-N55 -> 0 | R55: 0 | S55: =R55-Q55 -> 0 | U55: 0 | V55: =U55-T55 -> 0 | W55: =T55+Q55+N55+K55+H55 -> 0 | X55: =U55+R55+O55+L55+I55 -> 5.4744982 | Y55: =X55-W55 -> 5.4744982 | Z55: =IFERROR(W55/E55,0) -> 0 | AA55: =IFERROR(X55/F55,0) -> 7.7799998
A56: 52 | B56: JOINT SECTOR TOTAL | C56: =SUM(C52:C54) -> 2616 | D56: 0.3622 | E56: =SUM(E52:E55) -> 333.55 | F56: =SUM(F52:F55) -> 251.67206 | G56: =SUM(G52:G55) -> -81.877937 | H56: =SUM(H52:H55) -> 731.125 | I56: =SUM(I52:I55) -> 399.3771 | J56: =SUM(J52:J55) -> -331.7479 | K56: =SUM(K52:K55) -> 1161.56 | L56: =SUM(L52:L55) -> 913.56211 | ... Y56: =SUM(Y52:Y55) -> -579.74579 | Z56: =IFERROR(W56/E56,0) -> 5.6743667 | AA56: =IFERROR(X56/F56,0) -> 5.2168651
A57: 53 | B57: SEIL P1 (230MW) | C57: 230.55 | D57: 0.3622 | E57: 61.08 | F57: 51.687539 | G57: =F57-E57 -> -9.3924613 | H57: 81.216667 | I57: 76.708079 | J57: =I57-H57 -> -4.5085875 | K57: 156.3648 | L57: 147.10661 | M57: =L57-K57 -> -9.2581931 | O57: 0 | P57: =O57-N57 -> 0 | R57: 0 | S57: =R57-Q57 -> 0 | U57: 0 | V57: =U57-T57 -> 0 | W57: =T57+Q57+N57+K57+H57 -> 237.58147 | X57: =U57+R57+O57+L57+I57 -> 223.81469 | Y57: =X57-W57 -> -13.766781 | Z57: =IFERROR(W57/E57,0) -> 3.8896769 | AA57: =IFERROR(X57/F57,0) -> 4.3301479
A58: 54 | B58: SEIL P2 (500MW Firm) | C58: 500 | D58: 0.3622 | E58: 125.8 | F58: 125.95432 | G58: =F58-E58 -> 0.15432042 | H58: 199.2 | I58: 206.57573 | J58: =I58-H58 -> 7.3757275 | K58: 313.242 | L58: 289.69494 | M58: =L58-K58 -> -23.547063 | O58: 0 | P58: =O58-N58 -> 0 | R58: 0 | S58: =R58-Q58 -> 0 | U58: 0 | V58: =U58-T58 -> 0 | W58: =T58+Q58+N58+K58+H58 -> 512.442 | X58: =U58+R58+O58+L58+I58 -> 496.27066 | Y58: =X58-W58 -> -16.171336 | Z58: =IFERROR(W58/E58,0) -> 4.0734658 | AA58: =IFERROR(X58/F58,0) -> 3.9400845
A59: 55 | B59: SEMBCORP PROJECT-1 (625MW) | C59: 625 | D59: 0.3622 | E59: 157.26 | F59: 105.13985 | G59: =F59-E59 -> -52.120153 | H59: 236.575 | I59: 167.26067 | J59: =I59-H59 -> -69.314334 | K59: 402.5856 | L59: 266.00381 | M59: =L59-K59 -> -136.58179 | O59: 0 | P59: =O59-N59 -> 0 | R59: 0 | S59: =R59-Q59 -> 0 | U59: 0 | V59: =U59-T59 -> 0 | W59: =T59+Q59+N59+K59+H59 -> 639.1606 | X59: =U59+R59+O59+L59+I59 -> 433.26448 | Y59: =X59-W59 -> -205.89612 | Z59: =IFERROR(W59/E59,0) -> 4.0643558 | AA59: =IFERROR(X59/F59,0) -> 4.1208399
A60: 56 | B60: SEMBCORP PROJECT-2 (125MW) | C60: 125 | D60: 0.3622 | E60: 0 | F60: 25.32432 | G60: =F60-E60 -> 25.32432 | H60: 0 | I60: 50.186304 | J60: =I60-H60 -> 50.186304 | K60: 0 | L60: 58.245937 | M60: =L60-K60 -> 58.245937 | O60: 0 | P60: =O60-N60 -> 0 | R60: 0 | S60: =R60-Q60 -> 0 | U60: 0 | V60: =U60-T60 -> 0 | W60: =T60+Q60+N60+K60+H60 -> 0 | X60: =U60+R60+O60+L60+I60 -> 108.43224 | Y60: =X60-W60 -> 108.43224 | Z60: =IFERROR(W60/E60,0) -> 0 | AA60: =IFERROR(X60/F60,0) -> 4.2817434
A61: 57 | B61: HNPCL | C61: 1040 | D61: 0.3622 | E61: 179.38 | F61: 166.9648 | G61: =F61-E61 -> -12.415204 | H61: 256.86667 | I61: 262.80968 | J61: =I61-H61 -> 5.9430085 | K61: 624.2424 | L61: 581.87231 | M61: =L61-K61 -> -42.370087 | O61: 0 | P61: =O61-N61 -> 0 | R61: 0 | S61: =R61-Q61 -> 0 | U61: 0 | V61: =U61-T61 -> 0 | W61: =T61+Q61+N61+K61+H61 -> 881.10907 | X61: =U61+R61+O61+L61+I61 -> 844.68199 | Y61: =X61-W61 -> -36.427079 | Z61: =IFERROR(W61/E61,0) -> 4.9119694 | AA61: =IFERROR(X61/F61,0) -> 5.0590424
A62: 58 | B62: IPPs TOTAL | C62: =SUM(C57:C61) -> 2520.55 | D62: 0.3622 | E62: =SUM(E57:E61) -> 523.52 | F62: =SUM(F57:F61) -> 475.07082 | G62: =SUM(G57:G61) -> -48.449178 | H62: =SUM(H57:H61) -> 773.85833 | I62: =SUM(I57:I61) -> 763.54045 | J62: =SUM(J57:J61) -> -10.317881 | K62: =SUM(K57:K61) -> 1496.4348 | L62: =SUM(L57:L61) -> 1342.9236 | ... Y62: =SUM(Y57:Y61) -> -163.82908 | Z62: =IFERROR(W62/E62,0) -> 4.3365929 | AA62: =IFERROR(X62/F62,0) -> 4.4340001
A63: =A62+1 -> 59 | B63: UI CHARGES | E63: 0 | F63: -6.7561999 | G63: =F63-E63 -> -6.7561999 | H63: 0 | I63: 0 | J63: =I63-H63 -> 0 | K63: 0 | L63: 14.558383 | M63: =L63-K63 -> 14.558383 | O63: 0 | P63: =O63-N63 -> 0 | R63: 0 | S63: =R63-Q63 -> 0 | U63: 0 | V63: =U63-T63 -> 0 | W63: =T63+Q63+N63+K63+H63 -> 0 | X63: =U63+R63+O63+L63+I63 -> 14.558383 | Y63: =X63-W63 -> 14.558383 | Z63: =IFERROR(W63/E63,0) -> 0 | AA63: =IFERROR(X63/F63,0) -> -2.1548182
A64: =A63+1 -> 60 | B64: Market Purchases | E64: 116.59 | F64: 138.56328 | G64: =F64-E64 -> 21.973276 | H64: 0 | I64: 0 | J64: =I64-H64 -> 0 | K64: 678.5538 | L64: 944.2338 | M64: =L64-K64 -> 265.68 | O64: 0 | P64: =O64-N64 -> 0 | R64: 0 | S64: =R64-Q64 -> 0 | U64: 0 | V64: =U64-T64 -> 0 | W64: =T64+Q64+N64+K64+H64 -> 678.5538 | X64: =U64+R64+O64+L64+I64 -> 944.2338 | Y64: =X64-W64 -> 265.68 | Z64: =IFERROR(W64/E64,0) -> 5.82 | AA64: =IFERROR(X64/F64,0) -> 6.8144592
A65: =A64+1 -> 61 | B65: Short term Sales | E65: 0 | F65: -26.805957 | G65: =F65-E65 -> -26.805957 | H65: 0 | I65: 0 | J65: =I65-H65 -> 0 | K65: 0 | L65: -85.849644 | M65: =L65-K65 -> -85.849644 | P65: =O65-N65 -> 0 | S65: =R65-Q65 -> 0 | V65: =U65-T65 -> 0 | W65: =T65+Q65+N65+K65+H65 -> 0 | X65: =U65+R65+O65+L65+I65 -> -85.849644 | Y65: =X65-W65 -> -85.849644 | Z65: =IFERROR(W65/E65,0) -> 0 | AA65: =IFERROR(X65/F65,0) -> 3.202633
A66: =A65+1 -> 62 | B66: Purchase from SPDCL | E66: 0 | G66: =F66-E66 -> 0 | H66: 0 | J66: =I66-H66 -> 0 | K66: 0 | M66: =L66-K66 -> 0 | P66: =O66-N66 -> 0 | S66: =R66-Q66 -> 0 | V66: =U66-T66 -> 0 | W66: =T66+Q66+N66+K66+H66 -> 0 | X66: =U66+R66+O66+L66+I66 -> 0 | Y66: =X66-W66 -> 0 | Z66: =IFERROR(W66/E66,0) -> 0 | AA66: =IFERROR(X66/F66,0) -> 0
A67: =A66+1 -> 63 | B67: Purchase from CPDCL | E67: 0 | G67: =F67-E67 -> 0 | H67: 0 | J67: =I67-H67 -> 0 | K67: 0 | M67: =L67-K67 -> 0 | P67: =O67-N67 -> 0 | S67: =R67-Q67 -> 0 | V67: =U67-T67 -> 0 | W67: =T67+Q67+N67+K67+H67 -> 0 | X67: =U67+R67+O67+L67+I67 -> 0 | Y67: =X67-W67 -> 0 | Z67: =IFERROR(W67/E67,0) -> 0 | AA67: =IFERROR(X67/F67,0) -> 0
A68: 64 | B68: Sale to SPDCL | E68: 0 | G68: =F68-E68 -> 0 | H68: 0 | J68: =I68-H68 -> 0 | K68: 0 | M68: =L68-K68 -> 0 | P68: =O68-N68 -> 0 | S68: =R68-Q68 -> 0 | V68: =U68-T68 -> 0 | W68: =T68+Q68+N68+K68+H68 -> 0 | X68: =U68+R68+O68+L68+I68 -> 0 | Y68: =X68-W68 -> 0 | Z68: =IFERROR(W68/E68,0) -> 0 | AA68: =IFERROR(X68/F68,0) -> 0
A69: 65 | B69: Sale to CPDCL | E69: 0 | G69: =F69-E69 -> 0 | H69: 0 | J69: =I69-H69 -> 0 | K69: 0 | M69: =L69-K69 -> 0 | P69: =O69-N69 -> 0 | S69: =R69-Q69 -> 0 | V69: =U69-T69 -> 0 | W69: =T69+Q69+N69+K69+H69 -> 0 | X69: =U69+R69+O69+L69+I69 -> 0 | Y69: =X69-W69 -> 0 | Z69: =IFERROR(W69/E69,0) -> 0 | AA69: =IFERROR(X69/F69,0) -> 0
A70: 66 | B70: Swapping power | E70: 0 | F70: -172.27014 | G70: =F70-E70 -> -172.27014 | H70: 0 | I70: 0 | J70: =I70-H70 -> 0 | K70: 0 | L70: -830.65221 | M70: =L70-K70 -> -830.65221 | P70: =O70-N70 -> 0 | S70: =R70-Q70 -> 0 | V70: =U70-T70 -> 0 | W70: =T70+Q70+N70+K70+H70 -> 0 | X70: =U70+R70+O70+L70+I70 -> -830.65221 | Y70: =X70-W70 -> -830.65221 | Z70: =IFERROR(W70/E70,0) -> 0 | AA70: =IFERROR(X70/F70,0) -> 4.8218002
A71: 67 | B71: TOTAL OTHERS | E71: =SUM(E63:E70) -> 116.59 | F71: =SUM(F63:F70) -> -67.269025 | G71: =SUM(G63:G70) -> -183.85902 | H71: =SUM(H63:H70) -> 0 | I71: =SUM(I63:I70) -> 0 | J71: =SUM(J63:J70) -> 0 | K71: =SUM(K63:K70) -> 678.5538 | L71: =SUM(L63:L70) -> 42.290324 | ... Y71: =SUM(Y63:Y70) -> -636.26348 | Z71: =IFERROR(W71/E71,0) -> 5.82 | AA71: =IFERROR(X71/F71,0) -> -0.62867456
A72: 68 | B72: TRANSMISSION COST | E72: 0 | F72: 0 | G72: =F72-E72 -> 0 | H72: 1166.0167 | I72: 1097.6416 | J72: =I72-H72 -> -68.375053 | K72: 0 | L72: 0 | M72: =L72-K72 -> 0 | O72: 0 | P72: =O72-N72 -> 0 | R72: 0 | S72: =R72-Q72 -> 0 | U72: 57.06863 | V72: =U72-T72 -> 57.06863 | W72: =T72+Q72+N72+K72+H72 -> 1166.0167 | X72: =U72+R72+O72+L72+I72 -> 1154.7102 | Y72: =X72-W72 -> -11.306422 | Z72: =IFERROR(W72/E72,0) -> 0 | AA72: =IFERROR(X72/F72,0) -> 0
A73: =A72+1 -> 69 | B73: SLDC COST | E73: 0 | F73: 0 | G73: =F73-E73 -> 0 | H73: 40.241667 | I73: 23.218621 | J73: =I73-H73 -> -17.023045 | K73: 0 | L73: 0 | M73: =L73-K73 -> 0 | O73: 0 | P73: =O73-N73 -> 0 | R73: 0 | S73: =R73-Q73 -> 0 | U73: 0 | V73: =U73-T73 -> 0 | W73: =T73+Q73+N73+K73+H73 -> 40.241667 | X73: =U73+R73+O73+L73+I73 -> 23.218621 | Y73: =X73-W73 -> -17.023045 | Z73: =IFERROR(W73/E73,0) -> 0 | AA73: =IFERROR(X73/F73,0) -> 0
A74: =A73+1 -> 70 | B74: PGCIL | E74: 0 | F74: 0 | G74: =F74-E74 -> 0 | H74: 544.125 | I74: 436.91422 | J74: =I74-H74 -> -107.21078 | K74: 0 | L74: 0 | M74: =L74-K74 -> 0 | O74: 0 | P74: =O74-N74 -> 0 | R74: 0 | S74: =R74-Q74 -> 0 | U74: 0 | V74: =U74-T74 -> 0 | W74: =T74+Q74+N74+K74+H74 -> 544.125 | X74: =U74+R74+O74+L74+I74 -> 436.91422 | Y74: =X74-W74 -> -107.21078 | Z74: =IFERROR(W74/E74,0) -> 0 | AA74: =IFERROR(X74/F74,0) -> 0
A75: =A74+1 -> 71 | B75: ULDC COST | E75: 0 | F75: 0 | G75: =F75-E75 -> 0 | H75: 1.6416667 | I75: 1.5867421 | J75: =I75-H75 -> -0.054924582 | K75: 0 | L75: 0 | M75: =L75-K75 -> 0 | O75: 0 | P75: =O75-N75 -> 0 | R75: 0 | S75: =R75-Q75 -> 0 | U75: 0 | V75: =U75-T75 -> 0 | W75: =T75+Q75+N75+K75+H75 -> 1.6416667 | X75: =U75+R75+O75+L75+I75 -> 1.5867421 | Y75: =X75-W75 -> -0.054924582 | Z75: =IFERROR(W75/E75,0) -> 0 | AA75: =IFERROR(X75/F75,0) -> 0
A76: =A75+1 -> 72 | B76: TOTAL TRANSMISSION & ULDC CHARGES | E76: =SUM(E72:E75) -> 0 | F76: =SUM(F72:F75) -> 0 | G76: =SUM(G72:G75) -> 0 | H76: =SUM(H72:H75) -> 1752.025 | I76: =SUM(I72:I75) -> 1559.3612 | J76: =SUM(J72:J75) -> -192.66381 | K76: =SUM(K72:K75) -> 0 | L76: =SUM(L72:L75) -> 0 | ... Y76: =SUM(Y72:Y75) -> -135.59518 | Z76: =IFERROR(W76/E76,0) -> 0 | AA76: =IFERROR(X76/F76,0) -> 0
A77: 73 | B77: TOTAL COST | E77: =E12+E23+E45+E49+E56+E62+E71+E76+E51 -> 2866.4 | F77: =F12+F23+F45+F49+F56+F62+F71+F76+F51 -> 2394.7475 | G77: =G12+G23+G45+G49+G56+G62+G71+G76+G51 -> -471.65255 | H77: =H12+H23+H45+H49+H56+H62+H71+H76+H51 -> 4808.3167 | I77: =I12+I23+I45+I49+I56+I62+I71+I76+I51 -> 4360.4671 | J77: =J12+J23+J45+J49+J56+J62+J71+J76+J51 -> -447.84953 | K77: =K12+K23+K45+K49+K56+K62+K71+K76+K51 -> 10769.779 | L77: =L12+L23+L45+L49+L56+L62+L71+L76+L51 -> 9369.1677 | ... Y77: =Y12+Y23+Y45+Y49+Y56+Y62+Y71+Y76+Y51 -> -1763.5406 | Z77: =IFERROR(W77/E77,0) -> 5.4347251 | AA77: =IFERROR(X77/F77,0) -> 5.7686899
A78: 74 | B78: Past claims/refunds, if any, pertaining to the Month(s) prior to the month for which FPPCA is being filed (Previous FYs) | E78: 0 | F78: 0 | G78: =F78-E78 -> 0 | H78: 0 | I78: 383.92734 | J78: =I78-H78 -> 383.92734 | K78: 0 | L78: 363.67818 | M78: =L78-K78 -> 363.67818 | P78: =O78-N78 -> 0 | S78: =R78-Q78 -> 0 | V78: =U78-T78 -> 0 | W78: =T78+Q78+N78+K78+H78 -> 0 | X78: =U78+R78+O78+L78+I78 -> 747.60551 | Y78: =X78-W78 -> 747.60551 | Z78: =IFERROR(W78/E78,0) -> 0 | AA78: =IFERROR(X78/F78,0) -> 0
A79: 75 | B79: POWER PURCHASE | E79: =SUM(E77:E78) -> 2866.4 | F79: =SUM(F77:F78) -> 2394.7475 | G79: =SUM(G77:G78) -> -471.65255 | H79: =SUM(H77:H78) -> 4808.3167 | I79: =SUM(I77:I78) -> 4744.3945 | J79: =SUM(J77:J78) -> -63.922199 | K79: =SUM(K77:K78) -> 10769.779 | L79: =SUM(L77:L78) -> 9732.8459 | ... Y79: =SUM(Y77:Y78) -> -1015.9351 | Z79: =IFERROR(W79/E79,0) -> 5.4347251 | AA79: =IFERROR(X79/F79,0) -> 6.0808754 | AB79: =AA79-Z79 -> 0.64615031
M82: 1 | N82: Actual Weighted average Power Purchase Cost per unit of energy (APPC) | X82: = | Y82: =+X79/F79 -> 6.0808754
M83: 2 | N83: Base Weighted average Power Purchase Cost per unit of energy (BPPC) | X83: = | Y83: =+W79/E79 -> 5.4347251
M84: 3 | N84: Actual loss % for previous year (FY 2024-25) | X84: = | Y84: 0.0891
M85: 4 | N85: Approved T&D Loss for FY 2025-26 | X85: = | Y85: 0.0839
M86: 5 | N86: Loss % considered (lower of above two rows) | X86: = | Y86: =+MIN(Y84,Y85)*100 -> 8.39
M87: 6 | N87: FPPCA (Rs./Unit) = (APPC - BPPC ) / (1-(Loss in %/100)) (Rs./Unit) | X87: = | Y87: =+(Y82-Y83)/(1-(Y86/100)) -> 0.70532727
M88: 7 | N88: Actual loss % for FY 2025-26 | X88: = | Y88: 0.087
M89: 8 | N89: Sales in MU | X89: = | Y89: 2175.9629
M90: 9 | N90: Recovery through FPPCA (Millions) (6*8) | X90: = | Y90: =+Y89*Y87 -> 1534.7659
M91: 10 | N91: Actual Power Purchase Cost variation (Millions) | X91: = | Y91: =+Y79 -> -1015.9351
M92: 11 | N92: Actual Power Purchase quantum (MU) | X92: = | Y92: =+F79 -> 2394.7475
M93: 12 | N93: Actual sales grossed up with actual losses (sales / (1-Actual losses) (MU) (8/(1-7) | X93: = | Y93: =+Y89/(1-Y88) -> 2383.3109
M94: 13 | N94: Actual sales grossed up with approved losses (sales / (1-Apporved losses) (MU) (8/(1-4) | X94: = | Y94: =+Y89/(1-Y85) -> 2375.246
M95: 14 | N95: Power Purchase quantum as per Clause (G) of Regulation (Lower of the above) (MU) | X95: = | Y95: =+MIN(Y93,Y94,Y92) -> 2375.246
M96: 15 | N96: Power Purchase Cost as per Clause (G) of Regulation (Millions) (14*1) | X96: = | Y96: =+Y95*Y82 -> 14443.575
M97: 16 | N97: Power Purchase Cost variation (Millions) | X97: = | Y97: =+Y96-W79 -> -1134.521
M98: 17 | N98: FPPCA adjusted as per Clause (G) of Regulation (16/8) (Rs./Unit) | X98: = | Y98: =+Y97/Y89 -> -0.52138805
M99: 18 | N99: FPPCA Passed through automatically (Rs./Unit) | X99: = | Y99: 0.4

Sheet 07-25
A1: FPPCA FORMAT for the month of JULY, 2025 FY 25-26 (APEPDCL)
A2: S.No. | B2: Generating station/ Stage/Source | C2: Plant capacity (MW) | D2: Discom's share (%) | E2: Energy (MU) | H2: Cost Components (Rs.Millions) | Z2: 10
H3: Fixed (A) | K3: Variable (B) | N3: Incentive (C) | Q3: Income Tax (D) | T3: Others (E) | W3: Total F=(A+B+C+D+E)
E4: TO (a) | F4: Actual (b) | G4: Variance (c)= (b-a) | H4: TO (d) | I4: Actual (e) | J4: Variance (f)= (e-d) | K4: TO (g) | L4: Actual (h) | M4: Variance (i)= (h-g) | N4: TO (j) | O4: Actual (k) | P4: Variance (l)= (k-j) | Q4: TO (m) | R4: Actual (n) | S4: Variance (o)= (n-m) | T4: TO (p) | U4: Actual (q) | V4: Variance (r)= (q-p) | W4: TO (s) | X4: Actual (t) | Y4: Variance (u)= (t-s) | Z4: Avg as per Tariff Order | AA4: Actual
A5: 1 | B5: Dr. NTTPS | C5: 1260 | D5: 0.3622 | E5: 160.48 | F5: 183.82858 | G5: =F5-E5 -> 23.348585 | H5: 239.375 | I5: 185.60093 | J5: =I5-H5 -> -53.774068 | K5: 678.8304 | L5: 781.87715 | M5: =L5-K5 -> 103.04675 | O5: 0 | P5: =O5-N5 -> 0 | R5: 0 | S5: =R5-Q5 -> 0 | U5: 0 | V5: =U5-T5 -> 0 | W5: =T5+Q5+N5+K5+H5 -> 918.2054 | X5: =U5+R5+O5+L5+I5 -> 967.47809 | Y5: =X5-W5 -> 49.272687 | Z5: =IFERROR(W5/E5,0) -> 5.7216189 | AA5: =IFERROR(X5/F5,0) -> 5.2629361
A6: =A5+1 -> 2 | B6: Dr. NTTPS-IV | C6: 500 | D6: 0.3622 | E6: 99.58 | F6: 15.665236 | G6: =F6-E6 -> -83.914764 | H6: 86.4 | I6: 19.17919 | J6: =I6-H6 -> -67.22081 | K6: 392.3452 | L6: 62.643493 | M6: =L6-K6 -> -329.70171 | O6: 0 | P6: =O6-N6 -> 0 | R6: 0 | S6: =R6-Q6 -> 0 | U6: 0 | V6: =U6-T6 -> 0 | W6: =T6+Q6+N6+K6+H6 -> 478.7452 | X6: =U6+R6+O6+L6+I6 -> 81.822682 | Y6: =X6-W6 -> -396.92252 | Z6: =IFERROR(W6/E6,0) -> 4.8076441 | AA6: =IFERROR(X6/F6,0) -> 5.2232014
A7: =A6+1 -> 3 | B7: Dr. NTTPS-V | C7: 800 | D7: 0.3622 | E7: 171.2 | F7: 115.45328 | G7: =F7-E7 -> -55.74672 | H7: 324.79167 | I7: 253.17626 | J7: =I7-H7 -> -71.615411 | K7: 571.808 | L7: 367.37401 | M7: =L7-K7 -> -204.43399 | O7: 0 | P7: =O7-N7 -> 0 | R7: 0 | S7: =R7-Q7 -> 0 | U7: 0 | V7: =U7-T7 -> 0 | W7: =T7+Q7+N7+K7+H7 -> 896.59967 | X7: =U7+R7+O7+L7+I7 -> 620.55027 | Y7: =X7-W7 -> -276.0494 | Z7: =IFERROR(W7/E7,0) -> 5.2371476 | AA7: =IFERROR(X7/F7,0) -> 5.3749037
A8: =A7+1 -> 4 | B8: Dr.M.V.R.RTPP Stage-I | C8: 420 | D8: 0.3622 | E8: 28.54 | F8: 63.04469 | G8: =F8-E8 -> 34.50469 | H8: 79.408333 | I8: 85.456892 | J8: =I8-H8 -> 6.0485592 | K8: 125.576 | L8: 299.23959 | M8: =L8-K8 -> 173.66359 | O8: 0 | P8: =O8-N8 -> 0 | R8: 0 | S8: =R8-Q8 -> 0 | U8: 0 | V8: =U8-T8 -> 0 | W8: =T8+Q8+N8+K8+H8 -> 204.98433 | X8: =U8+R8+O8+L8+I8 -> 384.69648 | Y8: =X8-W8 -> 179.71215 | Z8: =IFERROR(W8/E8,0) -> 7.1823523 | AA8: =IFERROR(X8/F8,0) -> 6.1019648
A9: =A8+1 -> 5 | B9: Dr.M.V.R.RTPP Stage-II | C9: 420 | D9: 0.3622 | E9: 26.13 | F9: 47.351228 | G9: =F9-E9 -> 21.221228 | H9: 87.775 | I9: 82.18945 | J9: =I9-H9 -> -5.58555 | K9: 114.972 | L9: 224.75107 | M9: =L9-K9 -> 109.77907 | O9: 0 | P9: =O9-N9 -> 0 | R9: 0 | S9: =R9-Q9 -> 0 | U9: 0 | V9: =U9-T9 -> 0 | W9: =T9+Q9+N9+K9+H9 -> 202.747 | X9: =U9+R9+O9+L9+I9 -> 306.94052 | Y9: =X9-W9 -> 104.19352 | Z9: =IFERROR(W9/E9,0) -> 7.7591657 | AA9: =IFERROR(X9/F9,0) -> 6.4822084
A10: =A9+1 -> 6 | B10: Dr.M.V.R.RTPP Stage-III | C10: 210 | D10: 0.3622 | E10: 18.45 | F10: 30.77616 | G10: =F10-E10 -> 12.32616 | H10: 47.258333 | I10: 50.756714 | J10: =I10-H10 -> 3.4983808 | K10: 81.18 | L10: 146.07805 | M10: =L10-K10 -> 64.89805 | O10: 0 | P10: =O10-N10 -> 0 | R10: 0 | S10: =R10-Q10 -> 0 | U10: 0 | V10: =U10-T10 -> 0 | W10: =T10+Q10+N10+K10+H10 -> 128.43833 | X10: =U10+R10+O10+L10+I10 -> 196.83476 | Y10: =X10-W10 -> 68.396431 | Z10: =IFERROR(W10/E10,0) -> 6.9614273 | AA10: =IFERROR(X10/F10,0) -> 6.3956895
A11: =A10+1 -> 7 | B11: Dr.M.V.R.RTPP Stage-IV | C11: 600 | D11: 0.3622 | E11: 94.73 | F11: 91.172446 | G11: =F11-E11 -> -3.5575543 | H11: 184.25833 | I11: 169.29337 | J11: =I11-H11 -> -14.964965 | K11: 388.393 | L11: 405.23025 | M11: =L11-K11 -> 16.837253 | O11: 0 | P11: =O11-N11 -> 0 | R11: 0 | S11: =R11-Q11 -> 0 | U11: 0 | V11: =U11-T11 -> 0 | W11: =T11+Q11+N11+K11+H11 -> 572.65133 | X11: =U11+R11+O11+L11+I11 -> 574.52362 | Y11: =X11-W11 -> 1.8722882 | Z11: =IFERROR(W11/E11,0) -> 6.0450896 | AA11: =IFERROR(X11/F11,0) -> 6.301505
A12: =A11+1 -> 8 | B12: GENCO THERMAL TOTAL | C12: =SUM(C5:C11) -> 4210 | D12: 0.3622 | E12: =SUM(E5:E11) -> 599.11 | F12: =SUM(F5:F11) -> 547.29162 | G12: =SUM(G5:G11) -> -51.818376 | H12: =SUM(H5:H11) -> 1049.2667 | I12: =SUM(I5:I11) -> 845.6528 | J12: =SUM(J5:J11) -> -203.61386 | K12: =SUM(K5:K11) -> 2353.1046 | L12: =SUM(L5:L11) -> 2287.1936 | ... Y12: =SUM(Y5:Y11) -> -269.52484 | Z12: =IFERROR(W12/E12,0) -> 5.6790427 | AA12: =IFERROR(X12/F12,0) -> 5.7242726
A13: =A12+1 -> 9 | B13: Srisailam RCPH | C13: 770 | D13: 0.3622 | E13: 36.65 | F13: 177.92603 | G13: =F13-E13 -> 141.27603 | H13: 70.591667 | I13: 66.444099 | J13: =I13-H13 -> -4.1475675 | K13: 0 | L13: 0 | M13: =L13-K13 -> 0 | O13: 0 | P13: =O13-N13 -> 0 | R13: 0 | S13: =R13-Q13 -> 0 | U13: 0 | V13: =U13-T13 -> 0 | W13: =T13+Q13+N13+K13+H13 -> 70.591667 | X13: =U13+R13+O13+L13+I13 -> 66.444099 | Y13: =X13-W13 -> -4.1475675 | Z13: =IFERROR(W13/E13,0) -> 1.9261028 | AA13: =IFERROR(X13/F13,0) -> 0.37343665
A14: =A13+1 -> 10 | B14: NSRCPH | C14: 90 | D14: 0.3622 | E14: 0.81 | F14: 1.2830209 | G14: =F14-E14 -> 0.47302088 | H14: 8.3 | I14: 7.8009808 | J14: =I14-H14 -> -0.49901917 | K14: 0 | L14: 0 | M14: =L14-K14 -> 0 | O14: 0 | P14: =O14-N14 -> 0 | R14: 0 | S14: =R14-Q14 -> 0 | U14: 0 | V14: =U14-T14 -> 0 | W14: =T14+Q14+N14+K14+H14 -> 8.3 | X14: =U14+R14+O14+L14+I14 -> 7.8009808 | Y14: =X14-W14 -> -0.49901917 | Z14: =IFERROR(W14/E14,0) -> 10.246914 | AA14: =IFERROR(X14/F14,0) -> 6.0801667
A15: =A14+1 -> 11 | B15: NSTPDC PH | C15: 50 | D15: 0.3622 | E15: 0 | F15: 4.1562601 | G15: =F15-E15 -> 4.1562601 | H15: 16.233333 | I15: 15.251116 | J15: =I15-H15 -> -0.9822175 | K15: 0 | L15: 0 | M15: =L15-K15 -> 0 | O15: 0 | P15: =O15-N15 -> 0 | R15: 0 | S15: =R15-Q15 -> 0 | U15: 0 | V15: =U15-T15 -> 0 | W15: =T15+Q15+N15+K15+H15 -> 16.233333 | X15: =U15+R15+O15+L15+I15 -> 15.251116 | Y15: =X15-W15 -> -0.9822175 | Z15: =IFERROR(W15/E15,0) -> 0 | AA15: =IFERROR(X15/F15,0) -> 3.6694325
A16: =A15+1 -> 12 | B16: Upper Sileru | C16: 725 | D16: 0.3622 | E16: 12.49 | F16: 16.928275 | G16: =F16-E16 -> 4.4382747 | H16: 27.856408 | I16: 26.196601 | J16: =I16-H16 -> -1.6598072 | K16: 0 | L16: 0 | M16: =L16-K16 -> 0 | O16: 0 | P16: =O16-N16 -> 0 | R16: 0 | S16: =R16-Q16 -> 0 | U16: 0 | V16: =U16-T16 -> 0 | W16: =T16+Q16+N16+K16+H16 -> 27.856408 | X16: =U16+R16+O16+L16+I16 -> 26.196601 | Y16: =X16-W16 -> -1.6598072 | Z16: =IFERROR(W16/E16,0) -> 2.2302969 | AA16: =IFERROR(X16/F16,0) -> 1.5475057
A17: =A16+1 -> 13 | B17: Lower Sileru | D17: 0.3622 | E17: 38.78 | F17: 38.139132 | G17: =F17-E17 -> -0.64086766 | H17: 53.398463 | I17: 50.210152 | J17: =I17-H17 -> -3.1883104 | K17: 0 | L17: 0 | M17: =L17-K17 -> 0 | O17: 0 | P17: =O17-N17 -> 0 | R17: 0 | S17: =R17-Q17 -> 0 | U17: 0 | V17: =U17-T17 -> 0 | W17: =T17+Q17+N17+K17+H17 -> 53.398463 | X17: =U17+R17+O17+L17+I17 -> 50.210152 | Y17: =X17-W17 -> -3.1883104 | Z17: =IFERROR(W17/E17,0) -> 1.3769588 | AA17: =IFERROR(X17/F17,0) -> 1.3164996
A18: =A17+1 -> 14 | B18: Donkarayi | D18: 0.3622 | E18: 3.01 | F18: 2.7867287 | G18: =F18-E18 -> -0.22327133 | H18: 2.9034625 | I18: 2.7288126 | J18: =I18-H18 -> -0.17464989 | K18: 0 | L18: 0 | M18: =L18-K18 -> 0 | O18: 0 | P18: =O18-N18 -> 0 | R18: 0 | S18: =R18-Q18 -> 0 | U18: 0 | V18: =U18-T18 -> 0 | W18: =T18+Q18+N18+K18+H18 -> 2.9034625 | X18: =U18+R18+O18+L18+I18 -> 2.7288126 | Y18: =X18-W18 -> -0.17464989 | Z18: =IFERROR(W18/E18,0) -> 0.96460548 | AA18: =IFERROR(X18/F18,0) -> 0.97921719
A19: =A18+1 -> 15 | B19: PABRHES | C19: 20 | D19: 0.3622 | E19: 0 | F19: -0.0083393919 | G19: =F19-E19 -> -0.0083393919 | H19: 4.575 | I19: 4.3108275 | J19: =I19-H19 -> -0.2641725 | K19: 0 | L19: 0 | M19: =L19-K19 -> 0 | O19: 0 | P19: =O19-N19 -> 0 | R19: 0 | S19: =R19-Q19 -> 0 | U19: 0 | V19: =U19-T19 -> 0 | W19: =T19+Q19+N19+K19+H19 -> 4.575 | X19: =U19+R19+O19+L19+I19 -> 4.3108275 | Y19: =X19-W19 -> -0.2641725 | Z19: =IFERROR(W19/E19,0) -> 0 | AA19: =IFERROR(X19/F19,0) -> -516.92348
A20: =A19+1 -> 16 | B20: Minihydel(Chettipet) | C20: 1 | D20: 0.3622 | E20: 0.08 | F20: 0.077327642 | G20: =F20-E20 -> -0.002672358 | H20: 0.81666667 | I20: 0.67269906 | J20: =I20-H20 -> -0.14396761 | K20: 0 | L20: 0 | M20: =L20-K20 -> 0 | O20: 0 | P20: =O20-N20 -> 0 | R20: 0 | S20: =R20-Q20 -> 0 | U20: 0 | V20: =U20-T20 -> 0 | W20: =T20+Q20+N20+K20+H20 -> 0.81666667 | X20: =U20+R20+O20+L20+I20 -> 0.67269906 | Y20: =X20-W20 -> -0.14396761 | Z20: =IFERROR(W20/E20,0) -> 10.208333 | AA20: =IFERROR(X20/F20,0) -> 8.699335
A21: =A20+1 -> 17 | B21: Machkund HES (AP Share) | C21: 117.6 | D21: 0.3622 | E21: 11.57 | F21: 13.511726 | G21: =F21-E21 -> 1.9417259 | H21: 12.342687 | I21: 11.594723 | J21: =I21-H21 -> -0.74796423 | K21: 0 | L21: 0 | M21: =L21-K21 -> 0 | O21: 0 | P21: =O21-N21 -> 0 | R21: 0 | S21: =R21-Q21 -> 0 | U21: 0 | V21: =U21-T21 -> 0 | W21: =T21+Q21+N21+K21+H21 -> 12.342687 | X21: =U21+R21+O21+L21+I21 -> 11.594723 | Y21: =X21-W21 -> -0.74796423 | Z21: =IFERROR(W21/E21,0) -> 1.0667837 | AA21: =IFERROR(X21/F21,0) -> 0.858123
A22: =A21+1 -> 18 | B22: Tungabhadra HES (AP Share) | D22: 0.3622 | E22: 4.1 | F22: 6.3945955 | G22: =F22-E22 -> 2.2945955 | H22: 11.84898 | I22: 11.130934 | J22: =I22-H22 -> -0.71804531 | K22: 0 | L22: 0 | M22: =L22-K22 -> 0 | O22: 0 | P22: =O22-N22 -> 0 | R22: 0 | S22: =R22-Q22 -> 0 | U22: 0 | V22: =U22-T22 -> 0 | W22: =T22+Q22+N22+K22+H22 -> 11.84898 | X22: =U22+R22+O22+L22+I22 -> 11.130934 | Y22: =X22-W22 -> -0.71804531 | Z22: =IFERROR(W22/E22,0) -> 2.889995 | AA22: =IFERROR(X22/F22,0) -> 1.7406784
A23: =A22+1 -> 19 | B23: GENCO HYDEL(INCLUDING INTERSTATE)TOTAL | C23: =SUM(C13:C22) -> 1773.6 | D23: 0.3622 | E23: =SUM(E13:E22) -> 107.49 | F23: =SUM(F13:F22) -> 261.19475 | G23: =SUM(G13:G22) -> 153.70475 | H23: =SUM(H13:H22) -> 208.86667 | I23: =SUM(I13:I22) -> 196.34095 | J23: =SUM(J13:J22) -> -12.525721 | K23: =SUM(K13:K22) -> 0 | L23: =SUM(L13:L22) -> 0 | ... Y23: =SUM(Y13:Y22) -> -12.525721 | Z23: =IFERROR(W23/E23,0) -> 1.9431265 | AA23: =IFERROR(X23/F23,0) -> 0.75170325
A24: =A23+1 -> 20 | B24: NTPC(SR) Ramagundam I & II | C24: 2100 | D24: 0.3622 | E24: 49.16 | F24: 29.956873 | G24: =F24-E24 -> -19.203127 | H24: 48.7 | I24: 63.612797 | J24: =I24-H24 -> 14.912797 | K24: 196.1484 | L24: 109.67211 | M24: =L24-K24 -> -86.476286 | O24: 0 | P24: =O24-N24 -> 0 | R24: 0 | S24: =R24-Q24 -> 0 | U24: 0 | V24: =U24-T24 -> 0 | W24: =T24+Q24+N24+K24+H24 -> 244.8484 | X24: =U24+R24+O24+L24+I24 -> 173.28491 | Y24: =X24-W24 -> -71.56349 | Z24: =IFERROR(W24/E24,0) -> 4.9806428 | AA24: =IFERROR(X24/F24,0) -> 5.7844792
A25: =A24+1 -> 21 | B25: NTPC(SR) Simhadri Stage-I | C25: 1000 | D25: 0.3622 | E25: 117.74 | F25: 69.654448 | G25: =F25-E25 -> -48.085552 | H25: 96.741667 | I25: 131.21868 | J25: =I25-H25 -> 34.47701 | K25: 428.5736 | L25: 236.61616 | M25: =L25-K25 -> -191.95744 | O25: 0 | P25: =O25-N25 -> 0 | R25: 0 | S25: =R25-Q25 -> 0 | U25: 15.729876 | V25: =U25-T25 -> 15.729876 | W25: =T25+Q25+N25+K25+H25 -> 525.31527 | X25: =U25+R25+O25+L25+I25 -> 383.56471 | Y25: =X25-W25 -> -141.75056 | Z25: =IFERROR(W25/E25,0) -> 4.4616551 | AA25: =IFERROR(X25/F25,0) -> 5.5066794
A26: =A25+1 -> 22 | B26: NTPC(SR) Simhadri Stage-II | C26: 1000 | D26: 0.3622 | E26: 32.65 | F26: 16.488336 | G26: =F26-E26 -> -16.161664 | H26: 63.708333 | I26: 63.277614 | J26: =I26-H26 -> -0.43071898 | K26: 118.846 | L26: 55.954986 | M26: =L26-K26 -> -62.891014 | O26: 0 | P26: =O26-N26 -> 0 | R26: 0 | S26: =R26-Q26 -> 0 | U26: 0 | V26: =U26-T26 -> 0 | W26: =T26+Q26+N26+K26+H26 -> 182.55433 | X26: =U26+R26+O26+L26+I26 -> 119.2326 | Y26: =X26-W26 -> -63.321733 | Z26: =IFERROR(W26/E26,0) -> 5.5912506 | AA26: =IFERROR(X26/F26,0) -> 7.2313301
A27: =A26+1 -> 23 | B27: NTPC(SR) Talcher Stage-II | C27: 2000 | D27: 0.3622 | E27: 39.38 | F27: 30.862203 | G27: =F27-E27 -> -8.5177967 | H27: 32.758333 | I27: 29.138013 | J27: =I27-H27 -> -3.6203201 | K27: 68.915 | L27: 52.126261 | M27: =L27-K27 -> -16.788739 | O27: 0 | P27: =O27-N27 -> 0 | R27: 0 | S27: =R27-Q27 -> 0 | U27: 0 | V27: =U27-T27 -> 0 | W27: =T27+Q27+N27+K27+H27 -> 101.67333 | X27: =U27+R27+O27+L27+I27 -> 81.264275 | Y27: =X27-W27 -> -20.409059 | Z27: =IFERROR(W27/E27,0) -> 2.581852 | AA27: =IFERROR(X27/F27,0) -> 2.6331326
A28: =A27+1 -> 24 | B28: NTPC(SR) Ramagundam III | C28: 500 | D28: 0.3622 | E28: 15.41 | F28: 10.240148 | G28: =F28-E28 -> -5.1698524 | H28: 13.566667 | I28: 20.956833 | J28: =I28-H28 -> 7.3901659 | K28: 61.4859 | L28: 36.680208 | M28: =L28-K28 -> -24.805692 | O28: 0 | P28: =O28-N28 -> 0 | R28: 0 | S28: =R28-Q28 -> 0 | U28: 0 | V28: =U28-T28 -> 0 | W28: =T28+Q28+N28+K28+H28 -> 75.052567 | X28: =U28+R28+O28+L28+I28 -> 57.637041 | Y28: =X28-W28 -> -17.415526 | Z28: =IFERROR(W28/E28,0) -> 4.8703807 | AA28: =IFERROR(X28/F28,0) -> 5.6285362
A29: =A28+1 -> 25 | B29: NTPC Kudgi Stage-I | C29: 2400 | D29: 0.3622 | E29: 0 | F29: 13.706023 | G29: =F29-E29 -> 13.706023 | H29: 0 | I29: 137.81147 | J29: =I29-H29 -> 137.81147 | K29: 0 | L29: 68.65225 | M29: =L29-K29 -> 68.65225 | O29: 0 | P29: =O29-N29 -> 0 | R29: 0 | S29: =R29-Q29 -> 0 | U29: 0 | V29: =U29-T29 -> 0 | W29: =T29+Q29+N29+K29+H29 -> 0 | X29: =U29+R29+O29+L29+I29 -> 206.46372 | Y29: =X29-W29 -> 206.46372 | Z29: =IFERROR(W29/E29,0) -> 0 | AA29: =IFERROR(X29/F29,0) -> 15.063723
A30: 26 | B30: NTPC Telangana STPS - I | D30: 0.3622 | E30: 0 | F30: 0.27192114 | G30: =F30-E30 -> 0.27192114 | H30: 0 | I30: 0.92212389 | J30: =I30-H30 -> 0.92212389 | K30: 0 | L30: 0.93785631 | M30: =L30-K30 -> 0.93785631 | O30: 0 | P30: =O30-N30 -> 0 | R30: 0 | S30: =R30-Q30 -> 0 | U30: 0 | V30: =U30-T30 -> 0 | W30: =T30+Q30+N30+K30+H30 -> 0 | X30: =U30+R30+O30+L30+I30 -> 1.8599802 | Y30: =X30-W30 -> 1.8599802 | Z30: =IFERROR(W30/E30,0) -> 0 | AA30: =IFERROR(X30/F30,0) -> 6.8401456
A31: 27 | B31: NTECL Valluru | C31: 1500 | D31: 0.3622 | E31: 0 | F31: 4.218876 | G31: =F31-E31 -> 4.218876 | H31: 0 | I31: 38.712852 | J31: =I31-H31 -> 38.712852 | K31: 0 | L31: 14.958347 | M31: =L31-K31 -> 14.958347 | O31: 0 | P31: =O31-N31 -> 0 | R31: 0 | S31: =R31-Q31 -> 0 | U31: 1.0145144 | V31: =U31-T31 -> 1.0145144 | W31: =T31+Q31+N31+K31+H31 -> 0 | X31: =U31+R31+O31+L31+I31 -> 54.685713 | Y31: =X31-W31 -> 54.685713 | Z31: =IFERROR(W31/E31,0) -> 0 | AA31: =IFERROR(X31/F31,0) -> 12.962152
A32: =A31+1 -> 28 | B32: NLC Stage-I | C32: 630 | D32: 0.3622 | E32: 10.7 | F32: 3.0202437 | G32: =F32-E32 -> -7.6797563 | H32: 8.5416667 | I32: 3.7838427 | J32: =I32-H32 -> -4.757824 | K32: 34.668 | L32: 9.7886101 | M32: =L32-K32 -> -24.87939 | O32: 0 | P32: =O32-N32 -> 0 | R32: 0 | S32: =R32-Q32 -> 0 | U32: 0.51931139 | V32: =U32-T32 -> 0.51931139 | W32: =T32+Q32+N32+K32+H32 -> 43.209667 | X32: =U32+R32+O32+L32+I32 -> 14.091764 | Y32: =X32-W32 -> -29.117903 | Z32: =IFERROR(W32/E32,0) -> 4.0382866 | AA32: =IFERROR(X32/F32,0) -> 4.6657705
A33: =A32+1 -> 29 | B33: NLC Stage-II | C33: 840 | D33: 0.3622 | E33: 19.66 | F33: 5.4042789 | G33: =F33-E33 -> -14.255721 | H33: 16.225 | I33: 6.8476739 | J33: =I33-H33 -> -9.3773261 | K33: 63.6984 | L33: 17.515267 | M33: =L33-K33 -> -46.183133 | O33: 0 | P33: =O33-N33 -> 0 | R33: 0 | S33: =R33-Q33 -> 0 | U33: 0 | V33: =U33-T33 -> 0 | W33: =T33+Q33+N33+K33+H33 -> 79.9234 | X33: =U33+R33+O33+L33+I33 -> 24.362941 | Y33: =X33-W33 -> -55.560459 | Z33: =IFERROR(W33/E33,0) -> 4.0652798 | AA33: =IFERROR(X33/F33,0) -> 4.5080836
A34: =A33+1 -> 30 | B34: NPC(MAPS) | C34: 440 | D34: 0.3622 | E34: 2.63 | F34: 2.0024678 | G34: =F34-E34 -> -0.62753221 | H34: 0 | I34: 0 | J34: =I34-H34 -> 0 | K34: 6.7328 | L34: 5.1654173 | M34: =L34-K34 -> -1.5673827 | O34: 0 | P34: =O34-N34 -> 0 | R34: 0 | S34: =R34-Q34 -> 0 | U34: 0.055821097 | V34: =U34-T34 -> 0.055821097 | W34: =T34+Q34+N34+K34+H34 -> 6.7328 | X34: =U34+R34+O34+L34+I34 -> 5.2212384 | Y34: =X34-W34 -> -1.5115616 | Z34: =IFERROR(W34/E34,0) -> 2.56 | AA34: =IFERROR(X34/F34,0) -> 2.6074019
A35: =A34+1 -> 31 | B35: NPC(KAIGA unit I,II,III,IV) | C35: 880 | D35: 0.3622 | E35: 17.55 | F35: 15.00895 | G35: =F35-E35 -> -2.5410499 | H35: 0 | I35: 0 | J35: =I35-H35 -> 0 | K35: 61.9515 | L35: 48.838814 | M35: =L35-K35 -> -13.112686 | O35: 0 | P35: =O35-N35 -> 0 | R35: 0 | S35: =R35-Q35 -> 0 | U35: 0 | V35: =U35-T35 -> 0 | W35: =T35+Q35+N35+K35+H35 -> 61.9515 | X35: =U35+R35+O35+L35+I35 -> 48.838814 | Y35: =X35-W35 -> -13.112686 | Z35: =IFERROR(W35/E35,0) -> 3.53 | AA35: =IFERROR(X35/F35,0) -> 3.2539794
A36: =A35+1 -> 32 | B36: NTPL(NLC TamilNadu) | C36: 1000 | D36: 0.3622 | E36: 0 | F36: 13.584583 | G36: =F36-E36 -> 13.584583 | H36: 0 | I36: 12.995067 | J36: =I36-H36 -> 12.995067 | K36: 0 | L36: 52.899388 | M36: =L36-K36 -> 52.899388 | O36: 0 | P36: =O36-N36 -> 0 | R36: 0 | S36: =R36-Q36 -> 0 | U36: 1.5122419 | V36: =U36-T36 -> 1.5122419 | W36: =T36+Q36+N36+K36+H36 -> 0 | X36: =U36+R36+O36+L36+I36 -> 67.406697 | Y36: =X36-W36 -> 67.406697 | Z36: =IFERROR(W36/E36,0) -> 0 | AA36: =IFERROR(X36/F36,0) -> 4.9619996
A37: =A36+1 -> 33 | B37: NLC NNTPS | C37: 1000 | D37: 0.3622 | E37: 0 | F37: 5.1054732 | G37: =F37-E37 -> 5.1054732 | H37: 0 | I37: 13.49334 | J37: =I37-H37 -> 13.49334 | K37: 0 | L37: 14.235745 | M37: =L37-K37 -> 14.235745 | O37: 0 | P37: =O37-N37 -> 0 | R37: 0 | S37: =R37-Q37 -> 0 | U37: 0 | V37: =U37-T37 -> 0 | W37: =T37+Q37+N37+K37+H37 -> 0 | X37: =U37+R37+O37+L37+I37 -> 27.729084 | Y37: =X37-W37 -> 27.729084 | Z37: =IFERROR(W37/E37,0) -> 0 | AA37: =IFERROR(X37/F37,0) -> 5.4312467
A38: =A37+1 -> 34 | B38: KKNPP Unit-I | C38: 1000 | D38: 0.3622 | E38: 0 | F38: 0.72127667 | G38: =F38-E38 -> 0.72127667 | H38: 0 | I38: 0 | J38: =I38-H38 -> 0 | K38: 0 | L38: 3.1949873 | M38: =L38-K38 -> 3.1949873 | O38: 0 | P38: =O38-N38 -> 0 | R38: 0 | S38: =R38-Q38 -> 0 | U38: 0 | V38: =U38-T38 -> 0 | W38: =T38+Q38+N38+K38+H38 -> 0 | X38: =U38+R38+O38+L38+I38 -> 3.1949873 | Y38: =X38-W38 -> 3.1949873 | Z38: =IFERROR(W38/E38,0) -> 0 | AA38: =IFERROR(X38/F38,0) -> 4.4296279
A39: =A38+1 -> 35 | B39: NLC TPS- I Expn. | C39: 630 | D39: 0.3622 | E39: 0 | F39: 0.60181605 | G39: =F39-E39 -> 0.60181605 | H39: 0 | I39: 0.72776543 | J39: =I39-H39 -> 0.72776543 | K39: 0 | L39: 1.8009598 | M39: =L39-K39 -> 1.8009598 | O39: 0 | P39: =O39-N39 -> 0 | R39: 0 | S39: =R39-Q39 -> 0 | U39: 0 | V39: =U39-T39 -> 0 | W39: =T39+Q39+N39+K39+H39 -> 0 | X39: =U39+R39+O39+L39+I39 -> 2.5287252 | Y39: =X39-W39 -> 2.5287252 | Z39: =IFERROR(W39/E39,0) -> 0 | AA39: =IFERROR(X39/F39,0) -> 4.2018241
A40: =A39+1 -> 36 | B40: NLC TPS- II Expn. | C40: 840 | D40: 0.3622 | E40: 0 | F40: 0.21252398 | G40: =F40-E40 -> 0.21252398 | H40: 0 | I40: 0.65468455 | J40: =I40-H40 -> 0.65468455 | K40: 0 | L40: 0.67018376 | M40: =L40-K40 -> 0.67018376 | O40: 0 | P40: =O40-N40 -> 0 | R40: 0 | S40: =R40-Q40 -> 0 | U40: 0 | V40: =U40-T40 -> 0 | W40: =T40+Q40+N40+K40+H40 -> 0 | X40: =U40+R40+O40+L40+I40 -> 1.3248683 | Y40: =X40-W40 -> 1.3248683 | Z40: =IFERROR(W40/E40,0) -> 0 | AA40: =IFERROR(X40/F40,0) -> 6.2339709
A41: =A40+1 -> 37 | B41: JNNSM Ph-1 Thermal | D41: 0.3622 | E41: 6.97 | F41: 9.6325874 | G41: =F41-E41 -> 2.6625874 | H41: 9.7916667 | I41: 24.519794 | J41: =I41-H41 -> 14.728128 | K41: 29.4134 | L41: 36.052797 | M41: =L41-K41 -> 6.6393965 | O41: 0 | P41: =O41-N41 -> 0 | R41: 0 | S41: =R41-Q41 -> 0 | U41: 0 | V41: =U41-T41 -> 0 | W41: =T41+Q41+N41+K41+H41 -> 39.205067 | X41: =U41+R41+O41+L41+I41 -> 60.572591 | Y41: =X41-W41 -> 21.367524 | Z41: =IFERROR(W41/E41,0) -> 5.6248302 | AA41: =IFERROR(X41/F41,0) -> 6.2882991
A42: =A41+1 -> 38 | B42: NTPC Aravali | D42: 0.3622 | E42: 0 | F42: 0 | G42: =F42-E42 -> 0 | H42: 0 | I42: 0 | J42: =I42-H42 -> 0 | K42: 0 | L42: 0 | M42: =L42-K42 -> 0 | O42: 0 | P42: =O42-N42 -> 0 | R42: 0 | S42: =R42-Q42 -> 0 | U42: 0 | V42: =U42-T42 -> 0 | W42: =T42+Q42+N42+K42+H42 -> 0 | X42: =U42+R42+O42+L42+I42 -> 0 | Y42: =X42-W42 -> 0 | Z42: =IFERROR(W42/E42,0) -> 0 | AA42: =IFERROR(X42/F42,0) -> 0
A43: =A42+1 -> 39 | B43: NTPC-DADRI | E43: 0 | F43: 0 | G43: =F43-E43 -> 0 | H43: 0 | I43: 0 | J43: =I43-H43 -> 0 | K43: 0 | L43: 0 | M43: =L43-K43 -> 0 | O43: 0 | P43: =O43-N43 -> 0 | R43: 0 | S43: =R43-Q43 -> 0 | U43: 0 | V43: =U43-T43 -> 0 | W43: =T43+Q43+N43+K43+H43 -> 0 | X43: =U43+R43+O43+L43+I43 -> 0 | Y43: =X43-W43 -> 0 | Z43: =IFERROR(W43/E43,0) -> 0 | AA43: =IFERROR(X43/F43,0) -> 0
A44: =A43+1 -> 40 | B44: SCED | E44: 0 | F44: 0 | G44: =F44-E44 -> 0 | H44: 0 | I44: 0 | J44: =I44-H44 -> 0 | K44: 0 | L44: 9.4345079 | M44: =L44-K44 -> 9.4345079 | O44: 0 | P44: =O44-N44 -> 0 | R44: 0 | S44: =R44-Q44 -> 0 | U44: 0 | V44: =U44-T44 -> 0 | W44: =T44+Q44+N44+K44+H44 -> 0 | X44: =U44+R44+O44+L44+I44 -> 9.4345079 | Y44: =X44-W44 -> 9.4345079 | Z44: =IFERROR(W44/E44,0) -> 0 | AA44: =IFERROR(X44/F44,0) -> 0
A45: 41 | B45: CGS TOTAL | C45: =SUM(C24:C41) -> 17760 | D45: 0.3622 | E45: =SUM(E24:E44) -> 311.85 | F45: =SUM(F24:F44) -> 230.69303 | G45: =SUM(G24:G44) -> -81.156971 | H45: =SUM(H24:H44) -> 290.03333 | I45: =SUM(I24:I44) -> 548.67255 | J45: =SUM(J24:J44) -> 258.63922 | K45: =SUM(K24:K44) -> 1070.433 | L45: =SUM(L24:L44) -> 775.19486 | ... Y45: =SUM(Y24:Y44) -> -17.76716 | Z45: =IFERROR(W45/E45,0) -> 4.3625664 | AA45: =IFERROR(X45/F45,0) -> 5.820285
A46: =A45+1 -> 42 | B46: NCE- Others | C46: 152.66 | D46: 0.3622 | E46: 9.29 | F46: 7.7136745 | G46: =F46-E46 -> -1.5763255 | H46: 3.1416667 | I46: 0 | J46: =I46-H46 -> -3.1416667 | K46: 53.1388 | L46: 43.168588 | M46: =L46-K46 -> -9.9702118 | O46: 0 | P46: =O46-N46 -> 0 | R46: 0 | S46: =R46-Q46 -> 0 | U46: 0 | V46: =U46-T46 -> 0 | W46: =T46+Q46+N46+K46+H46 -> 56.280467 | X46: =U46+R46+O46+L46+I46 -> 43.168588 | Y46: =X46-W46 -> -13.111878 | Z46: =IFERROR(W46/E46,0) -> 6.0581773 | AA46: =IFERROR(X46/F46,0) -> 5.5963715
A47: =A46+1 -> 43 | B47: NCE Solar | C47: 3755.626 | D47: 0.3622 | E47: 196.57 | F47: 205.71025 | G47: =F47-E47 -> 9.1402492 | H47: 0 | I47: 0 | J47: =I47-H47 -> 0 | K47: 843.2853 | L47: 884.50875 | M47: =L47-K47 -> 41.223446 | O47: 0 | P47: =O47-N47 -> 0 | R47: 0 | S47: =R47-Q47 -> 0 | U47: 6.4863079 | V47: =U47-T47 -> 6.4863079 | W47: =T47+Q47+N47+K47+H47 -> 843.2853 | X47: =U47+R47+O47+L47+I47 -> 890.99505 | Y47: =X47-W47 -> 47.709754 | Z47: =IFERROR(W47/E47,0) -> 4.29 | AA47: =IFERROR(X47/F47,0) -> 4.3313109
A48: =A47+1 -> 44 | B48: NCE WIND | C48: 3688 | D48: 0.3622 | E48: 524.61 | F48: 575.19672 | G48: =F48-E48 -> 50.58672 | H48: 0 | I48: 0 | J48: =I48-H48 -> 0 | K48: 2423.6982 | L48: 2656.922 | M48: =L48-K48 -> 233.22381 | O48: 0 | P48: =O48-N48 -> 0 | R48: 0 | S48: =R48-Q48 -> 0 | U48: 0 | V48: =U48-T48 -> 0 | W48: =T48+Q48+N48+K48+H48 -> 2423.6982 | X48: =U48+R48+O48+L48+I48 -> 2656.922 | Y48: =X48-W48 -> 233.22381 | Z48: =IFERROR(W48/E48,0) -> 4.62 | AA48: =IFERROR(X48/F48,0) -> 4.6191536
A49: =A48+1 -> 45 | B49: NCE TOTAL | C49: =SUM(C46:C48) -> 7596.286 | D49: 0.3622 | E49: =SUM(E46:E48) -> 730.47 | F49: =SUM(F46:F48) -> 788.62064 | G49: =SUM(G46:G48) -> 58.150644 | H49: =SUM(H46:H48) -> 3.1416667 | I49: =SUM(I46:I48) -> 0 | J49: =SUM(J46:J48) -> -3.1416667 | K49: =SUM(K46:K48) -> 3320.1223 | L49: =SUM(L46:L48) -> 3584.5993 | ... Y49: =SUM(Y46:Y48) -> 267.82169 | Z49: =IFERROR(W49/E49,0) -> 4.5494873 | AA49: =IFERROR(X49/F49,0) -> 4.5536288
A50: 46 | B50: SECI (APRAPSCOM) | E50: 83.75 | F50: 0 | G50: =F50-E50 -> -83.75 | H50: 0 | I50: 0 | J50: =I50-H50 -> 0 | K50: 208.5375 | L50: 0 | M50: =L50-K50 -> -208.5375 | O50: 0 | P50: =O50-N50 -> 0 | R50: 0 | S50: =R50-Q50 -> 0 | U50: 0 | V50: =U50-T50 -> 0 | W50: =T50+Q50+N50+K50+H50 -> 208.5375 | X50: =U50+R50+O50+L50+I50 -> 0 | Y50: =X50-W50 -> -208.5375 | Z50: =IFERROR(W50/E50,0) -> 2.49 | AA50: =IFERROR(X50/F50,0) -> 0
A51: 47 | B51: NCE Solar | E51: =SUM(E50) -> 83.75 | F51: =SUM(F50) -> 0 | G51: =SUM(G50) -> -83.75 | H51: =SUM(H50) -> 0 | I51: =SUM(I50) -> 0 | J51: =SUM(J50) -> 0 | K51: =SUM(K50) -> 208.5375 | L51: =SUM(L50) -> 0 | ... AA51: =SUM(AA50) -> 0
A52: 48 | B52: APPDCL Stage-I | C52: 1600 | D52: 0.3622 | E52: 278.82 | F52: 213.21371 | G52: =F52-E52 -> -65.606289 | H52: 361.01667 | I52: 312.38499 | J52: =I52-H52 -> -48.631676 | K52: 1059.516 | L52: 778.23005 | M52: =L52-K52 -> -281.28595 | O52: 0 | P52: =O52-N52 -> 0 | R52: 0 | S52: =R52-Q52 -> 0 | U52: 0 | V52: =U52-T52 -> 0 | W52: =T52+Q52+N52+K52+H52 -> 1420.5327 | X52: =U52+R52+O52+L52+I52 -> 1090.615 | Y52: =X52-W52 -> -329.91763 | Z52: =IFERROR(W52/E52,0) -> 5.0948019 | AA52: =IFERROR(X52/F52,0) -> 5.1151262
A53: =A52+1 -> 49 | B53: APPDCL Stage-II | C53: 800 | D53: 0.3622 | E53: 33.13 | F53: 141.96406 | G53: =F53-E53 -> 108.83406 | H53: 365.55 | I53: 373.45694 | J53: =I53-H53 -> 7.9069373 | K53: 106.016 | L53: 440.08859 | M53: =L53-K53 -> 334.07259 | O53: 0 | P53: =O53-N53 -> 0 | R53: 0 | S53: =R53-Q53 -> 0 | U53: 0 | V53: =U53-T53 -> 0 | W53: =T53+Q53+N53+K53+H53 -> 471.566 | X53: =U53+R53+O53+L53+I53 -> 813.54553 | Y53: =X53-W53 -> 341.97953 | Z53: =IFERROR(W53/E53,0) -> 14.233806 | AA53: =IFERROR(X53/F53,0) -> 5.7306442
A54: =A53+1 -> 50 | B54: Godavari Gas Power Plant | C54: 216 | D54: 0.3622 | E54: 0 | F54: 0 | G54: =F54-E54 -> 0 | H54: 4.5583333 | I54: 2.7179055 | J54: =I54-H54 -> -1.8404278 | K54: 0 | L54: 0 | M54: =L54-K54 -> 0 | O54: 0 | P54: =O54-N54 -> 0 | R54: 0 | S54: =R54-Q54 -> 0 | U54: 0 | V54: =U54-T54 -> 0 | W54: =T54+Q54+N54+K54+H54 -> 4.5583333 | X54: =U54+R54+O54+L54+I54 -> 2.7179055 | Y54: =X54-W54 -> -1.8404278 | Z54: =IFERROR(W54/E54,0) -> 0 | AA54: =IFERROR(X54/F54,0) -> 0
A55: 51 | B55: TS NPDCL (TSPCC) | D55: 0.3622 | E55: 0 | F55: 0.55338834 | G55: =F55-E55 -> 0.55338834 | H55: 0 | I55: 0 | J55: =I55-H55 -> 0 | K55: 0 | L55: 4.3053613 | M55: =L55-K55 -> 4.3053613 | O55: 0 | P55: =O55-N55 -> 0 | R55: 0 | S55: =R55-Q55 -> 0 | U55: 0 | V55: =U55-T55 -> 0 | W55: =T55+Q55+N55+K55+H55 -> 0 | X55: =U55+R55+O55+L55+I55 -> 4.3053613 | Y55: =X55-W55 -> 4.3053613 | Z55: =IFERROR(W55/E55,0) -> 0 | AA55: =IFERROR(X55/F55,0) -> 7.78
A56: 52 | B56: JOINT SECTOR TOTAL | C56: =SUM(C52:C54) -> 2616 | D56: 0.3622 | E56: =SUM(E52:E55) -> 311.95 | F56: =SUM(F52:F55) -> 355.73116 | G56: =SUM(G52:G55) -> 43.781161 | H56: =SUM(H52:H55) -> 731.125 | I56: =SUM(I52:I55) -> 688.55983 | J56: =SUM(J52:J55) -> -42.565167 | K56: =SUM(K52:K55) -> 1165.532 | L56: =SUM(L52:L55) -> 1222.624 | ... Y56: =SUM(Y52:Y55) -> 14.526832 | Z56: =IFERROR(W56/E56,0) -> 6.0800032 | AA56: =IFERROR(X56/F56,0) -> 5.3725511
A57: 53 | B57: SEIL P1 (230MW) | C57: 230.55 | D57: 0.3622 | E57: 59.23 | F57: 56.142381 | G57: =F57-E57 -> -3.0876186 | H57: 81.216667 | I57: 79.69861 | J57: =I57-H57 -> -1.5180571 | K57: 151.6288 | L57: 159.35976 | M57: =L57-K57 -> 7.7309646 | O57: 0 | P57: =O57-N57 -> 0 | R57: 0 | S57: =R57-Q57 -> 0 | U57: 6.8053194 | V57: =U57-T57 -> 6.8053194 | W57: =T57+Q57+N57+K57+H57 -> 232.84547 | X57: =U57+R57+O57+L57+I57 -> 245.86369 | Y57: =X57-W57 -> 13.018227 | Z57: =IFERROR(W57/E57,0) -> 3.9312083 | AA57: =IFERROR(X57/F57,0) -> 4.3792887
A58: 54 | B58: SEIL P2 (500MW Firm) | C58: 500 | D58: 0.3622 | E58: 121.99 | F58: 61.201633 | G58: =F58-E58 -> -60.788367 | H58: 199.2 | I58: 107.87773 | J58: =I58-H58 -> -91.322269 | K58: 303.7551 | L58: 141.37577 | M58: =L58-K58 -> -162.37933 | O58: 0 | P58: =O58-N58 -> 0 | R58: 0 | S58: =R58-Q58 -> 0 | U58: 15.036684 | V58: =U58-T58 -> 15.036684 | W58: =T58+Q58+N58+K58+H58 -> 502.9551 | X58: =U58+R58+O58+L58+I58 -> 264.29019 | Y58: =X58-W58 -> -238.66491 | Z58: =IFERROR(W58/E58,0) -> 4.1229207 | AA58: =IFERROR(X58/F58,0) -> 4.3183519
A59: 55 | B59: SEMBCORP PROJECT-1 (625MW) | C59: 625 | D59: 0.3622 | E59: 152.49 | F59: 115.02875 | G59: =F59-E59 -> -37.461252 | H59: 236.575 | I59: 183.52387 | J59: =I59-H59 -> -53.051129 | K59: 390.3744 | L59: 292.17302 | M59: =L59-K59 -> -98.20138 | O59: 0 | P59: =O59-N59 -> 0 | R59: 0 | S59: =R59-Q59 -> 0 | U59: 0 | V59: =U59-T59 -> 0 | W59: =T59+Q59+N59+K59+H59 -> 626.9494 | X59: =U59+R59+O59+L59+I59 -> 475.69689 | Y59: =X59-W59 -> -151.25251 | Z59: =IFERROR(W59/E59,0) -> 4.1114132 | AA59: =IFERROR(X59/F59,0) -> 4.1354609
A60: 56 | B60: SEMBCORP PROJECT-2 (125MW) | C60: 125 | D60: 0.3622 | E60: 0 | F60: 0 | G60: =F60-E60 -> 0 | H60: 0 | I60: 0 | J60: =I60-H60 -> 0 | K60: 0 | L60: 0 | M60: =L60-K60 -> 0 | O60: 0 | P60: =O60-N60 -> 0 | R60: 0 | S60: =R60-Q60 -> 0 | U60: 2.6449268 | V60: =U60-T60 -> 2.6449268 | W60: =T60+Q60+N60+K60+H60 -> 0 | X60: =U60+R60+O60+L60+I60 -> 2.6449268 | Y60: =X60-W60 -> 2.6449268 | Z60: =IFERROR(W60/E60,0) -> 0 | AA60: =IFERROR(X60/F60,0) -> 0
A61: 57 | B61: HNPCL | C61: 1040 | D61: 0.3622 | E61: 177.32 | F61: 199.28284 | G61: =F61-E61 -> 21.962837 | H61: 256.86667 | I61: 314.34304 | J61: =I61-H61 -> 57.476377 | K61: 617.0736 | L61: 694.28148 | M61: =L61-K61 -> 77.207877 | O61: 0 | P61: =O61-N61 -> 0 | R61: 0 | S61: =R61-Q61 -> 0 | U61: 0 | V61: =U61-T61 -> 0 | W61: =T61+Q61+N61+K61+H61 -> 873.94027 | X61: =U61+R61+O61+L61+I61 -> 1008.6245 | Y61: =X61-W61 -> 134.68425 | Z61: =IFERROR(W61/E61,0) -> 4.9286052 | AA61: =IFERROR(X61/F61,0) -> 5.0612714
A62: 58 | B62: IPPs TOTAL | C62: =SUM(C57:C61) -> 2520.55 | D62: 0.3622 | E62: =SUM(E57:E61) -> 511.03 | F62: =SUM(F57:F61) -> 431.6556 | G62: =SUM(G57:G61) -> -79.374401 | H62: =SUM(H57:H61) -> 773.85833 | I62: =SUM(I57:I61) -> 685.44326 | J62: =SUM(J57:J61) -> -88.415077 | K62: =SUM(K57:K61) -> 1462.8319 | L62: =SUM(L57:L61) -> 1287.19 | ... Y62: =SUM(Y57:Y61) -> -239.57001 | Z62: =IFERROR(W62/E62,0) -> 4.3768276 | AA62: =IFERROR(X62/F62,0) -> 4.6266519
A63: =A62+1 -> 59 | B63: UI CHARGES | E63: 0 | F63: -3.3978847 | G63: =F63-E63 -> -3.3978847 | H63: 0 | I63: 0 | J63: =I63-H63 -> 0 | K63: 0 | L63: 21.914848 | M63: =L63-K63 -> 21.914848 | O63: 0 | P63: =O63-N63 -> 0 | R63: 0 | S63: =R63-Q63 -> 0 | U63: 0 | V63: =U63-T63 -> 0 | W63: =T63+Q63+N63+K63+H63 -> 0 | X63: =U63+R63+O63+L63+I63 -> 21.914848 | Y63: =X63-W63 -> 21.914848 | Z63: =IFERROR(W63/E63,0) -> 0 | AA63: =IFERROR(X63/F63,0) -> -6.4495561
A64: =A63+1 -> 60 | B64: Market Purchases | E64: 40.88 | F64: 87.695477 | G64: =F64-E64 -> 46.815477 | H64: 0 | I64: 0 | J64: =I64-H64 -> 0 | K64: 237.9216 | L64: 548.73043 | M64: =L64-K64 -> 310.80883 | O64: 0 | P64: =O64-N64 -> 0 | R64: 0 | S64: =R64-Q64 -> 0 | U64: 0 | V64: =U64-T64 -> 0 | W64: =T64+Q64+N64+K64+H64 -> 237.9216 | X64: =U64+R64+O64+L64+I64 -> 548.73043 | Y64: =X64-W64 -> 310.80883 | Z64: =IFERROR(W64/E64,0) -> 5.82 | AA64: =IFERROR(X64/F64,0) -> 6.2572262
A65: =A64+1 -> 61 | B65: Short term Sales | E65: 0 | F65: -64.915623 | G65: =F65-E65 -> -64.915623 | H65: 0 | I65: 0 | J65: =I65-H65 -> 0 | K65: 0 | L65: -200.7097 | M65: =L65-K65 -> -200.7097 | P65: =O65-N65 -> 0 | S65: =R65-Q65 -> 0 | V65: =U65-T65 -> 0 | W65: =T65+Q65+N65+K65+H65 -> 0 | X65: =U65+R65+O65+L65+I65 -> -200.7097 | Y65: =X65-W65 -> -200.7097 | Z65: =IFERROR(W65/E65,0) -> 0 | AA65: =IFERROR(X65/F65,0) -> 3.091855
A66: =A65+1 -> 62 | B66: Purchase from SPDCL | E66: 0 | G66: =F66-E66 -> 0 | H66: 0 | J66: =I66-H66 -> 0 | K66: 0 | M66: =L66-K66 -> 0 | P66: =O66-N66 -> 0 | S66: =R66-Q66 -> 0 | V66: =U66-T66 -> 0 | W66: =T66+Q66+N66+K66+H66 -> 0 | X66: =U66+R66+O66+L66+I66 -> 0 | Y66: =X66-W66 -> 0 | Z66: =IFERROR(W66/E66,0) -> 0 | AA66: =IFERROR(X66/F66,0) -> 0
A67: =A66+1 -> 63 | B67: Purchase from CPDCL | E67: 0 | G67: =F67-E67 -> 0 | H67: 0 | J67: =I67-H67 -> 0 | K67: 0 | M67: =L67-K67 -> 0 | P67: =O67-N67 -> 0 | S67: =R67-Q67 -> 0 | V67: =U67-T67 -> 0 | W67: =T67+Q67+N67+K67+H67 -> 0 | X67: =U67+R67+O67+L67+I67 -> 0 | Y67: =X67-W67 -> 0 | Z67: =IFERROR(W67/E67,0) -> 0 | AA67: =IFERROR(X67/F67,0) -> 0
A68: 64 | B68: Sale to SPDCL | E68: 0 | G68: =F68-E68 -> 0 | H68: 0 | J68: =I68-H68 -> 0 | K68: 0 | M68: =L68-K68 -> 0 | P68: =O68-N68 -> 0 | S68: =R68-Q68 -> 0 | V68: =U68-T68 -> 0 | W68: =T68+Q68+N68+K68+H68 -> 0 | X68: =U68+R68+O68+L68+I68 -> 0 | Y68: =X68-W68 -> 0 | Z68: =IFERROR(W68/E68,0) -> 0 | AA68: =IFERROR(X68/F68,0) -> 0
A69: 65 | B69: Sale to CPDCL | E69: 0 | G69: =F69-E69 -> 0 | H69: 0 | J69: =I69-H69 -> 0 | K69: 0 | M69: =L69-K69 -> 0 | P69: =O69-N69 -> 0 | S69: =R69-Q69 -> 0 | V69: =U69-T69 -> 0 | W69: =T69+Q69+N69+K69+H69 -> 0 | X69: =U69+R69+O69+L69+I69 -> 0 | Y69: =X69-W69 -> 0 | Z69: =IFERROR(W69/E69,0) -> 0 | AA69: =IFERROR(X69/F69,0) -> 0
A70: 66 | B70: Swapping power | E70: 0 | F70: -143.49778 | G70: =F70-E70 -> -143.49778 | H70: 0 | I70: 0 | J70: =I70-H70 -> 0 | K70: 0 | L70: -739.72101 | M70: =L70-K70 -> -739.72101 | P70: =O70-N70 -> 0 | S70: =R70-Q70 -> 0 | V70: =U70-T70 -> 0 | W70: =T70+Q70+N70+K70+H70 -> 0 | X70: =U70+R70+O70+L70+I70 -> -739.72101 | Y70: =X70-W70 -> -739.72101 | Z70: =IFERROR(W70/E70,0) -> 0 | AA70: =IFERROR(X70/F70,0) -> 5.15493
A71: 67 | B71: TOTAL OTHERS | E71: =SUM(E63:E70) -> 40.88 | F71: =SUM(F63:F70) -> -124.11581 | G71: =SUM(G63:G70) -> -164.99581 | H71: =SUM(H63:H70) -> 0 | I71: =SUM(I63:I70) -> 0 | J71: =SUM(J63:J70) -> 0 | K71: =SUM(K63:K70) -> 237.9216 | L71: =SUM(L63:L70) -> -369.78542 | ... Y71: =SUM(Y63:Y70) -> -607.70702 | Z71: =IFERROR(W71/E71,0) -> 5.82 | AA71: =IFERROR(X71/F71,0) -> 2.9793579
A72: 68 | B72: TRANSMISSION COST | E72: 0 | F72: 0 | G72: =F72-E72 -> 0 | H72: 1166.0167 | I72: 1065.5253 | J72: =I72-H72 -> -100.49133 | K72: 0 | L72: 0 | M72: =L72-K72 -> 0 | O72: 0 | P72: =O72-N72 -> 0 | R72: 0 | S72: =R72-Q72 -> 0 | U72: 45.671891 | V72: =U72-T72 -> 45.671891 | W72: =T72+Q72+N72+K72+H72 -> 1166.0167 | X72: =U72+R72+O72+L72+I72 -> 1111.1972 | Y72: =X72-W72 -> -54.81944 | Z72: =IFERROR(W72/E72,0) -> 0 | AA72: =IFERROR(X72/F72,0) -> 0
A73: =A72+1 -> 69 | B73: SLDC COST | E73: 0 | F73: 0 | G73: =F73-E73 -> 0 | H73: 40.241667 | I73: 23.150026 | J73: =I73-H73 -> -17.091641 | K73: 0 | L73: 0 | M73: =L73-K73 -> 0 | O73: 0 | P73: =O73-N73 -> 0 | R73: 0 | S73: =R73-Q73 -> 0 | U73: 0 | V73: =U73-T73 -> 0 | W73: =T73+Q73+N73+K73+H73 -> 40.241667 | X73: =U73+R73+O73+L73+I73 -> 23.150026 | Y73: =X73-W73 -> -17.091641 | Z73: =IFERROR(W73/E73,0) -> 0 | AA73: =IFERROR(X73/F73,0) -> 0
A74: =A73+1 -> 70 | B74: PGCIL | E74: 0 | F74: 0 | G74: =F74-E74 -> 0 | H74: 544.125 | I74: 427.75414 | J74: =I74-H74 -> -116.37086 | K74: 0 | L74: 0 | M74: =L74-K74 -> 0 | O74: 0 | P74: =O74-N74 -> 0 | R74: 0 | S74: =R74-Q74 -> 0 | U74: 0.34385833 | V74: =U74-T74 -> 0.34385833 | W74: =T74+Q74+N74+K74+H74 -> 544.125 | X74: =U74+R74+O74+L74+I74 -> 428.098 | Y74: =X74-W74 -> -116.027 | Z74: =IFERROR(W74/E74,0) -> 0 | AA74: =IFERROR(X74/F74,0) -> 0
A75: =A74+1 -> 71 | B75: ULDC COST | E75: 0 | F75: 0 | G75: =F75-E75 -> 0 | H75: 1.6416667 | I75: 1.5775582 | J75: =I75-H75 -> -0.064108452 | K75: 0 | L75: 0 | M75: =L75-K75 -> 0 | O75: 0 | P75: =O75-N75 -> 0 | R75: 0 | S75: =R75-Q75 -> 0 | U75: 0 | V75: =U75-T75 -> 0 | W75: =T75+Q75+N75+K75+H75 -> 1.6416667 | X75: =U75+R75+O75+L75+I75 -> 1.5775582 | Y75: =X75-W75 -> -0.064108452 | Z75: =IFERROR(W75/E75,0) -> 0 | AA75: =IFERROR(X75/F75,0) -> 0
A76: =A75+1 -> 72 | B76: TOTAL TRANSMISSION & ULDC CHARGES | E76: =SUM(E72:E75) -> 0 | F76: =SUM(F72:F75) -> 0 | G76: =SUM(G72:G75) -> 0 | H76: =SUM(H72:H75) -> 1752.025 | I76: =SUM(I72:I75) -> 1518.0071 | J76: =SUM(J72:J75) -> -234.01794 | K76: =SUM(K72:K75) -> 0 | L76: =SUM(L72:L75) -> 0 | ... Y76: =SUM(Y72:Y75) -> -188.00219 | Z76: =IFERROR(W76/E76,0) -> 0 | AA76: =IFERROR(X76/F76,0) -> 0
A77: 73 | B77: TOTAL COST | E77: =E12+E23+E45+E49+E56+E62+E71+E76+E51 -> 2696.53 | F77: =F12+F23+F45+F49+F56+F62+F71+F76+F51 -> 2491.071 | G77: =G12+G23+G45+G49+G56+G62+G71+G76+G51 -> -205.459 | H77: =H12+H23+H45+H49+H56+H62+H71+H76+H51 -> 4808.3167 | I77: =I12+I23+I45+I49+I56+I62+I71+I76+I51 -> 4482.6765 | J77: =J12+J23+J45+J49+J56+J62+J71+J76+J51 -> -325.64021 | K77: =K12+K23+K45+K49+K56+K62+K71+K76+K51 -> 9818.4829 | L77: =L12+L23+L45+L49+L56+L62+L71+L76+L51 -> 8787.0164 | ... Y77: =Y12+Y23+Y45+Y49+Y56+Y62+Y71+Y76+Y51 -> -1261.2859 | Z77: =IFERROR(W77/E77,0) -> 5.4243044 | AA77: =IFERROR(X77/F77,0) -> 5.3653684
A78: 74 | B78: Past claims/refunds, if any, pertaining to the Month(s) prior to the month for which FPPCA is being filed (Previous FYs) | E78: 0 | F78: 0 | G78: =F78-E78 -> 0 | H78: 0 | I78: 483.54582 | J78: =I78-H78 -> 483.54582 | K78: 0 | L78: 363.67818 | M78: =L78-K78 -> 363.67818 | P78: =O78-N78 -> 0 | S78: =R78-Q78 -> 0 | V78: =U78-T78 -> 0 | W78: =T78+Q78+N78+K78+H78 -> 0 | X78: =U78+R78+O78+L78+I78 -> 847.22399 | Y78: =X78-W78 -> 847.22399 | Z78: =IFERROR(W78/E78,0) -> 0 | AA78: =IFERROR(X78/F78,0) -> 0
A79: 75 | B79: POWER PURCHASE | E79: =SUM(E77:E78) -> 2696.53 | F79: =SUM(F77:F78) -> 2491.071 | G79: =SUM(G77:G78) -> -205.459 | H79: =SUM(H77:H78) -> 4808.3167 | I79: =SUM(I77:I78) -> 4966.2223 | J79: =SUM(J77:J78) -> 157.9056 | K79: =SUM(K77:K78) -> 9818.4829 | L79: =SUM(L77:L78) -> 9150.6946 | ... Y79: =SUM(Y77:Y78) -> -414.06194 | Z79: =IFERROR(W79/E79,0) -> 5.4243044 | AA79: =IFERROR(X79/F79,0) -> 5.7054727 | AB79: =AA79-Z79 -> 0.28116831
M82: 1 | N82: Actual Weighted average Power Purchase Cost per unit of energy (APPC) | X82: = | Y82: =+X79/F79 -> 5.7054727
M83: 2 | N83: Base Weighted average Power Purchase Cost per unit of energy (BPPC) | X83: = | Y83: =+W79/E79 -> 5.4243044
M84: 3 | N84: Actual loss % for previous year (FY 2024-25) | X84: = | Y84: 0.0891
M85: 4 | N85: Approved T&D Loss for FY 2025-26 | X85: = | Y85: 0.0839
M86: 5 | N86: Loss % considered (lower of above two rows) | X86: = | Y86: =+MIN(Y84,Y85)*100 -> 8.39
M87: 6 | N87: FPPCA (Rs./Unit) = (APPC - BPPC ) / (1-(Loss in %/100)) (Rs./Unit) | X87: = | Y87: =+(Y82-Y83)/(1-(Y86/100)) -> 0.30691879
M88: 7 | N88: Actual loss % for FY 2025-26 | X88: = | Y88: 0.087
M89: 8 | N89: Sales in MU | X89: = | Y89: 2324.7271
M90: 9 | N90: Recovery through FPPCA (Millions) (6*8) | X90: = | Y90: =+Y89*Y87 -> 713.50243
M91: 10 | N91: Actual Power Purchase Cost variation (Millions) | X91: = | Y91: =+Y79 -> -414.06194
M92: 11 | N92: Actual Power Purchase quantum (MU) | X92: = | Y92: =+F79 -> 2491.071
M93: 12 | N93: Actual sales grossed up with actual losses (sales / (1-Actual losses) (MU) (8/(1-7) | X93: = | Y93: =+Y89/(1-Y88) -> 2546.2509
M94: 13 | N94: Actual sales grossed up with approved losses (sales / (1-Apporved losses) (MU) (8/(1-4) | X94: = | Y94: =+Y89/(1-Y85) -> 2537.6346
M95: 14 | N95: Power Purchase quantum as per Clause (G) of Regulation (Lower of the above) (MU) | X95: = | Y95: =+MIN(Y93,Y94,Y92) -> 2491.071
M96: 15 | N96: Power Purchase Cost as per Clause (G) of Regulation (Millions) (14*1) | X96: = | Y96: =+Y95*Y82 -> 14212.738
M97: 16 | N97: Power Purchase Cost variation (Millions) | X97: = | Y97: =+Y96-W79 -> -414.06194
M98: 17 | N98: FPPCA adjusted as per Clause (G) of Regulation (16/8) (Rs./Unit) | X98: = | Y98: =+Y97/Y89 -> -0.17811206
M99: 18 | N99: FPPCA Passed through automatically (Rs./Unit) | X99: = | Y99: 0.4

Sheet 08-25
A1: FPPCA FORMAT for the month of AUGUST, 2025 FY 25-26 (APEPDCL)
A2: S.No. | B2: Generating station/ Stage/Source | C2: Plant capacity (MW) | D2: Discom's share (%) | E2: Energy (MU) | H2: Cost Components (Rs.Millions) | Z2: 10
H3: Fixed (A) | K3: Variable (B) | N3: Incentive (C) | Q3: Income Tax (D) | T3: Others (E) | W3: Total F=(A+B+C+D+E)
E4: TO (a) | F4: Actual (b) | G4: Variance (c)= (b-a) | H4: TO (d) | I4: Actual (e) | J4: Variance (f)= (e-d) | K4: TO (g) | L4: Actual (h) | M4: Variance (i)= (h-g) | N4: TO (j) | O4: Actual (k) | P4: Variance (l)= (k-j) | Q4: TO (m) | R4: Actual (n) | S4: Variance (o)= (n-m) | T4: TO (p) | U4: Actual (q) | V4: Variance (r)= (q-p) | W4: TO (s) | X4: Actual (t) | Y4: Variance (u)= (t-s) | Z4: Avg as per Tariff Order | AA4: Actual
A5: 1 | B5: Dr. NTTPS | C5: 1260 | D5: 0.3622 | E5: 107.61 | F5: 204.74001 | G5: =F5-E5 -> 97.130012 | H5: 239.375 | I5: 220.87568 | J5: =I5-H5 -> -18.499321 | K5: 455.1903 | L5: 869.98639 | M5: =L5-K5 -> 414.79609 | O5: 0 | P5: =O5-N5 -> 0 | R5: 0 | S5: =R5-Q5 -> 0 | U5: 0 | V5: =U5-T5 -> 0 | W5: =T5+Q5+N5+K5+H5 -> 694.5653 | X5: =U5+R5+O5+L5+I5 -> 1090.8621 | Y5: =X5-W5 -> 396.29677 | Z5: =IFERROR(W5/E5,0) -> 6.454468 | AA5: =IFERROR(X5/F5,0) -> 5.3280356
A6: =A5+1 -> 2 | B6: Dr. NTTPS-IV | C6: 500 | D6: 0.3622 | E6: 84.45 | F6: 51.824772 | G6: =F6-E6 -> -32.625228 | H6: 86.4 | I6: 72.092337 | J6: =I6-H6 -> -14.307663 | K6: 332.733 | L6: 206.46132 | M6: =L6-K6 -> -126.27168 | O6: 0 | P6: =O6-N6 -> 0 | R6: 0 | S6: =R6-Q6 -> 0 | U6: 0 | V6: =U6-T6 -> 0 | W6: =T6+Q6+N6+K6+H6 -> 419.133 | X6: =U6+R6+O6+L6+I6 -> 278.55366 | Y6: =X6-W6 -> -140.57934 | Z6: =IFERROR(W6/E6,0) -> 4.9630906 | AA6: =IFERROR(X6/F6,0) -> 5.3749133
A7: =A6+1 -> 3 | B7: Dr. NTTPS-V | C7: 800 | D7: 0.3622 | E7: 162.59 | F7: 125.81428 | G7: =F7-E7 -> -36.775716 | H7: 324.79167 | I7: 279.06672 | J7: =I7-H7 -> -45.724947 | K7: 543.0506 | L7: 400.4396 | M7: =L7-K7 -> -142.611 | O7: 0 | P7: =O7-N7 -> 0 | R7: 0 | S7: =R7-Q7 -> 0 | U7: 0 | V7: =U7-T7 -> 0 | W7: =T7+Q7+N7+K7+H7 -> 867.84227 | X7: =U7+R7+O7+L7+I7 -> 679.50632 | Y7: =X7-W7 -> -188.33595 | Z7: =IFERROR(W7/E7,0) -> 5.3376116 | AA7: =IFERROR(X7/F7,0) -> 5.4008679
A8: =A7+1 -> 4 | B8: Dr.M.V.R.RTPP Stage-I | C8: 420 | D8: 0.3622 | E8: 26.18 | F8: 64.392622 | G8: =F8-E8 -> 38.212622 | H8: 79.408333 | I8: 89.611857 | J8: =I8-H8 -> 10.203524 | K8: 115.192 | L8: 305.55989 | M8: =L8-K8 -> 190.36789 | O8: 0 | P8: =O8-N8 -> 0 | R8: 0 | S8: =R8-Q8 -> 0 | U8: 0 | V8: =U8-T8 -> 0 | W8: =T8+Q8+N8+K8+H8 -> 194.60033 | X8: =U8+R8+O8+L8+I8 -> 395.17175 | Y8: =X8-W8 -> 200.57141 | Z8: =IFERROR(W8/E8,0) -> 7.4331678 | AA8: =IFERROR(X8/F8,0) -> 6.1369103
A9: =A8+1 -> 5 | B9: Dr.M.V.R.RTPP Stage-II | C9: 420 | D9: 0.3622 | E9: 8.76 | F9: 46.19008 | G9: =F9-E9 -> 37.43008 | H9: 87.775 | I9: 86.18555 | J9: =I9-H9 -> -1.58945 | K9: 38.544 | L9: 219.18405 | M9: =L9-K9 -> 180.64005 | O9: 0 | P9: =O9-N9 -> 0 | R9: 0 | S9: =R9-Q9 -> 0 | U9: 0 | V9: =U9-T9 -> 0 | W9: =T9+Q9+N9+K9+H9 -> 126.319 | X9: =U9+R9+O9+L9+I9 -> 305.3696 | Y9: =X9-W9 -> 179.0506 | Z9: =IFERROR(W9/E9,0) -> 14.419977 | AA9: =IFERROR(X9/F9,0) -> 6.6111512
A10: =A9+1 -> 6 | B10: Dr.M.V.R.RTPP Stage-III | C10: 210 | D10: 0.3622 | E10: 17.33 | F10: 27.411266 | G10: =F10-E10 -> 10.081266 | H10: 47.258333 | I10: 53.224536 | J10: =I10-H10 -> 5.9662025 | K10: 76.252 | L10: 130.07365 | M10: =L10-K10 -> 53.821651 | O10: 0 | P10: =O10-N10 -> 0 | R10: 0 | S10: =R10-Q10 -> 0 | U10: 0 | V10: =U10-T10 -> 0 | W10: =T10+Q10+N10+K10+H10 -> 123.51033 | X10: =U10+R10+O10+L10+I10 -> 183.29819 | Y10: =X10-W10 -> 59.787854 | Z10: =IFERROR(W10/E10,0) -> 7.1269667 | AA10: =IFERROR(X10/F10,0) -> 6.6869654
A11: =A10+1 -> 7 | B11: Dr.M.V.R.RTPP Stage-IV | C11: 600 | D11: 0.3622 | E11: 75.37 | F11: 99.162906 | G11: =F11-E11 -> 23.792906 | H11: 184.25833 | I11: 199.6802 | J11: =I11-H11 -> 15.421864 | K11: 309.017 | L11: 437.80347 | M11: =L11-K11 -> 128.78647 | O11: 0 | P11: =O11-N11 -> 0 | R11: 0 | S11: =R11-Q11 -> 0 | U11: 0 | V11: =U11-T11 -> 0 | W11: =T11+Q11+N11+K11+H11 -> 493.27533 | X11: =U11+R11+O11+L11+I11 -> 637.48367 | Y11: =X11-W11 -> 144.20833 | Z11: =IFERROR(W11/E11,0) -> 6.5447172 | AA11: =IFERROR(X11/F11,0) -> 6.4286505
A12: =A11+1 -> 8 | B12: GENCO THERMAL TOTAL | C12: =SUM(C5:C11) -> 4210 | D12: 0.3622 | E12: =SUM(E5:E11) -> 482.29 | F12: =SUM(F5:F11) -> 619.53594 | G12: =SUM(G5:G11) -> 137.24594 | H12: =SUM(H5:H11) -> 1049.2667 | I12: =SUM(I5:I11) -> 1000.7369 | J12: =SUM(J5:J11) -> -48.529791 | K12: =SUM(K5:K11) -> 1869.9789 | L12: =SUM(L5:L11) -> 2569.5084 | ... Y12: =SUM(Y5:Y11) -> 650.99968 | Z12: =IFERROR(W12/E12,0) -> 6.0528843 | AA12: =IFERROR(X12/F12,0) -> 5.7627734
A13: =A12+1 -> 9 | B13: Srisailam RCPH | C13: 770 | D13: 0.3622 | E13: 137.91 | F13: 172.70839 | G13: =F13-E13 -> 34.798395 | H13: 70.591667 | I13: 69.674651 | J13: =I13-H13 -> -0.91701583 | K13: 0 | L13: 0 | M13: =L13-K13 -> 0 | O13: 0 | P13: =O13-N13 -> 0 | R13: 0 | S13: =R13-Q13 -> 0 | U13: 0 | V13: =U13-T13 -> 0 | W13: =T13+Q13+N13+K13+H13 -> 70.591667 | X13: =U13+R13+O13+L13+I13 -> 69.674651 | Y13: =X13-W13 -> -0.91701583 | Z13: =IFERROR(W13/E13,0) -> 0.51186764 | AA13: =IFERROR(X13/F13,0) -> 0.40342365
A14: =A13+1 -> 10 | B14: NSRCPH | C14: 90 | D14: 0.3622 | E14: 11.15 | F14: 14.009858 | G14: =F14-E14 -> 2.8598577 | H14: 8.3 | I14: 8.1802692 | J14: =I14-H14 -> -0.11973083 | K14: 0 | L14: 0 | M14: =L14-K14 -> 0 | O14: 0 | P14: =O14-N14 -> 0 | R14: 0 | S14: =R14-Q14 -> 0 | U14: 0 | V14: =U14-T14 -> 0 | W14: =T14+Q14+N14+K14+H14 -> 8.3 | X14: =U14+R14+O14+L14+I14 -> 8.1802692 | Y14: =X14-W14 -> -0.11973083 | Z14: =IFERROR(W14/E14,0) -> 0.74439462 | AA14: =IFERROR(X14/F14,0) -> 0.58389381
A15: =A14+1 -> 11 | B15: NSTPDC PH | C15: 50 | D15: 0.3622 | E15: 7.56 | F15: 4.6288359 | G15: =F15-E15 -> -2.9311641 | H15: 16.233333 | I15: 15.992634 | J15: =I15-H15 -> -0.24069917 | K15: 0 | L15: 0 | M15: =L15-K15 -> 0 | O15: 0 | P15: =O15-N15 -> 0 | R15: 0 | S15: =R15-Q15 -> 0 | U15: 0 | V15: =U15-T15 -> 0 | W15: =T15+Q15+N15+K15+H15 -> 16.233333 | X15: =U15+R15+O15+L15+I15 -> 15.992634 | Y15: =X15-W15 -> -0.24069917 | Z15: =IFERROR(W15/E15,0) -> 2.1472663 | AA15: =IFERROR(X15/F15,0) -> 3.4550014
A16: =A15+1 -> 12 | B16: Upper Sileru | C16: 725 | D16: 0.3622 | E16: 15.44 | F16: 15.180456 | G16: =F16-E16 -> -0.25954442 | H16: 27.856408 | I16: 27.470295 | J16: =I16-H16 -> -0.38611289 | K16: 0 | L16: 0 | M16: =L16-K16 -> 0 | O16: 0 | P16: =O16-N16 -> 0 | R16: 0 | S16: =R16-Q16 -> 0 | U16: 0 | V16: =U16-T16 -> 0 | W16: =T16+Q16+N16+K16+H16 -> 27.856408 | X16: =U16+R16+O16+L16+I16 -> 27.470295 | Y16: =X16-W16 -> -0.38611289 | Z16: =IFERROR(W16/E16,0) -> 1.8041715 | AA16: =IFERROR(X16/F16,0) -> 1.8095831
A17: =A16+1 -> 13 | B17: Lower Sileru | D17: 0.3622 | E17: 43.64 | F17: 39.081946 | G17: =F17-E17 -> -4.5580544 | H17: 53.398463 | I17: 52.6514 | J17: =I17-H17 -> -0.74706289 | K17: 0 | L17: 0 | M17: =L17-K17 -> 0 | O17: 0 | P17: =O17-N17 -> 0 | R17: 0 | S17: =R17-Q17 -> 0 | U17: 0 | V17: =U17-T17 -> 0 | W17: =T17+Q17+N17+K17+H17 -> 53.398463 | X17: =U17+R17+O17+L17+I17 -> 52.6514 | Y17: =X17-W17 -> -0.74706289 | Z17: =IFERROR(W17/E17,0) -> 1.2236128 | AA17: =IFERROR(X17/F17,0) -> 1.3472052
A18: =A17+1 -> 14 | B18: Donkarayi | D18: 0.3622 | E18: 4.65 | F18: 4.5413447 | G18: =F18-E18 -> -0.10865533 | H18: 2.9034625 | I18: 2.8614891 | J18: =I18-H18 -> -0.041973391 | K18: 0 | L18: 0 | M18: =L18-K18 -> 0 | O18: 0 | P18: =O18-N18 -> 0 | R18: 0 | S18: =R18-Q18 -> 0 | U18: 0 | V18: =U18-T18 -> 0 | W18: =T18+Q18+N18+K18+H18 -> 2.9034625 | X18: =U18+R18+O18+L18+I18 -> 2.8614891 | Y18: =X18-W18 -> -0.041973391 | Z18: =IFERROR(W18/E18,0) -> 0.62440054 | AA18: =IFERROR(X18/F18,0) -> 0.63009732
A19: =A18+1 -> 15 | B19: PABRHES | C19: 20 | D19: 0.3622 | E19: 0.24 | F19: -0.010317696 | G19: =F19-E19 -> -0.2503177 | H19: 4.575 | I19: 4.5204225 | J19: =I19-H19 -> -0.0545775 | K19: 0 | L19: 0 | M19: =L19-K19 -> 0 | O19: 0 | P19: =O19-N19 -> 0 | R19: 0 | S19: =R19-Q19 -> 0 | U19: 0 | V19: =U19-T19 -> 0 | W19: =T19+Q19+N19+K19+H19 -> 4.575 | X19: =U19+R19+O19+L19+I19 -> 4.5204225 | Y19: =X19-W19 -> -0.0545775 | Z19: =IFERROR(W19/E19,0) -> 19.0625 | AA19: =IFERROR(X19/F19,0) -> -438.12323
A20: =A19+1 -> 16 | B20: Minihydel(Chettipet) | C20: 1 | D20: 0.3622 | E20: 0.04 | F20: 0.08787471 | G20: =F20-E20 -> 0.04787471 | H20: 0.81666667 | I20: 0.7965925 | J20: =I20-H20 -> -0.020074167 | K20: 0 | L20: 0 | M20: =L20-K20 -> 0 | O20: 0 | P20: =O20-N20 -> 0 | R20: 0 | S20: =R20-Q20 -> 0 | U20: 0 | V20: =U20-T20 -> 0 | W20: =T20+Q20+N20+K20+H20 -> 0.81666667 | X20: =U20+R20+O20+L20+I20 -> 0.7965925 | Y20: =X20-W20 -> -0.020074167 | Z20: =IFERROR(W20/E20,0) -> 20.416667 | AA20: =IFERROR(X20/F20,0) -> 9.0650939
A21: =A20+1 -> 17 | B21: Machkund HES (AP Share) | C21: 117.6 | D21: 0.3622 | E21: 11.19 | F21: 13.002693 | G21: =F21-E21 -> 1.812693 | H21: 12.342687 | I21: 12.158465 | J21: =I21-H21 -> -0.1842219 | K21: 0 | L21: 0 | M21: =L21-K21 -> 0 | O21: 0 | P21: =O21-N21 -> 0 | R21: 0 | S21: =R21-Q21 -> 0 | U21: 0 | V21: =U21-T21 -> 0 | W21: =T21+Q21+N21+K21+H21 -> 12.342687 | X21: =U21+R21+O21+L21+I21 -> 12.158465 | Y21: =X21-W21 -> -0.1842219 | Z21: =IFERROR(W21/E21,0) -> 1.1030105 | AA21: =IFERROR(X21/F21,0) -> 0.93507285
A22: =A21+1 -> 18 | B22: Tungabhadra HES (AP Share) | D22: 0.3622 | E22: 8.24 | F22: 10.72536 | G22: =F22-E22 -> 2.4853598 | H22: 11.84898 | I22: 11.672127 | J22: =I22-H22 -> -0.17685265 | K22: 0 | L22: 0 | M22: =L22-K22 -> 0 | O22: 0 | P22: =O22-N22 -> 0 | R22: 0 | S22: =R22-Q22 -> 0 | U22: 0 | V22: =U22-T22 -> 0 | W22: =T22+Q22+N22+K22+H22 -> 11.84898 | X22: =U22+R22+O22+L22+I22 -> 11.672127 | Y22: =X22-W22 -> -0.17685265 | Z22: =IFERROR(W22/E22,0) -> 1.437983 | AA22: =IFERROR(X22/F22,0) -> 1.0882737
A23: =A22+1 -> 19 | B23: GENCO HYDEL(INCLUDING INTERSTATE)TOTAL | C23: =SUM(C13:C22) -> 1773.6 | D23: 0.3622 | E23: =SUM(E13:E22) -> 240.06 | F23: =SUM(F13:F22) -> 273.95644 | G23: =SUM(G13:G22) -> 33.896444 | H23: =SUM(H13:H22) -> 208.86667 | I23: =SUM(I13:I22) -> 205.97835 | J23: =SUM(J13:J22) -> -2.8883212 | K23: =SUM(K13:K22) -> 0 | L23: =SUM(L13:L22) -> 0 | ... Y23: =SUM(Y13:Y22) -> -2.8883212 | Z23: =IFERROR(W23/E23,0) -> 0.87006026 | AA23: =IFERROR(X23/F23,0) -> 0.75186531
A24: =A23+1 -> 20 | B24: NTPC(SR) Ramagundam I & II | C24: 2100 | D24: 0.3622 | E24: 50.69 | F24: 32.87542 | G24: =F24-E24 -> -17.81458 | H24: 48.7 | I24: 62.235977 | J24: =I24-H24 -> 13.535977 | K24: 202.2531 | L24: 116.74062 | M24: =L24-K24 -> -85.51248 | O24: 0 | P24: =O24-N24 -> 0 | R24: 0 | S24: =R24-Q24 -> 0 | U24: 0 | V24: =U24-T24 -> 0 | W24: =T24+Q24+N24+K24+H24 -> 250.9531 | X24: =U24+R24+O24+L24+I24 -> 178.9766 | Y24: =X24-W24 -> -71.976503 | Z24: =IFERROR(W24/E24,0) -> 4.9507418 | AA24: =IFERROR(X24/F24,0) -> 5.4440854
A25: =A24+1 -> 21 | B25: NTPC(SR) Simhadri Stage-I | C25: 1000 | D25: 0.3622 | E25: 106.4 | F25: 80.011122 | G25: =F25-E25 -> -26.388878 | H25: 96.741667 | I25: 132.08692 | J25: =I25-H25 -> 35.345256 | K25: 387.296 | L25: 272.75792 | M25: =L25-K25 -> -114.53808 | O25: 0 | P25: =O25-N25 -> 0 | R25: 0 | S25: =R25-Q25 -> 0 | U25: 12.899328 | V25: =U25-T25 -> 12.899328 | W25: =T25+Q25+N25+K25+H25 -> 484.03767 | X25: =U25+R25+O25+L25+I25 -> 417.74417 | Y25: =X25-W25 -> -66.2935 | Z25: =IFERROR(W25/E25,0) -> 4.5492262 | AA25: =IFERROR(X25/F25,0) -> 5.2210762
A26: =A25+1 -> 22 | B26: NTPC(SR) Simhadri Stage-II | C26: 1000 | D26: 0.3622 | E26: 50.53 | F26: 30.985293 | G26: =F26-E26 -> -19.544707 | H26: 63.708333 | I26: 96.471156 | J26: =I26-H26 -> 32.762822 | K26: 183.9292 | L26: 102.69503 | M26: =L26-K26 -> -81.234174 | O26: 0 | P26: =O26-N26 -> 0 | R26: 0 | S26: =R26-Q26 -> 0 | U26: 0 | V26: =U26-T26 -> 0 | W26: =T26+Q26+N26+K26+H26 -> 247.63753 | X26: =U26+R26+O26+L26+I26 -> 199.16618 | Y26: =X26-W26 -> -48.471351 | Z26: =IFERROR(W26/E26,0) -> 4.9008022 | AA26: =IFERROR(X26/F26,0) -> 6.427765
A27: =A26+1 -> 23 | B27: NTPC(SR) Talcher Stage-II | C27: 2000 | D27: 0.3622 | E27: 38.3 | F27: 36.62173 | G27: =F27-E27 -> -1.6782699 | H27: 32.758333 | I27: 32.436872 | J27: =I27-H27 -> -0.3214618 | K27: 67.025 | L27: 64.417623 | M27: =L27-K27 -> -2.607377 | O27: 0 | P27: =O27-N27 -> 0 | R27: 0 | S27: =R27-Q27 -> 0 | U27: 0 | V27: =U27-T27 -> 0 | W27: =T27+Q27+N27+K27+H27 -> 99.783333 | X27: =U27+R27+O27+L27+I27 -> 96.854495 | Y27: =X27-W27 -> -2.9288388 | Z27: =IFERROR(W27/E27,0) -> 2.605309 | AA27: =IFERROR(X27/F27,0) -> 2.6447274
A28: =A27+1 -> 24 | B28: NTPC(SR) Ramagundam III | C28: 500 | D28: 0.3622 | E28: 12.81 | F28: 10.541364 | G28: =F28-E28 -> -2.2686362 | H28: 13.566667 | I28: 21.268557 | J28: =I28-H28 -> 7.7018901 | K28: 51.1119 | L28: 36.726112 | M28: =L28-K28 -> -14.385788 | O28: 0 | P28: =O28-N28 -> 0 | R28: 0 | S28: =R28-Q28 -> 0 | U28: 0 | V28: =U28-T28 -> 0 | W28: =T28+Q28+N28+K28+H28 -> 64.678567 | X28: =U28+R28+O28+L28+I28 -> 57.994669 | Y28: =X28-W28 -> -6.6838981 | Z28: =IFERROR(W28/E28,0) -> 5.0490684 | AA28: =IFERROR(X28/F28,0) -> 5.5016286
A29: =A28+1 -> 25 | B29: NTPC Kudgi Stage-I | C29: 2400 | D29: 0.3622 | E29: 0 | F29: 13.581447 | G29: =F29-E29 -> 13.581447 | H29: 0 | I29: 79.91165 | J29: =I29-H29 -> 79.91165 | K29: 0 | L29: 62.393168 | M29: =L29-K29 -> 62.393168 | O29: 0 | P29: =O29-N29 -> 0 | R29: 0 | S29: =R29-Q29 -> 0 | U29: 0 | V29: =U29-T29 -> 0 | W29: =T29+Q29+N29+K29+H29 -> 0 | X29: =U29+R29+O29+L29+I29 -> 142.30482 | Y29: =X29-W29 -> 142.30482 | Z29: =IFERROR(W29/E29,0) -> 0 | AA29: =IFERROR(X29/F29,0) -> 10.477883
A30: 26 | B30: NTPC Telangana STPS - I | D30: 0.3622 | E30: 0 | F30: 0.33294918 | G30: =F30-E30 -> 0.33294918 | H30: 0 | I30: 1.2126579 | J30: =I30-H30 -> 1.2126579 | K30: 0 | L30: 1.1087209 | M30: =L30-K30 -> 1.1087209 | O30: 0 | P30: =O30-N30 -> 0 | R30: 0 | S30: =R30-Q30 -> 0 | U30: 0 | V30: =U30-T30 -> 0 | W30: =T30+Q30+N30+K30+H30 -> 0 | X30: =U30+R30+O30+L30+I30 -> 2.3213788 | Y30: =X30-W30 -> 2.3213788 | Z30: =IFERROR(W30/E30,0) -> 0 | AA30: =IFERROR(X30/F30,0) -> 6.9721716
A31: 27 | B31: NTECL Valluru | C31: 1500 | D31: 0.3622 | E31: 0 | F31: 8.8430666 | G31: =F31-E31 -> 8.8430666 | H31: 0 | I31: 46.069801 | J31: =I31-H31 -> 46.069801 | K31: 0 | L31: 31.264674 | M31: =L31-K31 -> 31.264674 | O31: 0 | P31: =O31-N31 -> 0 | R31: 0 | S31: =R31-Q31 -> 0 | U31: 0.84642541 | V31: =U31-T31 -> 0.84642541 | W31: =T31+Q31+N31+K31+H31 -> 0 | X31: =U31+R31+O31+L31+I31 -> 78.180901 | Y31: =X31-W31 -> 78.180901 | Z31: =IFERROR(W31/E31,0) -> 0 | AA31: =IFERROR(X31/F31,0) -> 8.8409264
A32: =A31+1 -> 28 | B32: NLC Stage-I | C32: 630 | D32: 0.3622 | E32: 10.21 | F32: 3.2195167 | G32: =F32-E32 -> -6.9904833 | H32: 8.5416667 | I32: 4.9687321 | J32: =I32-H32 -> -3.5729346 | K32: 33.0804 | L32: 10.402522 | M32: =L32-K32 -> -22.677878 | O32: 0 | P32: =O32-N32 -> 0 | R32: 0 | S32: =R32-Q32 -> 0 | U32: 0.32501627 | V32: =U32-T32 -> 0.32501627 | W32: =T32+Q32+N32+K32+H32 -> 41.622067 | X32: =U32+R32+O32+L32+I32 -> 15.69627 | Y32: =X32-W32 -> -25.925797 | Z32: =IFERROR(W32/E32,0) -> 4.0765981 | AA32: =IFERROR(X32/F32,0) -> 4.8753498
A33: =A32+1 -> 29 | B33: NLC Stage-II | C33: 840 | D33: 0.3622 | E33: 18.75 | F33: 7.4498367 | G33: =F33-E33 -> -11.300163 | H33: 16.225 | I33: 11.254512 | J33: =I33-H33 -> -4.970488 | K33: 60.75 | L33: 24.079336 | M33: =L33-K33 -> -36.670664 | O33: 0 | P33: =O33-N33 -> 0 | R33: 0 | S33: =R33-Q33 -> 0 | U33: 0 | V33: =U33-T33 -> 0 | W33: =T33+Q33+N33+K33+H33 -> 76.975 | X33: =U33+R33+O33+L33+I33 -> 35.333848 | Y33: =X33-W33 -> -41.641152 | Z33: =IFERROR(W33/E33,0) -> 4.1053333 | AA33: =IFERROR(X33/F33,0) -> 4.7429024
A34: =A33+1 -> 30 | B34: NPC(MAPS) | C34: 440 | D34: 0.3622 | E34: 2.59 | F34: 2.1725005 | G34: =F34-E34 -> -0.41749953 | H34: 0 | I34: 0 | J34: =I34-H34 -> 0 | K34: 6.6304 | L34: 5.6558551 | M34: =L34-K34 -> -0.97454488 | O34: 0 | P34: =O34-N34 -> 0 | R34: 0 | S34: =R34-Q34 -> 0 | U34: 0.043742718 | V34: =U34-T34 -> 0.043742718 | W34: =T34+Q34+N34+K34+H34 -> 6.6304 | X34: =U34+R34+O34+L34+I34 -> 5.6995978 | Y34: =X34-W34 -> -0.93080216 | Z34: =IFERROR(W34/E34,0) -> 2.56 | AA34: =IFERROR(X34/F34,0) -> 2.6235197
A35: =A34+1 -> 31 | B35: NPC(KAIGA unit I,II,III,IV) | C35: 880 | D35: 0.3622 | E35: 18.84 | F35: 24.235685 | G35: =F35-E35 -> 5.3956853 | H35: 0 | I35: 0 | J35: =I35-H35 -> 0 | K35: 66.5052 | L35: 84.199375 | M35: =L35-K35 -> 17.694175 | O35: 0 | P35: =O35-N35 -> 0 | R35: 0 | S35: =R35-Q35 -> 0 | U35: 0 | V35: =U35-T35 -> 0 | W35: =T35+Q35+N35+K35+H35 -> 66.5052 | X35: =U35+R35+O35+L35+I35 -> 84.199375 | Y35: =X35-W35 -> 17.694175 | Z35: =IFERROR(W35/E35,0) -> 3.53 | AA35: =IFERROR(X35/F35,0) -> 3.47419
A36: =A35+1 -> 32 | B36: NTPL(NLC TamilNadu) | C36: 1000 | D36: 0.3622 | E36: 0 | F36: 13.687163 | G36: =F36-E36 -> 13.687163 | H36: 0 | I36: 70.517849 | J36: =I36-H36 -> 70.517849 | K36: 0 | L36: 59.239866 | M36: =L36-K36 -> 59.239866 | O36: 0 | P36: =O36-N36 -> 0 | R36: 0 | S36: =R36-Q36 -> 0 | U36: 0.017205246 | V36: =U36-T36 -> 0.017205246 | W36: =T36+Q36+N36+K36+H36 -> 0 | X36: =U36+R36+O36+L36+I36 -> 129.77492 | Y36: =X36-W36 -> 129.77492 | Z36: =IFERROR(W36/E36,0) -> 0 | AA36: =IFERROR(X36/F36,0) -> 9.4815062
A37: =A36+1 -> 33 | B37: NLC NNTPS | C37: 1000 | D37: 0.3622 | E37: 0 | F37: 6.5065368 | G37: =F37-E37 -> 6.5065368 | H37: 0 | I37: 15.776187 | J37: =I37-H37 -> 15.776187 | K37: 0 | L37: 18.099037 | M37: =L37-K37 -> 18.099037 | O37: 0 | P37: =O37-N37 -> 0 | R37: 0 | S37: =R37-Q37 -> 0 | U37: 0 | V37: =U37-T37 -> 0 | W37: =T37+Q37+N37+K37+H37 -> 0 | X37: =U37+R37+O37+L37+I37 -> 33.875224 | Y37: =X37-W37 -> 33.875224 | Z37: =IFERROR(W37/E37,0) -> 0 | AA37: =IFERROR(X37/F37,0) -> 5.2063371
A38: =A37+1 -> 34 | B38: KKNPP Unit-I | C38: 1000 | D38: 0.3622 | E38: 0 | F38: 0 | G38: =F38-E38 -> 0 | H38: 0 | I38: 0 | J38: =I38-H38 -> 0 | K38: 0 | L38: 0 | M38: =L38-K38 -> 0 | O38: 0 | P38: =O38-N38 -> 0 | R38: 0 | S38: =R38-Q38 -> 0 | U38: 0 | V38: =U38-T38 -> 0 | W38: =T38+Q38+N38+K38+H38 -> 0 | X38: =U38+R38+O38+L38+I38 -> 0 | Y38: =X38-W38 -> 0 | Z38: =IFERROR(W38/E38,0) -> 0 | AA38: =IFERROR(X38/F38,0) -> 0
A39: =A38+1 -> 35 | B39: NLC TPS- I Expn. | C39: 630 | D39: 0.3622 | E39: 0 | F39: 0.55318646 | G39: =F39-E39 -> 0.55318646 | H39: 0 | I39: 0.7438408 | J39: =I39-H39 -> 0.7438408 | K39: 0 | L39: 1.6492129 | M39: =L39-K39 -> 1.6492129 | O39: 0 | P39: =O39-N39 -> 0 | R39: 0 | S39: =R39-Q39 -> 0 | U39: 0 | V39: =U39-T39 -> 0 | W39: =T39+Q39+N39+K39+H39 -> 0 | X39: =U39+R39+O39+L39+I39 -> 2.3930537 | Y39: =X39-W39 -> 2.3930537 | Z39: =IFERROR(W39/E39,0) -> 0 | AA39: =IFERROR(X39/F39,0) -> 4.3259441
A40: =A39+1 -> 36 | B40: NLC TPS- II Expn. | C40: 840 | D40: 0.3622 | E40: 0 | F40: 0.4779413 | G40: =F40-E40 -> 0.4779413 | H40: 0 | I40: 1.4850542 | J40: =I40-H40 -> 1.4850542 | K40: 0 | L40: 1.6237914 | M40: =L40-K40 -> 1.6237914 | O40: 0 | P40: =O40-N40 -> 0 | R40: 0 | S40: =R40-Q40 -> 0 | U40: 0 | V40: =U40-T40 -> 0 | W40: =T40+Q40+N40+K40+H40 -> 0 | X40: =U40+R40+O40+L40+I40 -> 3.1088456 | Y40: =X40-W40 -> 3.1088456 | Z40: =IFERROR(W40/E40,0) -> 0 | AA40: =IFERROR(X40/F40,0) -> 6.50466
A41: =A40+1 -> 37 | B41: JNNSM Ph-1 Thermal | D41: 0.3622 | E41: 5.34 | F41: 7.1282721 | G41: =F41-E41 -> 1.7882721 | H41: 9.7916667 | I41: 5.8604846 | J41: =I41-H41 -> -3.9311821 | K41: 22.5348 | L41: 20.342587 | M41: =L41-K41 -> -2.1922135 | O41: 0 | P41: =O41-N41 -> 0 | R41: 0 | S41: =R41-Q41 -> 0 | U41: 0 | V41: =U41-T41 -> 0 | W41: =T41+Q41+N41+K41+H41 -> 32.326467 | X41: =U41+R41+O41+L41+I41 -> 26.203071 | Y41: =X41-W41 -> -6.1233956 | Z41: =IFERROR(W41/E41,0) -> 6.0536454 | AA41: =IFERROR(X41/F41,0) -> 3.6759359
A42: =A41+1 -> 38 | B42: NTPC Aravali | D42: 0.3622 | E42: 0 | F42: 0 | G42: =F42-E42 -> 0 | H42: 0 | I42: 0 | J42: =I42-H42 -> 0 | K42: 0 | L42: 0 | M42: =L42-K42 -> 0 | O42: 0 | P42: =O42-N42 -> 0 | R42: 0 | S42: =R42-Q42 -> 0 | U42: 0 | V42: =U42-T42 -> 0 | W42: =T42+Q42+N42+K42+H42 -> 0 | X42: =U42+R42+O42+L42+I42 -> 0 | Y42: =X42-W42 -> 0 | Z42: =IFERROR(W42/E42,0) -> 0 | AA42: =IFERROR(X42/F42,0) -> 0
A43: =A42+1 -> 39 | B43: NTPC-DADRI | E43: 0 | F43: 0 | G43: =F43-E43 -> 0 | H43: 0 | I43: 0 | J43: =I43-H43 -> 0 | K43: 0 | L43: 0 | M43: =L43-K43 -> 0 | O43: 0 | P43: =O43-N43 -> 0 | R43: 0 | S43: =R43-Q43 -> 0 | U43: 0 | V43: =U43-T43 -> 0 | W43: =T43+Q43+N43+K43+H43 -> 0 | X43: =U43+R43+O43+L43+I43 -> 0 | Y43: =X43-W43 -> 0 | Z43: =IFERROR(W43/E43,0) -> 0 | AA43: =IFERROR(X43/F43,0) -> 0
A44: =A43+1 -> 40 | B44: SCED | E44: 0 | F44: 0 | G44: =F44-E44 -> 0 | H44: 0 | I44: 0 | J44: =I44-H44 -> 0 | K44: 0 | L44: 11.938574 | M44: =L44-K44 -> 11.938574 | O44: 0 | P44: =O44-N44 -> 0 | R44: 0 | S44: =R44-Q44 -> 0 | U44: 0 | V44: =U44-T44 -> 0 | W44: =T44+Q44+N44+K44+H44 -> 0 | X44: =U44+R44+O44+L44+I44 -> 11.938574 | Y44: =X44-W44 -> 11.938574 | Z44: =IFERROR(W44/E44,0) -> 0 | AA44: =IFERROR(X44/F44,0) -> 0
A45: 41 | B45: CGS TOTAL | C45: =SUM(C24:C41) -> 17760 | D45: 0.3622 | E45: =SUM(E24:E44) -> 314.46 | F45: =SUM(F24:F44) -> 279.22303 | G45: =SUM(G24:G44) -> -35.236968 | H45: =SUM(H24:H44) -> 290.03333 | I45: =SUM(I24:I44) -> 582.30025 | J45: =SUM(J24:J44) -> 292.26692 | K45: =SUM(K24:K44) -> 1081.116 | L45: =SUM(L24:L44) -> 925.33402 | ... Y45: =SUM(Y24:Y44) -> 150.61665 | Z45: =IFERROR(W45/E45,0) -> 4.3603299 | AA45: =IFERROR(X45/F45,0) -> 5.4500017
A46: =A45+1 -> 42 | B46: NCE- Others | C46: 152.66 | D46: 0.3622 | E46: 9.74 | F46: 10.915532 | G46: =F46-E46 -> 1.1755322 | H46: 3.1416667 | I46: 0 | J46: =I46-H46 -> -3.1416667 | K46: 55.7128 | L46: 60.738139 | M46: =L46-K46 -> 5.0253388 | O46: 0 | P46: =O46-N46 -> 0 | R46: 0 | S46: =R46-Q46 -> 0 | U46: 0 | V46: =U46-T46 -> 0 | W46: =T46+Q46+N46+K46+H46 -> 58.854467 | X46: =U46+R46+O46+L46+I46 -> 60.738139 | Y46: =X46-W46 -> 1.8836722 | Z46: =IFERROR(W46/E46,0) -> 6.042553 | AA46: =IFERROR(X46/F46,0) -> 5.5643772
A47: =A46+1 -> 43 | B47: NCE Solar | C47: 3755.626 | D47: 0.3622 | E47: 212.48 | F47: 212.57586 | G47: =F47-E47 -> 0.095863028 | H47: 0 | I47: 0 | J47: =I47-H47 -> 0 | K47: 911.5392 | L47: 914.72265 | M47: =L47-K47 -> 3.1834458 | O47: 0 | P47: =O47-N47 -> 0 | R47: 0 | S47: =R47-Q47 -> 0 | U47: 5.0853874 | V47: =U47-T47 -> 5.0853874 | W47: =T47+Q47+N47+K47+H47 -> 911.5392 | X47: =U47+R47+O47+L47+I47 -> 919.80803 | Y47: =X47-W47 -> 8.2688332 | Z47: =IFERROR(W47/E47,0) -> 4.29 | AA47: =IFERROR(X47/F47,0) -> 4.3269637
A48: =A47+1 -> 44 | B48: NCE WIND | C48: 3688 | D48: 0.3622 | E48: 413.26 | F48: 395.97445 | G48: =F48-E48 -> -17.285546 | H48: 0 | I48: 0 | J48: =I48-H48 -> 0 | K48: 1909.2612 | L48: 1849.317 | M48: =L48-K48 -> -59.944241 | O48: 0 | P48: =O48-N48 -> 0 | R48: 0 | S48: =R48-Q48 -> 0 | U48: 0 | V48: =U48-T48 -> 0 | W48: =T48+Q48+N48+K48+H48 -> 1909.2612 | X48: =U48+R48+O48+L48+I48 -> 1849.317 | Y48: =X48-W48 -> -59.944241 | Z48: =IFERROR(W48/E48,0) -> 4.62 | AA48: =IFERROR(X48/F48,0) -> 4.6702936
A49: =A48+1 -> 45 | B49: NCE TOTAL | C49: =SUM(C46:C48) -> 7596.286 | D49: 0.3622 | E49: =SUM(E46:E48) -> 635.48 | F49: =SUM(F46:F48) -> 619.46585 | G49: =SUM(G46:G48) -> -16.014151 | H49: =SUM(H46:H48) -> 3.1416667 | I49: =SUM(I46:I48) -> 0 | J49: =SUM(J46:J48) -> -3.1416667 | K49: =SUM(K46:K48) -> 2876.5132 | L49: =SUM(L46:L48) -> 2824.7777 | ... Y49: =SUM(Y46:Y48) -> -49.791735 | Z49: =IFERROR(W49/E49,0) -> 4.5314642 | AA49: =IFERROR(X49/F49,0) -> 4.5682311
A50: 46 | B50: SECI (APRAPSCOM) | E50: 80 | F50: 0 | G50: =F50-E50 -> -80 | H50: 0 | I50: 0 | J50: =I50-H50 -> 0 | K50: 199.2 | L50: 0 | M50: =L50-K50 -> -199.2 | O50: 0 | P50: =O50-N50 -> 0 | R50: 0 | S50: =R50-Q50 -> 0 | U50: 0 | V50: =U50-T50 -> 0 | W50: =T50+Q50+N50+K50+H50 -> 199.2 | X50: =U50+R50+O50+L50+I50 -> 0 | Y50: =X50-W50 -> -199.2 | Z50: =IFERROR(W50/E50,0) -> 2.49 | AA50: =IFERROR(X50/F50,0) -> 0
A51: 47 | B51: NCE Solar | E51: =SUM(E50) -> 80 | F51: =SUM(F50) -> 0 | G51: =SUM(G50) -> -80 | H51: =SUM(H50) -> 0 | I51: =SUM(I50) -> 0 | J51: =SUM(J50) -> 0 | K51: =SUM(K50) -> 199.2 | L51: =SUM(L50) -> 0 | ... AA51: =SUM(AA50) -> 0
A52: 48 | B52: APPDCL Stage-I | C52: 1600 | D52: 0.3622 | E52: 246.48 | F52: 211.95925 | G52: =F52-E52 -> -34.520748 | H52: 361.01667 | I52: 329.17357 | J52: =I52-H52 -> -31.8431 | K52: 936.624 | L52: 773.65127 | M52: =L52-K52 -> -162.97273 | O52: 0 | P52: =O52-N52 -> 0 | R52: 0 | S52: =R52-Q52 -> 0 | U52: 0 | V52: =U52-T52 -> 0 | W52: =T52+Q52+N52+K52+H52 -> 1297.6407 | X52: =U52+R52+O52+L52+I52 -> 1102.8248 | Y52: =X52-W52 -> -194.81583 | Z52: =IFERROR(W52/E52,0) -> 5.2646895 | AA52: =IFERROR(X52/F52,0) -> 5.203004
A53: =A52+1 -> 49 | B53: APPDCL Stage-II | C53: 800 | D53: 0.3622 | E53: 163.49 | F53: 147.66118 | G53: =F53-E53 -> -15.828815 | H53: 365.55 | I53: 404.09004 | J53: =I53-H53 -> 38.540037 | K53: 523.168 | L53: 457.74967 | M53: =L53-K53 -> -65.418328 | O53: 0 | P53: =O53-N53 -> 0 | R53: 0 | S53: =R53-Q53 -> 0 | U53: 0 | V53: =U53-T53 -> 0 | W53: =T53+Q53+N53+K53+H53 -> 888.718 | X53: =U53+R53+O53+L53+I53 -> 861.83971 | Y53: =X53-W53 -> -26.878291 | Z53: =IFERROR(W53/E53,0) -> 5.4359166 | AA53: =IFERROR(X53/F53,0) -> 5.836603
A54: =A53+1 -> 50 | B54: Godavari Gas Power Plant | C54: 216 | D54: 0.3622 | E54: 0 | F54: 0 | G54: =F54-E54 -> 0 | H54: 4.5583333 | I54: 9.6758928 | J54: =I54-H54 -> 5.1175594 | K54: 0 | L54: 0 | M54: =L54-K54 -> 0 | O54: 0 | P54: =O54-N54 -> 0 | R54: 0 | S54: =R54-Q54 -> 0 | U54: 0 | V54: =U54-T54 -> 0 | W54: =T54+Q54+N54+K54+H54 -> 4.5583333 | X54: =U54+R54+O54+L54+I54 -> 9.6758928 | Y54: =X54-W54 -> 5.1175594 | Z54: =IFERROR(W54/E54,0) -> 0 | AA54: =IFERROR(X54/F54,0) -> 0
A55: 51 | B55: TS NPDCL (TSPCC) | D55: 0.3622 | E55: 0 | F55: 0.66647036 | G55: =F55-E55 -> 0.66647036 | H55: 0 | I55: 0 | J55: =I55-H55 -> 0 | K55: 0 | L55: 5.1851396 | M55: =L55-K55 -> 5.1851396 | O55: 0 | P55: =O55-N55 -> 0 | R55: 0 | S55: =R55-Q55 -> 0 | U55: 0 | V55: =U55-T55 -> 0 | W55: =T55+Q55+N55+K55+H55 -> 0 | X55: =U55+R55+O55+L55+I55 -> 5.1851396 | Y55: =X55-W55 -> 5.1851396 | Z55: =IFERROR(W55/E55,0) -> 0 | AA55: =IFERROR(X55/F55,0) -> 7.7800003
A56: 52 | B56: JOINT SECTOR TOTAL | C56: =SUM(C52:C54) -> 2616 | D56: 0.3622 | E56: =SUM(E52:E55) -> 409.97 | F56: =SUM(F52:F55) -> 360.28691 | G56: =SUM(G52:G55) -> -49.683093 | H56: =SUM(H52:H55) -> 731.125 | I56: =SUM(I52:I55) -> 742.9395 | J56: =SUM(J52:J55) -> 11.814496 | K56: =SUM(K52:K55) -> 1459.792 | L56: =SUM(L52:L55) -> 1236.5861 | ... Y56: =SUM(Y52:Y55) -> -211.39142 | Z56: =IFERROR(W56/E56,0) -> 5.344091 | AA56: =IFERROR(X56/F56,0) -> 5.4943034
A57: 53 | B57: SEIL P1 (230MW) | C57: 230.55 | D57: 0.3622 | E57: 56.57 | F57: 51.974092 | G57: =F57-E57 -> -4.5959077 | H57: 81.216667 | I57: 82.296204 | J57: =I57-H57 -> 1.0795375 | K57: 144.8192 | L57: 147.86007 | M57: =L57-K57 -> 3.0408682 | O57: 0 | P57: =O57-N57 -> 0 | R57: 0 | S57: =R57-Q57 -> 0 | U57: 3.5886903 | V57: =U57-T57 -> 3.5886903 | W57: =T57+Q57+N57+K57+H57 -> 226.03587 | X57: =U57+R57+O57+L57+I57 -> 233.74496 | Y57: =X57-W57 -> 7.709096 | Z57: =IFERROR(W57/E57,0) -> 3.9956844 | AA57: =IFERROR(X57/F57,0) -> 4.4973361
A58: 54 | B58: SEIL P2 (500MW Firm) | C58: 500 | D58: 0.3622 | E58: 116.52 | F58: 128.48818 | G58: =F58-E58 -> 11.968182 | H58: 199.2 | I58: 216.79365 | J58: =I58-H58 -> 17.593649 | K58: 290.1348 | L58: 296.8077 | M58: =L58-K58 -> 6.6729012 | O58: 0 | P58: =O58-N58 -> 0 | R58: 0 | S58: =R58-Q58 -> 0 | U58: 0.030152274 | V58: =U58-T58 -> 0.030152274 | W58: =T58+Q58+N58+K58+H58 -> 489.3348 | X58: =U58+R58+O58+L58+I58 -> 513.6315 | Y58: =X58-W58 -> 24.296703 | Z58: =IFERROR(W58/E58,0) -> 4.1995778 | AA58: =IFERROR(X58/F58,0) -> 3.9975
A59: 55 | B59: SEMBCORP PROJECT-1 (625MW) | C59: 625 | D59: 0.3622 | E59: 145.65 | F59: 79.996806 | G59: =F59-E59 -> -65.653194 | H59: 236.575 | I59: 150.56702 | J59: =I59-H59 -> -86.007983 | K59: 372.864 | L59: 190.3924 | M59: =L59-K59 -> -182.4716 | O59: 0 | P59: =O59-N59 -> 0 | R59: 0 | S59: =R59-Q59 -> 0 | U59: 0 | V59: =U59-T59 -> 0 | W59: =T59+Q59+N59+K59+H59 -> 609.439 | X59: =U59+R59+O59+L59+I59 -> 340.95941 | Y59: =X59-W59 -> -268.47959 | Z59: =IFERROR(W59/E59,0) -> 4.1842705 | AA59: =IFERROR(X59/F59,0) -> 4.2621629
A60: 56 | B60: SEMBCORP PROJECT-2 (125MW) | C60: 125 | D60: 0.3622 | E60: 0 | F60: 24.11919 | G60: =F60-E60 -> 24.11919 | H60: 0 | I60: 53.181056 | J60: =I60-H60 -> 53.181056 | K60: 0 | L60: 55.71533 | M60: =L60-K60 -> 55.71533 | O60: 0 | P60: =O60-N60 -> 0 | R60: 0 | S60: =R60-Q60 -> 0 | U60: 0 | V60: =U60-T60 -> 0 | W60: =T60+Q60+N60+K60+H60 -> 0 | X60: =U60+R60+O60+L60+I60 -> 108.89639 | Y60: =X60-W60 -> 108.89639 | Z60: =IFERROR(W60/E60,0) -> 0 | AA60: =IFERROR(X60/F60,0) -> 4.5149271
A61: 57 | B61: HNPCL | C61: 1040 | D61: 0.3622 | E61: 165.37 | F61: 202.76677 | G61: =F61-E61 -> 37.396766 | H61: 256.86667 | I61: 333.66988 | J61: =I61-H61 -> 76.803217 | K61: 575.4876 | L61: 706.64218 | M61: =L61-K61 -> 131.15458 | O61: 0 | P61: =O61-N61 -> 0 | R61: 0 | S61: =R61-Q61 -> 0 | U61: 0 | V61: =U61-T61 -> 0 | W61: =T61+Q61+N61+K61+H61 -> 832.35427 | X61: =U61+R61+O61+L61+I61 -> 1040.3121 | Y61: =X61-W61 -> 207.9578 | Z61: =IFERROR(W61/E61,0) -> 5.0332846 | AA61: =IFERROR(X61/F61,0) -> 5.1305847
A62: 58 | B62: IPPs TOTAL | C62: =SUM(C57:C61) -> 2520.55 | D62: 0.3622 | E62: =SUM(E57:E61) -> 484.11 | F62: =SUM(F57:F61) -> 487.34504 | G62: =SUM(G57:G61) -> 3.2350371 | H62: =SUM(H57:H61) -> 773.85833 | I62: =SUM(I57:I61) -> 836.50781 | J62: =SUM(J57:J61) -> 62.649477 | K62: =SUM(K57:K61) -> 1383.3056 | L62: =SUM(L57:L61) -> 1397.4177 | ... Y62: =SUM(Y57:Y61) -> 80.380397 | Z62: =IFERROR(W62/E62,0) -> 4.4559376 | AA62: =IFERROR(X62/F62,0) -> 4.591294
A63: =A62+1 -> 59 | B63: UI CHARGES | E63: 0 | F63: -7.8862278 | G63: =F63-E63 -> -7.8862278 | H63: 0 | I63: 0 | J63: =I63-H63 -> 0 | K63: 0 | L63: 50.314097 | M63: =L63-K63 -> 50.314097 | O63: 0 | P63: =O63-N63 -> 0 | R63: 0 | S63: =R63-Q63 -> 0 | U63: 0 | V63: =U63-T63 -> 0 | W63: =T63+Q63+N63+K63+H63 -> 0 | X63: =U63+R63+O63+L63+I63 -> 50.314097 | Y63: =X63-W63 -> 50.314097 | Z63: =IFERROR(W63/E63,0) -> 0 | AA63: =IFERROR(X63/F63,0) -> -6.3799953
A64: =A63+1 -> 60 | B64: Market Purchases | E64: 50.59 | F64: 98.257094 | G64: =F64-E64 -> 47.667094 | H64: 0 | I64: 0 | J64: =I64-H64 -> 0 | K64: 294.4338 | L64: 558.70775 | M64: =L64-K64 -> 264.27395 | O64: 0 | P64: =O64-N64 -> 0 | R64: 0 | S64: =R64-Q64 -> 0 | U64: 0 | V64: =U64-T64 -> 0 | W64: =T64+Q64+N64+K64+H64 -> 294.4338 | X64: =U64+R64+O64+L64+I64 -> 558.70775 | Y64: =X64-W64 -> 264.27395 | Z64: =IFERROR(W64/E64,0) -> 5.82 | AA64: =IFERROR(X64/F64,0) -> 5.6861823
A65: =A64+1 -> 61 | B65: Short term Sales | E65: 0 | F65: -56.724009 | G65: =F65-E65 -> -56.724009 | H65: 0 | I65: 0 | J65: =I65-H65 -> 0 | K65: 0 | L65: -185.55377 | M65: =L65-K65 -> -185.55377 | P65: =O65-N65 -> 0 | S65: =R65-Q65 -> 0 | V65: =U65-T65 -> 0 | W65: =T65+Q65+N65+K65+H65 -> 0 | X65: =U65+R65+O65+L65+I65 -> -185.55377 | Y65: =X65-W65 -> -185.55377 | Z65: =IFERROR(W65/E65,0) -> 0 | AA65: =IFERROR(X65/F65,0) -> 3.2711681
A66: =A65+1 -> 62 | B66: Purchase from SPDCL | E66: 0 | G66: =F66-E66 -> 0 | H66: 0 | J66: =I66-H66 -> 0 | K66: 0 | M66: =L66-K66 -> 0 | P66: =O66-N66 -> 0 | S66: =R66-Q66 -> 0 | V66: =U66-T66 -> 0 | W66: =T66+Q66+N66+K66+H66 -> 0 | X66: =U66+R66+O66+L66+I66 -> 0 | Y66: =X66-W66 -> 0 | Z66: =IFERROR(W66/E66,0) -> 0 | AA66: =IFERROR(X66/F66,0) -> 0
A67: =A66+1 -> 63 | B67: Purchase from CPDCL | E67: 0 | G67: =F67-E67 -> 0 | H67: 0 | J67: =I67-H67 -> 0 | K67: 0 | M67: =L67-K67 -> 0 | P67: =O67-N67 -> 0 | S67: =R67-Q67 -> 0 | V67: =U67-T67 -> 0 | W67: =T67+Q67+N67+K67+H67 -> 0 | X67: =U67+R67+O67+L67+I67 -> 0 | Y67: =X67-W67 -> 0 | Z67: =IFERROR(W67/E67,0) -> 0 | AA67: =IFERROR(X67/F67,0) -> 0
A68: 64 | B68: Sale to SPDCL | E68: 0 | G68: =F68-E68 -> 0 | H68: 0 | J68: =I68-H68 -> 0 | K68: 0 | M68: =L68-K68 -> 0 | P68: =O68-N68 -> 0 | S68: =R68-Q68 -> 0 | V68: =U68-T68 -> 0 | W68: =T68+Q68+N68+K68+H68 -> 0 | X68: =U68+R68+O68+L68+I68 -> 0 | Y68: =X68-W68 -> 0 | Z68: =IFERROR(W68/E68,0) -> 0 | AA68: =IFERROR(X68/F68,0) -> 0
A69: 65 | B69: Sale to CPDCL | E69: 0 | G69: =F69-E69 -> 0 | H69: 0 | J69: =I69-H69 -> 0 | K69: 0 | M69: =L69-K69 -> 0 | P69: =O69-N69 -> 0 | S69: =R69-Q69 -> 0 | V69: =U69-T69 -> 0 | W69: =T69+Q69+N69+K69+H69 -> 0 | X69: =U69+R69+O69+L69+I69 -> 0 | Y69: =X69-W69 -> 0 | Z69: =IFERROR(W69/E69,0) -> 0 | AA69: =IFERROR(X69/F69,0) -> 0
A70: 66 | B70: Swapping power | E70: 0 | F70: -126.8728 | G70: =F70-E70 -> -126.8728 | H70: 0 | I70: 0 | J70: =I70-H70 -> 0 | K70: 0 | L70: -659.7386 | M70: =L70-K70 -> -659.7386 | P70: =O70-N70 -> 0 | S70: =R70-Q70 -> 0 | V70: =U70-T70 -> 0 | W70: =T70+Q70+N70+K70+H70 -> 0 | X70: =U70+R70+O70+L70+I70 -> -659.7386 | Y70: =X70-W70 -> -659.7386 | Z70: =IFERROR(W70/E70,0) -> 0 | AA70: =IFERROR(X70/F70,0) -> 5.2000003
A71: 67 | B71: TOTAL OTHERS | E71: =SUM(E63:E70) -> 50.59 | F71: =SUM(F63:F70) -> -93.225945 | G71: =SUM(G63:G70) -> -143.81595 | H71: =SUM(H63:H70) -> 0 | I71: =SUM(I63:I70) -> 0 | J71: =SUM(J63:J70) -> 0 | K71: =SUM(K63:K70) -> 294.4338 | L71: =SUM(L63:L70) -> -236.27053 | ... Y71: =SUM(Y63:Y70) -> -530.70433 | Z71: =IFERROR(W71/E71,0) -> 5.82 | AA71: =IFERROR(X71/F71,0) -> 2.534386
A72: 68 | B72: TRANSMISSION COST | E72: 0 | F72: 0 | G72: =F72-E72 -> 0 | H72: 1166.0167 | I72: 1087.3263 | J72: =I72-H72 -> -78.690329 | K72: 0 | L72: 0 | M72: =L72-K72 -> 0 | O72: 0 | P72: =O72-N72 -> 0 | R72: 0 | S72: =R72-Q72 -> 0 | U72: 42.136367 | V72: =U72-T72 -> 42.136367 | W72: =T72+Q72+N72+K72+H72 -> 1166.0167 | X72: =U72+R72+O72+L72+I72 -> 1129.4627 | Y72: =X72-W72 -> -36.553962 | Z72: =IFERROR(W72/E72,0) -> 0 | AA72: =IFERROR(X72/F72,0) -> 0
A73: =A72+1 -> 69 | B73: SLDC COST | E73: 0 | F73: 0 | G73: =F73-E73 -> 0 | H73: 40.241667 | I73: 24.294028 | J73: =I73-H73 -> -15.947639 | K73: 0 | L73: 0 | M73: =L73-K73 -> 0 | O73: 0 | P73: =O73-N73 -> 0 | R73: 0 | S73: =R73-Q73 -> 0 | U73: 0 | V73: =U73-T73 -> 0 | W73: =T73+Q73+N73+K73+H73 -> 40.241667 | X73: =U73+R73+O73+L73+I73 -> 24.294028 | Y73: =X73-W73 -> -15.947639 | Z73: =IFERROR(W73/E73,0) -> 0 | AA73: =IFERROR(X73/F73,0) -> 0
A74: =A73+1 -> 70 | B74: PGCIL | E74: 0 | F74: 0 | G74: =F74-E74 -> 0 | H74: 544.125 | I74: 429.35213 | J74: =I74-H74 -> -114.77287 | K74: 0 | L74: 0 | M74: =L74-K74 -> 0 | O74: 0 | P74: =O74-N74 -> 0 | R74: 0 | S74: =R74-Q74 -> 0 | U74: 6.7952365 | V74: =U74-T74 -> 6.7952365 | W74: =T74+Q74+N74+K74+H74 -> 544.125 | X74: =U74+R74+O74+L74+I74 -> 436.14737 | Y74: =X74-W74 -> -107.97763 | Z74: =IFERROR(W74/E74,0) -> 0 | AA74: =IFERROR(X74/F74,0) -> 0
A75: =A74+1 -> 71 | B75: ULDC COST | E75: 0 | F75: 0 | G75: =F75-E75 -> 0 | H75: 1.6416667 | I75: 2.4946325 | J75: =I75-H75 -> 0.85296582 | K75: 0 | L75: 0 | M75: =L75-K75 -> 0 | O75: 0 | P75: =O75-N75 -> 0 | R75: 0 | S75: =R75-Q75 -> 0 | U75: 0 | V75: =U75-T75 -> 0 | W75: =T75+Q75+N75+K75+H75 -> 1.6416667 | X75: =U75+R75+O75+L75+I75 -> 2.4946325 | Y75: =X75-W75 -> 0.85296582 | Z75: =IFERROR(W75/E75,0) -> 0 | AA75: =IFERROR(X75/F75,0) -> 0
A76: =A75+1 -> 72 | B76: TOTAL TRANSMISSION & ULDC CHARGES | E76: =SUM(E72:E75) -> 0 | F76: =SUM(F72:F75) -> 0 | G76: =SUM(G72:G75) -> 0 | H76: =SUM(H72:H75) -> 1752.025 | I76: =SUM(I72:I75) -> 1543.4671 | J76: =SUM(J72:J75) -> -208.55787 | K76: =SUM(K72:K75) -> 0 | L76: =SUM(L72:L75) -> 0 | ... Y76: =SUM(Y72:Y75) -> -159.62627 | Z76: =IFERROR(W76/E76,0) -> 0 | AA76: =IFERROR(X76/F76,0) -> 0
A77: 73 | B77: TOTAL COST | E77: =E12+E23+E45+E49+E56+E62+E71+E76+E51 -> 2696.96 | F77: =F12+F23+F45+F49+F56+F62+F71+F76+F51 -> 2546.5873 | G77: =G12+G23+G45+G49+G56+G62+G71+G76+G51 -> -150.37273 | H77: =H12+H23+H45+H49+H56+H62+H71+H76+H51 -> 4808.3167 | I77: =I12+I23+I45+I49+I56+I62+I71+I76+I51 -> 4911.9299 | J77: =J12+J23+J45+J49+J56+J62+J71+J76+J51 -> 103.61324 | K77: =K12+K23+K45+K49+K56+K62+K71+K76+K51 -> 9164.3395 | L77: =L12+L23+L45+L49+L56+L62+L71+L76+L51 -> 8717.3534 | ... Y77: =Y12+Y23+Y45+Y49+Y56+Y62+Y71+Y76+Y51 -> -271.60535 | Z77: =IFERROR(W77/E77,0) -> 5.1808911 | AA77: =IFERROR(X77/F77,0) -> 5.3801615
A78: 74 | B78: Past claims/refunds, if any, pertaining to the Month(s) prior to the month for which FPPCA is being filed (Previous FYs) | E78: 0 | F78: 0 | G78: =F78-E78 -> 0 | H78: 0 | I78: 309.71512 | J78: =I78-H78 -> 309.71512 | K78: 0 | L78: 363.67818 | M78: =L78-K78 -> 363.67818 | P78: =O78-N78 -> 0 | S78: =R78-Q78 -> 0 | V78: =U78-T78 -> 0 | W78: =T78+Q78+N78+K78+H78 -> 0 | X78: =U78+R78+O78+L78+I78 -> 673.3933 | Y78: =X78-W78 -> 673.3933 | Z78: =IFERROR(W78/E78,0) -> 0 | AA78: =IFERROR(X78/F78,0) -> 0
A79: 75 | B79: POWER PURCHASE | E79: =SUM(E77:E78) -> 2696.96 | F79: =SUM(F77:F78) -> 2546.5873 | G79: =SUM(G77:G78) -> -150.37273 | H79: =SUM(H77:H78) -> 4808.3167 | I79: =SUM(I77:I78) -> 5221.645 | J79: =SUM(J77:J78) -> 413.32836 | K79: =SUM(K77:K78) -> 9164.3395 | L79: =SUM(L77:L78) -> 9081.0315 | ... Y79: =SUM(Y77:Y78) -> 401.78795 | Z79: =IFERROR(W79/E79,0) -> 5.1808911 | AA79: =IFERROR(X79/F79,0) -> 5.6445912 | AB79: =AA79-Z79 -> 0.46370008
M82: 1 | N82: Actual Weighted average Power Purchase Cost per unit of energy (APPC) | X82: = | Y82: =+X79/F79 -> 5.6445912
M83: 2 | N83: Base Weighted average Power Purchase Cost per unit of energy (BPPC) | X83: = | Y83: =+W79/E79 -> 5.1808911
M84: 3 | N84: Actual loss % for previous year (FY 2024-25) | X84: = | Y84: 0.0891
M85: 4 | N85: Approved T&D Loss for FY 2025-26 | X85: = | Y85: 0.0839
M86: 5 | N86: Loss % considered (lower of above two rows) | X86: = | Y86: =+MIN(Y84,Y85)*100 -> 8.39
M87: 6 | N87: FPPCA (Rs./Unit) = (APPC - BPPC ) / (1-(Loss in %/100)) (Rs./Unit) | X87: = | Y87: =+(Y82-Y83)/(1-(Y86/100)) -> 0.50616753
M88: 7 | N88: Actual loss % for FY 2025-26 | X88: = | Y88: 0.087
M89: 8 | N89: Sales in MU | X89: = | Y89: 2264.7932
M90: 9 | N90: Recovery through FPPCA (Millions) (6*8) | X90: = | Y90: =+Y89*Y87 -> 1146.3648
M91: 10 | N91: Actual Power Purchase Cost variation (Millions) | X91: = | Y91: =+Y79 -> 401.78795
M92: 11 | N92: Actual Power Purchase quantum (MU) | X92: = | Y92: =+F79 -> 2546.5873
M93: 12 | N93: Actual sales grossed up with actual losses (sales / (1-Actual losses) (MU) (8/(1-7) | X93: = | Y93: =+Y89/(1-Y88) -> 2480.6059
M94: 13 | N94: Actual sales grossed up with approved losses (sales / (1-Apporved losses) (MU) (8/(1-4) | X94: = | Y94: =+Y89/(1-Y85) -> 2472.2117
M95: 14 | N95: Power Purchase quantum as per Clause (G) of Regulation (Lower of the above) (MU) | X95: = | Y95: =+MIN(Y93,Y94,Y92) -> 2472.2117
M96: 15 | N96: Power Purchase Cost as per Clause (G) of Regulation (Millions) (14*1) | X96: = | Y96: =+Y95*Y82 -> 13954.625
M97: 16 | N97: Power Purchase Cost variation (Millions) | X97: = | Y97: =+Y96-W79 -> -18.03164
M98: 17 | N98: FPPCA adjusted as per Clause (G) of Regulation (16/8) (Rs./Unit) | X98: = | Y98: =+Y97/Y89 -> -0.007961716
M99: 18 | N99: FPPCA Passed through automatically (Rs./Unit) | X99: = | Y99: 0.4

Sheet 09-25
A1: FPPCA FORMAT for the month of SEPTEMBER, 2025 FY 25-26 (APEPDCL)
A2: S.No. | B2: Generating station/ Stage/Source | C2: Plant capacity (MW) | D2: Discom's share (%) | E2: Energy (MU) | H2: Cost Components (Rs.Millions) | Z2: 10
H3: Fixed (A) | K3: Variable (B) | N3: Incentive (C) | Q3: Income Tax (D) | T3: Others (E) | W3: Total F=(A+B+C+D+E)
E4: TO (a) | F4: Actual (b) | G4: Variance (c)= (b-a) | H4: TO (d) | I4: Actual (e) | J4: Variance (f)= (e-d) | K4: TO (g) | L4: Actual (h) | M4: Variance (i)= (h-g) | N4: TO (j) | O4: Actual (k) | P4: Variance (l)= (k-j) | Q4: TO (m) | R4: Actual (n) | S4: Variance (o)= (n-m) | T4: TO (p) | U4: Actual (q) | V4: Variance (r)= (q-p) | W4: TO (s) | X4: Actual (t) | Y4: Variance (u)= (t-s) | Z4: Avg as per Tariff Order | AA4: Actual
A5: 1 | B5: Dr. NTTPS | C5: 1260 | D5: 0.3622 | E5: 143.15 | F5: 177.135 | G5: =F5-E5 -> 33.984996 | H5: 239.375 | I5: 186.78379 | J5: =I5-H5 -> -52.591208 | K5: 605.5245 | L5: 752.67492 | M5: =L5-K5 -> 147.15042 | O5: 0 | P5: =O5-N5 -> 0 | R5: 0 | S5: =R5-Q5 -> 0 | U5: 0 | V5: =U5-T5 -> 0 | W5: =T5+Q5+N5+K5+H5 -> 844.8995 | X5: =U5+R5+O5+L5+I5 -> 939.45871 | Y5: =X5-W5 -> 94.559212 | Z5: =IFERROR(W5/E5,0) -> 5.902197 | AA5: =IFERROR(X5/F5,0) -> 5.3036313
A6: =A5+1 -> 2 | B6: Dr. NTTPS-IV | C6: 500 | D6: 0.3622 | E6: 27.31 | F6: 75.447701 | G6: =F6-E6 -> 48.137701 | H6: 86.4 | I6: 88.452021 | J6: =I6-H6 -> 2.0520212 | K6: 107.6014 | L6: 301.64819 | M6: =L6-K6 -> 194.04679 | O6: 0 | P6: =O6-N6 -> 0 | R6: 0 | S6: =R6-Q6 -> 0 | U6: 0 | V6: =U6-T6 -> 0 | W6: =T6+Q6+N6+K6+H6 -> 194.0014 | X6: =U6+R6+O6+L6+I6 -> 390.10022 | Y6: =X6-W6 -> 196.09882 | Z6: =IFERROR(W6/E6,0) -> 7.1036763 | AA6: =IFERROR(X6/F6,0) -> 5.1704719
A7: =A6+1 -> 3 | B7: Dr. NTTPS-V | C7: 800 | D7: 0.3622 | E7: 156.01 | F7: 90.87269 | G7: =F7-E7 -> -65.13731 | H7: 324.79167 | I7: 194.45104 | J7: =I7-H7 -> -130.34063 | K7: 521.0734 | L7: 289.73246 | M7: =L7-K7 -> -231.34094 | O7: 0 | P7: =O7-N7 -> 0 | R7: 0 | S7: =R7-Q7 -> 0 | U7: 0 | V7: =U7-T7 -> 0 | W7: =T7+Q7+N7+K7+H7 -> 845.86507 | X7: =U7+R7+O7+L7+I7 -> 484.18349 | Y7: =X7-W7 -> -361.68157 | Z7: =IFERROR(W7/E7,0) -> 5.4218644 | AA7: =IFERROR(X7/F7,0) -> 5.3281519
A8: =A7+1 -> 4 | B8: Dr.M.V.R.RTPP Stage-I | C8: 420 | D8: 0.3622 | E8: 31.75 | F8: 66.325877 | G8: =F8-E8 -> 34.575877 | H8: 79.408333 | I8: 80.923826 | J8: =I8-H8 -> 1.5154924 | K8: 139.7 | L8: 306.11034 | M8: =L8-K8 -> 166.41034 | O8: 0 | P8: =O8-N8 -> 0 | R8: 0 | S8: =R8-Q8 -> 0 | U8: 0 | V8: =U8-T8 -> 0 | W8: =T8+Q8+N8+K8+H8 -> 219.10833 | X8: =U8+R8+O8+L8+I8 -> 387.03417 | Y8: =X8-W8 -> 167.92584 | Z8: =IFERROR(W8/E8,0) -> 6.9010499 | AA8: =IFERROR(X8/F8,0) -> 5.8353419
A9: =A8+1 -> 5 | B9: Dr.M.V.R.RTPP Stage-II | C9: 420 | D9: 0.3622 | E9: 18.02 | F9: 65.184564 | G9: =F9-E9 -> 47.164564 | H9: 87.775 | I9: 85.15285 | J9: =I9-H9 -> -2.62215 | K9: 79.288 | L9: 300.8429 | M9: =L9-K9 -> 221.5549 | O9: 0 | P9: =O9-N9 -> 0 | R9: 0 | S9: =R9-Q9 -> 0 | U9: 0 | V9: =U9-T9 -> 0 | W9: =T9+Q9+N9+K9+H9 -> 167.063 | X9: =U9+R9+O9+L9+I9 -> 385.99575 | Y9: =X9-W9 -> 218.93275 | Z9: =IFERROR(W9/E9,0) -> 9.2709767 | AA9: =IFERROR(X9/F9,0) -> 5.9215822
A10: =A9+1 -> 6 | B10: Dr.M.V.R.RTPP Stage-III | C10: 210 | D10: 0.3622 | E10: 20.48 | F10: 31.83977 | G10: =F10-E10 -> 11.35977 | H10: 47.258333 | I10: 52.586784 | J10: =I10-H10 -> 5.3284508 | K10: 90.112 | L10: 146.94842 | M10: =L10-K10 -> 56.836419 | O10: 0 | P10: =O10-N10 -> 0 | R10: 0 | S10: =R10-Q10 -> 0 | U10: 0 | V10: =U10-T10 -> 0 | W10: =T10+Q10+N10+K10+H10 -> 137.37033 | X10: =U10+R10+O10+L10+I10 -> 199.5352 | Y10: =X10-W10 -> 62.16487 | Z10: =IFERROR(W10/E10,0) -> 6.7075358 | AA10: =IFERROR(X10/F10,0) -> 6.2668545
A11: =A10+1 -> 7 | B11: Dr.M.V.R.RTPP Stage-IV | C11: 600 | D11: 0.3622 | E11: 78.28 | F11: 87.276551 | G11: =F11-E11 -> 8.9965507 | H11: 184.25833 | I11: 197.97681 | J11: =I11-H11 -> 13.718476 | K11: 320.948 | L11: 395.48318 | M11: =L11-K11 -> 74.535181 | O11: 0 | P11: =O11-N11 -> 0 | R11: 0 | S11: =R11-Q11 -> 0 | U11: 0 | V11: =U11-T11 -> 0 | W11: =T11+Q11+N11+K11+H11 -> 505.20633 | X11: =U11+R11+O11+L11+I11 -> 593.45999 | Y11: =X11-W11 -> 88.253657 | Z11: =IFERROR(W11/E11,0) -> 6.4538367 | AA11: =IFERROR(X11/F11,0) -> 6.7997645
A12: =A11+1 -> 8 | B12: GENCO THERMAL TOTAL | C12: =SUM(C5:C11) -> 4210 | D12: 0.3622 | E12: =SUM(E5:E11) -> 475 | F12: =SUM(F5:F11) -> 594.08215 | G12: =SUM(G5:G11) -> 119.08215 | H12: =SUM(H5:H11) -> 1049.2667 | I12: =SUM(I5:I11) -> 886.32712 | J12: =SUM(J5:J11) -> -162.93955 | K12: =SUM(K5:K11) -> 1864.2473 | L12: =SUM(L5:L11) -> 2493.4404 | ... Y12: =SUM(Y5:Y11) -> 466.25357 | Z12: =IFERROR(W12/E12,0) -> 6.1337136 | AA12: =IFERROR(X12/F12,0) -> 5.6890576
A13: =A12+1 -> 9 | B13: Srisailam RCPH | C13: 770 | D13: 0.3622 | E13: 120.81 | F13: 169.41768 | G13: =F13-E13 -> 48.607683 | H13: 70.591667 | I13: 68.839789 | J13: =I13-H13 -> -1.7518775 | K13: 0 | L13: 0 | M13: =L13-K13 -> 0 | O13: 0 | P13: =O13-N13 -> 0 | R13: 0 | S13: =R13-Q13 -> 0 | U13: 0 | V13: =U13-T13 -> 0 | W13: =T13+Q13+N13+K13+H13 -> 70.591667 | X13: =U13+R13+O13+L13+I13 -> 68.839789 | Y13: =X13-W13 -> -1.7518775 | Z13: =IFERROR(W13/E13,0) -> 0.58431973 | AA13: =IFERROR(X13/F13,0) -> 0.40633178
A14: =A13+1 -> 10 | B14: NSRCPH | C14: 90 | D14: 0.3622 | E14: 12.69 | F14: 17.44855 | G14: =F14-E14 -> 4.7585499 | H14: 8.3 | I14: 8.0822508 | J14: =I14-H14 -> -0.21774917 | K14: 0 | L14: 0 | M14: =L14-K14 -> 0 | O14: 0 | P14: =O14-N14 -> 0 | R14: 0 | S14: =R14-Q14 -> 0 | U14: 0 | V14: =U14-T14 -> 0 | W14: =T14+Q14+N14+K14+H14 -> 8.3 | X14: =U14+R14+O14+L14+I14 -> 8.0822508 | Y14: =X14-W14 -> -0.21774917 | Z14: =IFERROR(W14/E14,0) -> 0.65405831 | AA14: =IFERROR(X14/F14,0) -> 0.46320473
A15: =A14+1 -> 11 | B15: NSTPDC PH | C15: 50 | D15: 0.3622 | E15: 8.28 | F15: 5.09673 | G15: =F15-E15 -> -3.18327 | H15: 16.233333 | I15: 15.801006 | J15: =I15-H15 -> -0.4323275 | K15: 0 | L15: 0 | M15: =L15-K15 -> 0 | O15: 0 | P15: =O15-N15 -> 0 | R15: 0 | S15: =R15-Q15 -> 0 | U15: 0 | V15: =U15-T15 -> 0 | W15: =T15+Q15+N15+K15+H15 -> 16.233333 | X15: =U15+R15+O15+L15+I15 -> 15.801006 | Y15: =X15-W15 -> -0.4323275 | Z15: =IFERROR(W15/E15,0) -> 1.9605475 | AA15: =IFERROR(X15/F15,0) -> 3.1002243
A16: =A15+1 -> 12 | B16: Upper Sileru | C16: 725 | D16: 0.3622 | E16: 21.24 | F16: 11.356213 | G16: =F16-E16 -> -9.8837868 | H16: 27.856408 | I16: 27.141138 | J16: =I16-H16 -> -0.71526985 | K16: 0 | L16: 0 | M16: =L16-K16 -> 0 | O16: 0 | P16: =O16-N16 -> 0 | R16: 0 | S16: =R16-Q16 -> 0 | U16: 0 | V16: =U16-T16 -> 0 | W16: =T16+Q16+N16+K16+H16 -> 27.856408 | X16: =U16+R16+O16+L16+I16 -> 27.141138 | Y16: =X16-W16 -> -0.71526985 | Z16: =IFERROR(W16/E16,0) -> 1.311507 | AA16: =IFERROR(X16/F16,0) -> 2.3899814
